 Dungeon Crawl Stone Soup version 0.31-a0-214-gb37851dbb3 (webtiles) character file.

Game seed: 5832063248554843920

7142 qw the Cleaver (level 11, -3/71 HPs)
             Began as a Gargoyle Fighter on July 1, 2023.
             Was a Believer of Okawaru.
             Slain by a freezing wraith (4 damage)
             ... on level 1 of the Abyss.
             The game lasted 00:26:30 (12495 turns).

qw the Cleaver (Gargoyle Fighter)                  Turns: 12495, Time: 00:26:31

Health: -3/71      AC: 29    Str: 24    XL:     11   Next: 10%
Magic:  12/14      EV:  9    Int:  9    God:    Okawaru [**....]
Gold:   92         SH:  8    Dex:  9    Spells: 10/10 levels left

rFire   . . .        Y - +1 war axe (heavy)
rCold   . . .        m - +2 buckler
rNeg    + . .        h - +0 plate armour
rPois   inf          (no helmet)
rElec   +            l - +1 cloak
rCorr   .            (no gloves)
SInv    +            k - +1 pair of boots
Will    .....        (no amulet) Stlth
                     o - ring of see invisible
HPRegen 0.31/turn    b - +4 ring of slaying {mikee}
MPRegen 0.14/turn

%: no passive effects
@: heroic, slowed, very slow
A: sickness immunity, AC +8, negative energy resistance 1, electricity
resistance, torment resistance 1, petrification resistance
a: Renounce Religion, Heroism


You were on level 1 of the Abyss.
You worshipped Okawaru.
Okawaru was pleased with you.
You visited 2 branches of the dungeon, and saw 10 of its levels.
You visited the Abyss 1 time.

You collected 428 gold pieces.
You spent 336 gold pieces at shops.


Innate Abilities, Weirdness & Mutations

You are immune to sickness and miasma.
Your stone body is resilient. (AC +8)
You are immune to poison.
You resist negative energy. (rN+)
You are resistant to electric shocks. (rElec)
You are resistant to unholy torment.
You are immune to petrification.


   Skills:
 - Level 9.0(14.0) Fighting
 + Level 11.2(16.2) Axes
 - Level 1.3(6.3) Throwing
 - Level 8.1(13.1) Armour
 - Level 1.1(6.1) Dodging
 - Level 5.0(10.0) Shields
 - Level 4.0 Invocations


You had 10 spell levels left.
You didn't know any spells.
Your spell library was empty.

Inventory:

Hand Weapons
 c - a +3 flail
 Y - a +1 heavy war axe (weapon)
Missiles
 f - 12 boomerangs (quivered)
Armour
 h - a +0 plate armour (worn)
 k - a +1 pair of boots (worn)
 l - a +1 cloak (worn)
 m - a +2 buckler (worn)
Jewellery
 b - a +4 ring of slaying (right hand) {mikee}
 o - a ring of see invisible (left hand)
 p - a ring of protection from fire
Scrolls
 q - 2 scrolls of identify
Potions
 a - 2 potions of lignification
 d - 4 potions of might
 e - a potion of ambrosia {unknown}
 i - a potion of haste
 j - 4 potions of curing
 r - a potion of cancellation
 t - a potion of attraction

Dungeon Overview and Level Annotations

Branches:
Dungeon (9/15)             Temple (1/1) D:7
   Lair: D:8-11         Orc: D:9-12

Altars:
Ashenzari
Cheibriados
Dithmenos
Elyvilon
Fedhas
Hepliaklqana
Kikubaaqudgha
Makhleb
Nemelex Xobeh
Okawaru
Ru
Sif Muna
Trog
Uskayaw
Vehumet
Wu Jian
Xom
Yredelemnul
Zin
The Shining One

Shops:
D:1 (?   D:8 [

Annotations:
D:9 Erolcha


Message History

The living lightning hits you. You resist.
The raiju blinks!
You see here a raiju corpse.
The raiju bursts into living lightning!
The living lightning hits you but does no damage.
The raiju blinks!
You see here a raiju corpse.
You slice the raiju!!
You kill the raiju!
Okawaru accepts your kill.
You start resting.
Magic restored.
You start resting.
You feel like a meek peon again.
A neqoxec comes into view.
12432 ||| Stepping ~*~*~tactically~*~*~ (stealth).
A death drake comes into view.
12469 ||| Stepping ~*~*~tactically~*~*~ (stealth).
There is a gateway leading deeper into the Abyss here.
12470 ||| Stepping ~*~*~tactically~*~*~ (stealth).
HP restored.
A freezing wraith comes into view.
12488 ||| Stepping ~*~*~tactically~*~*~ (stealth).
You throw a boomerang.
The boomerang hits the freezing wraith but does no damage.
You throw a boomerang.
The boomerang hits the freezing wraith but does no damage.
12492 ||| Stepping ~*~*~tactically~*~*~ (stealth).
The freezing wraith hits you. The freezing wraith freezes you!
The freezing wraith barely misses you.
You slice the freezing wraith!!
The freezing wraith is severely damaged.
The freezing wraith hits you! The freezing wraith freezes you!!
The freezing wraith hits you! The freezing wraith drains your vigour!
You feel yourself slow down.
12495 ||| INVOKING Heroism.
You gain the combat prowess of a mighty hero.
A green death comes into view.
The freezing wraith hits you! The freezing wraith freezes you!
The freezing wraith barely misses you. The freezing wraith hits you.
You die...

. ... . .... ##
##. ###...# ..#..
.#..... #...#
....... ...
....... #W#X.....2
#####@.# ..
#.#...## ...#
.#.#..#. .#
.#######.##......#
...k....
.%.......## ..##
## >#.###..##
#..#. .## ## .# ##
.


You could see a green death (wandering), a large abomination and a freezing
wraith.

Vanquished Creatures
  Harold (D:9)
  Erica (D:8)
  Pikel (D:8)
  Grinder (D:3)
  3 raiju (Abyss:1)
  A wind drake (shapeshifter) (Abyss:1)
  A wyvern (D:7)
  7 yaks (D:9)
  A wraith (D:9)
  2 steam dragons
  A water moccasin (D:7)
  A sky beast (D:6)
  An ice beast (D:5)
  2 orc warriors
  4 black bears
  An ogre (D:6)
  2 lemures (D:8)
  3 kobold brigands
  A gnoll sergeant (D:8)
  2 bullfrogs
  6 scorpions
  4 wights (D:9)
  8 killer bees
  A hound (D:6)
  3 gnoll boudas
  2 jellies
  5 orc priests
  Jessica (D:3)
  2 orc wizards
  2 iguanas
  17 gnolls
  6 adders
  A white imp (D:8)
  A worm (D:2)
  4 dart slugs
  20 orcs
  6 endoplasms
  4 giant cockroaches
  6 goblins
  7 hobgoblins
  10 jackals
  20 kobolds
  A quokka (D:2)
  6 ball pythons
  8 bats
  2 frilled lizards (D:2)
  3 rats
193 creatures vanquished.

Notes
Turn   | Place    | Note
-------+----------+-------------------------------------------
     0 | D:1      | qw the Gargoyle Fighter began the quest for the Orb.
     0 | D:1      | Reached XP level 1. HP: 14/14 MP: 1/1
     0 | D:1      | 0 ||| qw: Version: 0.3-a-32-g5962c71
     0 | D:1      | 0 ||| qw: Game counter: 7546
     0 | D:1      | 0 ||| qw: Melee chars always use a shield: true
     0 | D:1      | 0 ||| qw: God list: Okawaru
     0 | D:1      | 0 ||| qw: Allow faded altars: false
     0 | D:1      | 0 ||| qw: Do Orc after clearing Dungeon:15 true
     0 | D:1      | 0 ||| qw: Do second Lair branch before Depths: true
     0 | D:1      | 0 ||| qw: Lair rune preference: random
     0 | D:1      | 0 ||| qw: Goals: Normal, Zot:1-4, Slime:5, God:TSO, Crypt,
                  | Tomb, Abyss, Pan, Hells, Win
     0 | D:1      | 0 ||| PLANNING D:1-11
    21 | D:1      | Reached skill level 2 in Axes
    80 | D:1      | Reached XP level 2. HP: 17/19 MP: 2/2
   162 | D:1      | Found Meitociv's Magic Scroll Shop.
   168 | D:1      | 168 ||| READING scroll labelled HYTZIMO SUWOL.
   180 | D:1      | 180 ||| SHOPLISTING scroll of identify (26 gold, have 11).
   180 | D:1      | 180 ||| SHOPLISTING scroll of teleportation (39 gold, have
                  | 11).
   271 | D:1      | Found Tapseach's Antique Weapon Shoppe.
   280 | D:1      | 280 ||| SHOPLISTING whip (55 gold, have 18).
   342 | D:1      | 342 ||| DROPPING +0 club.
   395 | D:1      | Reached skill level 3 in Axes
   403 | D:1      | Reached XP level 3. HP: 18/23 MP: 3/3
   476 | D:1      | 476 ||| UPGRADING to +0 pair of boots.
   481 | D:1      | 481 ||| READING scroll labelled IPEADEO GUROCESE.
   482 | D:1      | 482 ||| READING scroll labelled ZIB YJEUTREM.
   483 | D:1      | 483 ||| READING scroll labelled NAGUPU GEEZUMP.
   484 | D:1      | 484 ||| READING scroll labelled IDAN QURPHU.
   485 | D:1      | 485 ||| READING scroll labelled VEBBYIHAID.
   510 | D:2      | Found a faded altar of an unknown god.
   623 | D:2      | 623 ||| Stepping ~*~*~tactically~*~*~ (hiding).
   630 | D:2      | 630 ||| Stepping ~*~*~tactically~*~*~ (hiding).
   631 | D:2      | 631 ||| Stepping ~*~*~tactically~*~*~ (hiding).
   900 | D:2      | 900 ||| Stepping ~*~*~tactically~*~*~ (hiding).
   902 | D:2      | 902 ||| Stepping ~*~*~tactically~*~*~ (stealth).
   930 | D:2      | 930 ||| Stepping ~*~*~tactically~*~*~ (stealth).
   937 | D:2      | Reached XP level 4. HP: 28/28 MP: 4/4
  1018 | D:2      | Reached skill level 4 in Axes
  1204 | D:2      | 1204 ||| UPGRADING to ring of protection from fire.
  1205 | D:2      | 1205 ||| READING scroll labelled VUQ FIRUTYUFU.
  1206 | D:2      | 1206 ||| READING scroll labelled NUFOTR YHEMYI.
  1298 | D:3      | Noticed Grinder
  1298 | D:3      | Noticed Jessica
  1306 | D:3      | Paralysed by Grinder for 4 turns
  1312 | D:3      | Killed Jessica
  1313 | D:3      | HP: 7/28 [Grinder (3)]
  1314 | D:3      | Killed Grinder
  1315 | D:3      | Reached skill level 6 in Axes
  1315 | D:3      | Reached XP level 5. HP: 9/32 MP: 5/5
  1315 | D:3      | Reached XP level 6. HP: 10/37 MP: 6/6
  1474 | D:3      | 1474 ||| Stepping ~*~*~tactically~*~*~ (hiding).
  1477 | D:3      | 1477 ||| Stepping ~*~*~tactically~*~*~ (hiding).
  1498 | D:3      | HP: 5/37 [gnoll/+0 flail (6)]
  1626 | D:3      | 1626 ||| DROPPING +0 whip.
  2065 | D:3      | 2065 ||| UPGRADING to +0 chain mail.
  2075 | D:3      | 2075 ||| DROPPING +0 scale mail.
  2076 | D:3      | 2076 ||| READING 2 scrolls labelled NICKEX DAN BUPS.
  2077 | D:3      | 2077 ||| DROPPING scroll of fear.
  2099 | D:4      | 2099 ||| Stepping ~*~*~tactically~*~*~ (hiding).
  2100 | D:4      | 2100 ||| Stepping ~*~*~tactically~*~*~ (hiding).
  2101 | D:4      | 2101 ||| Stepping ~*~*~tactically~*~*~ (hiding).
  2102 | D:4      | 2102 ||| Stepping ~*~*~tactically~*~*~ (hiding).
  2104 | D:4      | 2104 ||| Stepping ~*~*~tactically~*~*~ (hiding).
  2105 | D:4      | 2105 ||| Stepping ~*~*~tactically~*~*~ (hiding).
  2115 | D:4      | Reached skill level 1 in Dodging
  2269 | D:4      | Noticed a black bear
  2283 | D:4      | Killed a black bear
  2284 | D:4      | Reached XP level 7. HP: 12/43 MP: 7/7
  2515 | D:4      | Found a hide-covered altar of Uskayaw.
  2654 | D:4      | 2654 ||| Stepping ~*~*~tactically~*~*~ (hiding).
  3088 | D:4      | 3088 ||| UPGRADING to +4 ring of slaying {mikee}.
  3089 | D:4      | 3089 ||| READING scroll labelled GUROWA ZOZIA.
  3190 | D:4      | 3190 ||| READING scroll labelled ZIPLURGHACLI.
  3191 | D:4      | 3191 ||| DRINKING 2 orange potions.
  3228 | D:5      | Entered Level 5 of the Dungeon
  3330 | D:5      | 3330 ||| Stepping ~*~*~tactically~*~*~ (hiding).
  3333 | D:5      | Reached skill level 7 in Axes
  3351 | D:5      | HP: 11/44 [gnoll/+0 spear[a gnoll bouda] (3)]
  3533 | D:5      | 3533 ||| Stepping ~*~*~tactically~*~*~ (stealth).
  3573 | D:5      | Reached skill level 1 in Throwing
  3652 | D:5      | Reached XP level 8. HP: 49/49 MP: 8/8
  3672 | D:5      | 3672 ||| Stepping ~*~*~tactically~*~*~ (stealth).
  3682 | D:5      | 3682 ||| Stepping ~*~*~tactically~*~*~ (stealth).
  3957 | D:5      | 3957 ||| Stepping ~*~*~tactically~*~*~ (hiding).
  3965 | D:5      | HP: 12/49 [orc priest/nerve-wracking pain (5)]
  3968 | D:5      | Reached skill level 8 in Axes
  4213 | D:5      | Found an ornate altar of the Wu Jian Council.
  4237 | D:5      | 4237 ||| UPGRADING to ring of see invisible.
  4423 | D:6      | 4423 ||| Stepping ~*~*~tactically~*~*~ (stealth).
  4544 | D:6      | Reached skill level 6 in Fighting
  4938 | D:6      | Reached XP level 9. HP: 48/55 MP: 9/9
  5089 | D:6      | 5089 ||| FLEEEEING.
  5090 | D:6      | 5090 ||| FLEEEEING.
  5091 | D:6      | 5091 ||| FLEEEEING.
  5092 | D:6      | 5092 ||| FLEEEEING.
  5093 | D:6      | 5093 ||| FLEEEEING.
  5094 | D:6      | 5094 ||| FLEEEEING.
  5099 | D:6      | 5099 ||| FLEEEEING.
  5100 | D:6      | 5100 ||| STAIRDANCE
  5120 | D:5      | 5120 ||| READING scroll labelled RIOMNIOCSE.
  5133 | D:6      | Reached skill level 9 in Axes
  5188 | D:6      | 5188 ||| Stepping ~*~*~tactically~*~*~ (stealth).
  5190 | D:6      | 5190 ||| Stepping ~*~*~tactically~*~*~ (hiding).
  5200 | D:6      | 5200 ||| FLEEEEING.
  5201 | D:6      | 5201 ||| FLEEEEING.
  5202 | D:6      | 5202 ||| FLEEEEING.
  5203 | D:6      | 5203 ||| FLEEEEING.
  5204 | D:6      | 5204 ||| FLEEEEING.
  5205 | D:6      | 5205 ||| FLEEEEING.
  5206 | D:6      | 5206 ||| FLEEEEING.
  5207 | D:6      | 5207 ||| FLEEEEING.
  5208 | D:6      | 5208 ||| FLEEEEING.
  5209 | D:6      | 5209 ||| FLEEEEING.
  5210 | D:6      | 5210 ||| FLEEEEING.
  5211 | D:6      | 5211 ||| FLEEEEING.
  5212 | D:6      | 5212 ||| FLEEEEING.
  5231 | D:6      | 5231 ||| Stepping ~*~*~tactically~*~*~ (stealth).
  5252 | D:6      | 5252 ||| Stepping ~*~*~tactically~*~*~ (stealth).
  5333 | D:6      | 5333 ||| Stepping ~*~*~tactically~*~*~ (stealth).
  5447 | D:6      | 5447 ||| UPGRADING to +0 plate armour.
  5457 | D:6      | 5457 ||| DROPPING +0 chain mail.
  5513 | D:7      | 5513 ||| STAIRDANCE
  5651 | D:7      | 5651 ||| Stepping ~*~*~tactically~*~*~ (hiding).
  5822 | D:7      | 5822 ||| Stepping ~*~*~tactically~*~*~ (stealth).
  5864 | D:7      | 5864 ||| Stepping ~*~*~tactically~*~*~ (stealth).
  5866 | D:7      | Found a broken altar of Ashenzari.
  6000 | D:7      | Reached skill level 6 in Armour
  6050 | D:7      | 6050 ||| Stepping ~*~*~tactically~*~*~ (hiding).
  6051 | D:7      | 6051 ||| Stepping ~*~*~tactically~*~*~ (hiding).
  6052 | D:7      | 6052 ||| Stepping ~*~*~tactically~*~*~ (hiding).
  6053 | D:7      | 6053 ||| Stepping ~*~*~tactically~*~*~ (hiding).
  6070 | D:7      | 6070 ||| Stepping ~*~*~tactically~*~*~ (hiding).
  6093 | D:7      | 6093 ||| Stepping ~*~*~tactically~*~*~ (stealth).
  6094 | D:7      | 6094 ||| Stepping ~*~*~tactically~*~*~ (stealth).
  6207 | D:7      | 6207 ||| READING scroll of enchant armour.
  6207 | D:7      | 6207 ||| ENCHANTING +0 pair of boots.
  6210 | D:7      | Found a staircase to the Ecumenical Temple.
  6211 | D:7      | 6211 ||| PLANNING TEMPLE
  6211 | D:7      | 6211 ||| READING scroll labelled DUNYNE IGUT.
  6212 | D:7      | 6212 ||| READING scroll labelled YTWALI ZEAHA.
  6278 | D:7      | 6278 ||| DRINKING 2 bubbling grey potions.
  6279 | D:7      | 6279 ||| READING 4 scrolls of identify.
  6279 | D:7      | 6279 ||| IDENTIFYING smoky orange potion
  6280 | D:7      | 6280 ||| READING 3 scrolls of identify.
  6280 | D:7      | 6280 ||| IDENTIFYING blue potion
  6281 | D:7      | 6281 ||| READING 2 scrolls of identify.
  6281 | D:7      | 6281 ||| IDENTIFYING golden potion
  6282 | D:7      | 6282 ||| DROPPING potion of invisibility.
  6283 | D:7      | 6283 ||| DROPPING potion of berserk rage.
  6284 | D:7      | 6284 ||| Stepping randomly (stuck).
  6285 | D:7      | 6285 ||| Stepping randomly (stuck).
  6286 | D:7      | 6286 ||| Stepping randomly (stuck).
  6287 | D:7      | 6287 ||| Stepping randomly (stuck).
  6288 | D:7      | 6288 ||| Stepping randomly (stuck).
  6289 | D:7      | 6289 ||| Stepping randomly (stuck).
  6290 | D:7      | 6290 ||| Stepping randomly (stuck).
  6291 | D:7      | 6291 ||| Stepping randomly (stuck).
  6292 | D:7      | 6292 ||| Stepping randomly (stuck).
  6293 | D:7      | 6293 ||| Stepping randomly (stuck).
  6294 | D:7      | 6294 ||| Stepping randomly (stuck).
  6295 | D:7      | 6295 ||| Stepping randomly (stuck).
  6296 | D:7      | 6296 ||| Stepping randomly (stuck).
  6297 | D:7      | 6297 ||| Stepping randomly (stuck).
  6298 | D:7      | 6298 ||| Stepping randomly (stuck).
  6299 | D:7      | 6299 ||| Stepping randomly (stuck).
  6300 | D:7      | 6300 ||| Stepping randomly (stuck).
  6301 | D:7      | 6301 ||| Stepping randomly (stuck).
  6302 | D:7      | 6302 ||| Stepping randomly (stuck).
  6303 | D:7      | 6303 ||| Stepping randomly (stuck).
  6304 | D:7      | 6304 ||| Stepping randomly (stuck).
  6305 | D:7      | 6305 ||| Stepping randomly (stuck).
  6306 | D:7      | 6306 ||| Stepping randomly (stuck).
  6307 | D:7      | 6307 ||| Stepping randomly (stuck).
  6308 | D:7      | 6308 ||| Stepping randomly (stuck).
  6309 | D:7      | 6309 ||| Stepping randomly (stuck).
  6310 | D:7      | 6310 ||| Stepping randomly (stuck).
  6311 | D:7      | 6311 ||| Stepping randomly (stuck).
  6312 | D:7      | 6312 ||| Stepping randomly (stuck).
  6313 | D:7      | 6313 ||| Stepping randomly (stuck).
  6314 | D:7      | 6314 ||| Stepping randomly (stuck).
  6315 | D:7      | 6315 ||| Stepping randomly (stuck).
  6316 | D:7      | 6316 ||| Stepping randomly (stuck).
  6317 | D:7      | 6317 ||| Stepping randomly (stuck).
  6318 | D:7      | 6318 ||| Stepping randomly (stuck).
  6319 | D:7      | 6319 ||| Stepping randomly (stuck).
  6320 | D:7      | 6320 ||| Stepping randomly (stuck).
  6321 | D:7      | 6321 ||| Stepping randomly (stuck).
  6322 | D:7      | 6322 ||| Stepping randomly (stuck).
  6323 | D:7      | 6323 ||| Stepping randomly (stuck).
  6324 | D:7      | 6324 ||| Stepping randomly (stuck).
  6325 | D:7      | 6325 ||| Stepping randomly (stuck).
  6326 | D:7      | 6326 ||| Stepping randomly (stuck).
  6327 | D:7      | 6327 ||| Stepping randomly (stuck).
  6328 | D:7      | 6328 ||| Stepping randomly (stuck).
  6329 | D:7      | 6329 ||| Stepping randomly (stuck).
  6330 | D:7      | 6330 ||| Stepping randomly (stuck).
  6331 | D:7      | 6331 ||| Stepping randomly (stuck).
  6332 | D:7      | 6332 ||| Stepping randomly (stuck).
  6333 | D:7      | 6333 ||| Stepping randomly (stuck).
  6334 | D:7      | 6334 ||| Stepping randomly (stuck).
  6335 | D:7      | 6335 ||| Stepping randomly (stuck).
  6336 | D:7      | 6336 ||| Stepping randomly (stuck).
  6337 | D:7      | 6337 ||| Stepping randomly (stuck).
  6338 | D:7      | 6338 ||| Stepping randomly (stuck).
  6339 | D:7      | 6339 ||| Stepping randomly (stuck).
  6340 | D:7      | 6340 ||| Stepping randomly (stuck).
  6341 | D:7      | 6341 ||| Stepping randomly (stuck).
  6342 | D:7      | 6342 ||| Stepping randomly (stuck).
  6343 | D:7      | 6343 ||| Stepping randomly (stuck).
  6344 | D:7      | 6344 ||| Stepping randomly (stuck).
  6345 | D:7      | 6345 ||| Stepping randomly (stuck).
  6346 | D:7      | 6346 ||| Stepping randomly (stuck).
  6347 | D:7      | 6347 ||| Stepping randomly (stuck).
  6348 | D:7      | 6348 ||| Stepping randomly (stuck).
  6349 | D:7      | 6349 ||| Stepping randomly (stuck).
  6350 | D:7      | 6350 ||| Stepping randomly (stuck).
  6351 | D:7      | 6351 ||| Stepping randomly (stuck).
  6352 | D:7      | 6352 ||| Stepping randomly (stuck).
  6353 | D:7      | 6353 ||| Stepping randomly (stuck).
  6354 | D:7      | 6354 ||| Stepping randomly (stuck).
  6355 | D:7      | 6355 ||| Stepping randomly (stuck).
  6356 | D:7      | 6356 ||| Stepping randomly (stuck).
  6357 | D:7      | 6357 ||| Stepping randomly (stuck).
  6358 | D:7      | 6358 ||| Stepping randomly (stuck).
  6359 | D:7      | 6359 ||| Stepping randomly (stuck).
  6360 | D:7      | 6360 ||| Stepping randomly (stuck).
  6361 | D:7      | 6361 ||| Stepping randomly (stuck).
  6362 | D:7      | 6362 ||| Stepping randomly (stuck).
  6363 | D:7      | 6363 ||| Stepping randomly (stuck).
  6364 | D:7      | 6364 ||| Stepping randomly (stuck).
  6365 | D:7      | 6365 ||| Stepping randomly (stuck).
  6366 | D:7      | 6366 ||| Stepping randomly (stuck).
  6367 | D:7      | 6367 ||| Stepping randomly (stuck).
  6368 | D:7      | 6368 ||| Stepping randomly (stuck).
  6369 | D:7      | 6369 ||| Stepping randomly (stuck).
  6370 | D:7      | 6370 ||| Stepping randomly (stuck).
  6371 | D:7      | 6371 ||| Stepping randomly (stuck).
  6372 | D:7      | 6372 ||| Stepping randomly (stuck).
  6373 | D:7      | 6373 ||| Stepping randomly (stuck).
  6374 | D:7      | 6374 ||| Stepping randomly (stuck).
  6375 | D:7      | 6375 ||| Stepping randomly (stuck).
  6376 | D:7      | 6376 ||| Stepping randomly (stuck).
  6377 | D:7      | 6377 ||| Stepping randomly (stuck).
  6378 | D:7      | 6378 ||| Stepping randomly (stuck).
  6379 | D:7      | 6379 ||| Stepping randomly (stuck).
  6380 | D:7      | 6380 ||| Stepping randomly (stuck).
  6381 | D:7      | 6381 ||| Stepping randomly (stuck).
  6382 | D:7      | 6382 ||| Stepping randomly (stuck).
  6383 | D:7      | 6383 ||| Stepping randomly (stuck).
  6384 | D:7      | 6384 ||| Stepping randomly (stuck).
  6385 | D:7      | 6385 ||| Stepping randomly (stuck).
  6386 | D:7      | 6386 ||| Stepping randomly (stuck).
  6387 | D:7      | 6387 ||| Stepping randomly (stuck).
  6388 | D:7      | 6388 ||| Stepping randomly (stuck).
  6389 | D:7      | 6389 ||| Stepping randomly (stuck).
  6390 | D:7      | 6390 ||| Stepping randomly (stuck).
  6391 | D:7      | 6391 ||| Stepping randomly (stuck).
  6392 | D:7      | 6392 ||| Stepping randomly (stuck).
  6393 | D:7      | 6393 ||| Stepping randomly (stuck).
  6394 | D:7      | 6394 ||| Stepping randomly (stuck).
  6395 | D:7      | 6395 ||| Stepping randomly (stuck).
  6396 | D:7      | 6396 ||| Stepping randomly (stuck).
  6397 | D:7      | 6397 ||| Stepping randomly (stuck).
  6398 | D:7      | 6398 ||| Stepping randomly (stuck).
  6399 | D:7      | 6399 ||| Stepping randomly (stuck).
  6400 | D:7      | 6400 ||| Stepping randomly (stuck).
  6401 | D:7      | 6401 ||| Stepping randomly (stuck).
  6402 | D:7      | 6402 ||| Stepping randomly (stuck).
  6403 | D:7      | 6403 ||| Stepping randomly (stuck).
  6404 | D:7      | 6404 ||| Stepping randomly (stuck).
  6405 | D:7      | 6405 ||| Stepping randomly (stuck).
  6406 | D:7      | 6406 ||| Stepping randomly (stuck).
  6407 | D:7      | 6407 ||| Stepping randomly (stuck).
  6408 | D:7      | 6408 ||| Stepping randomly (stuck).
  6409 | D:7      | 6409 ||| Stepping randomly (stuck).
  6410 | D:7      | 6410 ||| Stepping randomly (stuck).
  6411 | D:7      | 6411 ||| Stepping randomly (stuck).
  6412 | D:7      | 6412 ||| Stepping randomly (stuck).
  6413 | D:7      | 6413 ||| Stepping randomly (stuck).
  6414 | D:7      | 6414 ||| Stepping randomly (stuck).
  6415 | D:7      | 6415 ||| Stepping randomly (stuck).
  6416 | D:7      | 6416 ||| Stepping randomly (stuck).
  6417 | D:7      | 6417 ||| Stepping randomly (stuck).
  6418 | D:7      | 6418 ||| Stepping randomly (stuck).
  6419 | D:7      | 6419 ||| Stepping randomly (stuck).
  6420 | D:7      | 6420 ||| Stepping randomly (stuck).
  6421 | D:7      | 6421 ||| Stepping randomly (stuck).
  6422 | D:7      | 6422 ||| Stepping randomly (stuck).
  6423 | D:7      | 6423 ||| Stepping randomly (stuck).
  6424 | D:7      | 6424 ||| Stepping randomly (stuck).
  6425 | D:7      | 6425 ||| Stepping randomly (stuck).
  6426 | D:7      | 6426 ||| Stepping randomly (stuck).
  6427 | D:7      | 6427 ||| Stepping randomly (stuck).
  6428 | D:7      | 6428 ||| Stepping randomly (stuck).
  6429 | D:7      | 6429 ||| Stepping randomly (stuck).
  6430 | D:7      | 6430 ||| Stepping randomly (stuck).
  6431 | D:7      | 6431 ||| Stepping randomly (stuck).
  6432 | D:7      | 6432 ||| Stepping randomly (stuck).
  6433 | D:7      | 6433 ||| Stepping randomly (stuck).
  6434 | D:7      | 6434 ||| Stepping randomly (stuck).
  6435 | D:7      | 6435 ||| Stepping randomly (stuck).
  6436 | D:7      | 6436 ||| Stepping randomly (stuck).
  6437 | D:7      | 6437 ||| Stepping randomly (stuck).
  6438 | D:7      | 6438 ||| Stepping randomly (stuck).
  6439 | D:7      | 6439 ||| Stepping randomly (stuck).
  6440 | D:7      | 6440 ||| Stepping randomly (stuck).
  6441 | D:7      | 6441 ||| Stepping randomly (stuck).
  6442 | D:7      | 6442 ||| Stepping randomly (stuck).
  6443 | D:7      | 6443 ||| Stepping randomly (stuck).
  6444 | D:7      | 6444 ||| Stepping randomly (stuck).
  6445 | D:7      | 6445 ||| Stepping randomly (stuck).
  6446 | D:7      | 6446 ||| Stepping randomly (stuck).
  6447 | D:7      | 6447 ||| Stepping randomly (stuck).
  6448 | D:7      | 6448 ||| Stepping randomly (stuck).
  6449 | D:7      | 6449 ||| Stepping randomly (stuck).
  6450 | D:7      | 6450 ||| Stepping randomly (stuck).
  6451 | D:7      | 6451 ||| Stepping randomly (stuck).
  6452 | D:7      | 6452 ||| Stepping randomly (stuck).
  6453 | D:7      | 6453 ||| Stepping randomly (stuck).
  6454 | D:7      | 6454 ||| Stepping randomly (stuck).
  6455 | D:7      | 6455 ||| Stepping randomly (stuck).
  6456 | D:7      | 6456 ||| Stepping randomly (stuck).
  6457 | D:7      | 6457 ||| Stepping randomly (stuck).
  6458 | D:7      | 6458 ||| Stepping randomly (stuck).
  6459 | D:7      | 6459 ||| Stepping randomly (stuck).
  6460 | D:7      | 6460 ||| Stepping randomly (stuck).
  6461 | D:7      | 6461 ||| Stepping randomly (stuck).
  6462 | D:7      | 6462 ||| Stepping randomly (stuck).
  6463 | D:7      | 6463 ||| Stepping randomly (stuck).
  6464 | D:7      | 6464 ||| Stepping randomly (stuck).
  6465 | D:7      | 6465 ||| Stepping randomly (stuck).
  6466 | D:7      | 6466 ||| Stepping randomly (stuck).
  6467 | D:7      | 6467 ||| Stepping randomly (stuck).
  6468 | D:7      | 6468 ||| Stepping randomly (stuck).
  6469 | D:7      | 6469 ||| Stepping randomly (stuck).
  6470 | D:7      | 6470 ||| Stepping randomly (stuck).
  6471 | D:7      | 6471 ||| Stepping randomly (stuck).
  6472 | D:7      | 6472 ||| Stepping randomly (stuck).
  6473 | D:7      | 6473 ||| Stepping randomly (stuck).
  6474 | D:7      | 6474 ||| Stepping randomly (stuck).
  6475 | D:7      | 6475 ||| Stepping randomly (stuck).
  6476 | D:7      | 6476 ||| Stepping randomly (stuck).
  6477 | D:7      | 6477 ||| Stepping randomly (stuck).
  6478 | D:7      | 6478 ||| Stepping randomly (stuck).
  6479 | D:7      | 6479 ||| Stepping randomly (stuck).
  6480 | D:7      | 6480 ||| Stepping randomly (stuck).
  6481 | D:7      | 6481 ||| Stepping randomly (stuck).
  6482 | D:7      | 6482 ||| Stepping randomly (stuck).
  6483 | D:7      | 6483 ||| Stepping randomly (stuck).
  6484 | D:7      | 6484 ||| Stepping randomly (stuck).
  6485 | D:7      | 6485 ||| Stepping randomly (stuck).
  6486 | D:7      | 6486 ||| Stepping randomly (stuck).
  6487 | D:7      | 6487 ||| Stepping randomly (stuck).
  6488 | D:7      | 6488 ||| Stepping randomly (stuck).
  6489 | D:7      | 6489 ||| Stepping randomly (stuck).
  6490 | D:7      | 6490 ||| Stepping randomly (stuck).
  6491 | D:7      | 6491 ||| Stepping randomly (stuck).
  6492 | D:7      | 6492 ||| Stepping randomly (stuck).
  6493 | D:7      | 6493 ||| Stepping randomly (stuck).
  6494 | D:7      | 6494 ||| Stepping randomly (stuck).
  6495 | D:7      | 6495 ||| Stepping randomly (stuck).
  6496 | D:7      | 6496 ||| Stepping randomly (stuck).
  6497 | D:7      | 6497 ||| Stepping randomly (stuck).
  6498 | D:7      | 6498 ||| Stepping randomly (stuck).
  6499 | D:7      | 6499 ||| Stepping randomly (stuck).
  6500 | D:7      | 6500 ||| Stepping randomly (stuck).
  6501 | D:7      | 6501 ||| Stepping randomly (stuck).
  6502 | D:7      | 6502 ||| Stepping randomly (stuck).
  6503 | D:7      | 6503 ||| Stepping randomly (stuck).
  6504 | D:7      | 6504 ||| Stepping randomly (stuck).
  6505 | D:7      | 6505 ||| Stepping randomly (stuck).
  6506 | D:7      | 6506 ||| Stepping randomly (stuck).
  6507 | D:7      | 6507 ||| Stepping randomly (stuck).
  6508 | D:7      | 6508 ||| Stepping randomly (stuck).
  6509 | D:7      | 6509 ||| Stepping randomly (stuck).
  6510 | D:7      | 6510 ||| Stepping randomly (stuck).
  6511 | D:7      | 6511 ||| Stepping randomly (stuck).
  6512 | D:7      | 6512 ||| Stepping randomly (stuck).
  6513 | D:7      | 6513 ||| Stepping randomly (stuck).
  6514 | D:7      | 6514 ||| Stepping randomly (stuck).
  6515 | D:7      | 6515 ||| Stepping randomly (stuck).
  6516 | D:7      | 6516 ||| Stepping randomly (stuck).
  6517 | D:7      | 6517 ||| Stepping randomly (stuck).
  6518 | D:7      | 6518 ||| Stepping randomly (stuck).
  6519 | D:7      | 6519 ||| Stepping randomly (stuck).
  6520 | D:7      | 6520 ||| Stepping randomly (stuck).
  6521 | D:7      | 6521 ||| Stepping randomly (stuck).
  6522 | D:7      | 6522 ||| Stepping randomly (stuck).
  6523 | D:7      | 6523 ||| Stepping randomly (stuck).
  6524 | D:7      | 6524 ||| Stepping randomly (stuck).
  6525 | D:7      | 6525 ||| Stepping randomly (stuck).
  6526 | D:7      | 6526 ||| Stepping randomly (stuck).
  6527 | D:7      | 6527 ||| Stepping randomly (stuck).
  6528 | D:7      | 6528 ||| Stepping randomly (stuck).
  6529 | D:7      | 6529 ||| Stepping randomly (stuck).
  6530 | D:7      | 6530 ||| Stepping randomly (stuck).
  6531 | D:7      | 6531 ||| Stepping randomly (stuck).
  6532 | D:7      | 6532 ||| Stepping randomly (stuck).
  6533 | D:7      | 6533 ||| Stepping randomly (stuck).
  6534 | D:7      | 6534 ||| Stepping randomly (stuck).
  6535 | D:7      | 6535 ||| Stepping randomly (stuck).
  6536 | D:7      | 6536 ||| Stepping randomly (stuck).
  6537 | D:7      | 6537 ||| Stepping randomly (stuck).
  6538 | D:7      | 6538 ||| Stepping randomly (stuck).
  6539 | D:7      | 6539 ||| Stepping randomly (stuck).
  6540 | D:7      | 6540 ||| Stepping randomly (stuck).
  6541 | D:7      | 6541 ||| Stepping randomly (stuck).
  6542 | D:7      | 6542 ||| Stepping randomly (stuck).
  6543 | D:7      | 6543 ||| Stepping randomly (stuck).
  6544 | D:7      | 6544 ||| Stepping randomly (stuck).
  6545 | D:7      | 6545 ||| Stepping randomly (stuck).
  6546 | D:7      | 6546 ||| Stepping randomly (stuck).
  6547 | D:7      | 6547 ||| Stepping randomly (stuck).
  6548 | D:7      | 6548 ||| Stepping randomly (stuck).
  6549 | D:7      | 6549 ||| Stepping randomly (stuck).
  6550 | D:7      | 6550 ||| Stepping randomly (stuck).
  6551 | D:7      | 6551 ||| Stepping randomly (stuck).
  6552 | D:7      | 6552 ||| Stepping randomly (stuck).
  6553 | D:7      | 6553 ||| Stepping randomly (stuck).
  6554 | D:7      | 6554 ||| Stepping randomly (stuck).
  6555 | D:7      | 6555 ||| Stepping randomly (stuck).
  6556 | D:7      | 6556 ||| Stepping randomly (stuck).
  6557 | D:7      | 6557 ||| Stepping randomly (stuck).
  6558 | D:7      | 6558 ||| Stepping randomly (stuck).
  6559 | D:7      | 6559 ||| Stepping randomly (stuck).
  6560 | D:7      | 6560 ||| Stepping randomly (stuck).
  6561 | D:7      | 6561 ||| Stepping randomly (stuck).
  6562 | D:7      | 6562 ||| Stepping randomly (stuck).
  6563 | D:7      | 6563 ||| Stepping randomly (stuck).
  6564 | D:7      | 6564 ||| Stepping randomly (stuck).
  6565 | D:7      | 6565 ||| Stepping randomly (stuck).
  6566 | D:7      | 6566 ||| Stepping randomly (stuck).
  6567 | D:7      | 6567 ||| Stepping randomly (stuck).
  6568 | D:7      | 6568 ||| Stepping randomly (stuck).
  6569 | D:7      | 6569 ||| Stepping randomly (stuck).
  6570 | D:7      | 6570 ||| Stepping randomly (stuck).
  6571 | D:7      | 6571 ||| Stepping randomly (stuck).
  6572 | D:7      | 6572 ||| Stepping randomly (stuck).
  6573 | D:7      | 6573 ||| Stepping randomly (stuck).
  6574 | D:7      | 6574 ||| Stepping randomly (stuck).
  6575 | D:7      | 6575 ||| Stepping randomly (stuck).
  6576 | D:7      | 6576 ||| Stepping randomly (stuck).
  6577 | D:7      | 6577 ||| Stepping randomly (stuck).
  6578 | D:7      | 6578 ||| Stepping randomly (stuck).
  6579 | D:7      | 6579 ||| Stepping randomly (stuck).
  6580 | D:7      | 6580 ||| Stepping randomly (stuck).
  6581 | D:7      | 6581 ||| Stepping randomly (stuck).
  6582 | D:7      | 6582 ||| Stepping randomly (stuck).
  6583 | D:7      | 6583 ||| Stepping randomly (stuck).
  6584 | D:7      | 6584 ||| Stepping randomly (stuck).
  6585 | D:7      | 6585 ||| Stepping randomly (stuck).
  6586 | D:7      | 6586 ||| Stepping randomly (stuck).
  6587 | D:7      | 6587 ||| Stepping randomly (stuck).
  6588 | D:7      | 6588 ||| Stepping randomly (stuck).
  6589 | D:7      | 6589 ||| Stepping randomly (stuck).
  6590 | D:7      | 6590 ||| Stepping randomly (stuck).
  6591 | D:7      | 6591 ||| Stepping randomly (stuck).
  6592 | D:7      | 6592 ||| Stepping randomly (stuck).
  6593 | D:7      | 6593 ||| Stepping randomly (stuck).
  6594 | D:7      | 6594 ||| Stepping randomly (stuck).
  6595 | D:7      | 6595 ||| Stepping randomly (stuck).
  6596 | D:7      | 6596 ||| Stepping randomly (stuck).
  6597 | D:7      | 6597 ||| Stepping randomly (stuck).
  6598 | D:7      | 6598 ||| Stepping randomly (stuck).
  6599 | D:7      | 6599 ||| Stepping randomly (stuck).
  6600 | D:7      | 6600 ||| Stepping randomly (stuck).
  6601 | D:7      | 6601 ||| Stepping randomly (stuck).
  6602 | D:7      | 6602 ||| Stepping randomly (stuck).
  6603 | D:7      | 6603 ||| Stepping randomly (stuck).
  6604 | D:7      | 6604 ||| Stepping randomly (stuck).
  6605 | D:7      | 6605 ||| Stepping randomly (stuck).
  6606 | D:7      | 6606 ||| Stepping randomly (stuck).
  6607 | D:7      | 6607 ||| Stepping randomly (stuck).
  6608 | D:7      | 6608 ||| Stepping randomly (stuck).
  6609 | D:7      | 6609 ||| Stepping randomly (stuck).
  6610 | D:7      | 6610 ||| Stepping randomly (stuck).
  6611 | D:7      | 6611 ||| Stepping randomly (stuck).
  6612 | D:7      | 6612 ||| Stepping randomly (stuck).
  6613 | D:7      | 6613 ||| Stepping randomly (stuck).
  6614 | D:7      | 6614 ||| Stepping randomly (stuck).
  6615 | D:7      | 6615 ||| Stepping randomly (stuck).
  6616 | D:7      | 6616 ||| Stepping randomly (stuck).
  6617 | D:7      | 6617 ||| Stepping randomly (stuck).
  6618 | D:7      | 6618 ||| Stepping randomly (stuck).
  6619 | D:7      | 6619 ||| Stepping randomly (stuck).
  6620 | D:7      | 6620 ||| Stepping randomly (stuck).
  6621 | D:7      | 6621 ||| Stepping randomly (stuck).
  6622 | D:7      | 6622 ||| Stepping randomly (stuck).
  6623 | D:7      | 6623 ||| Stepping randomly (stuck).
  6624 | D:7      | 6624 ||| Stepping randomly (stuck).
  6625 | D:7      | 6625 ||| Stepping randomly (stuck).
  6626 | D:7      | 6626 ||| Stepping randomly (stuck).
  6627 | D:7      | 6627 ||| Stepping randomly (stuck).
  6628 | D:7      | 6628 ||| Stepping randomly (stuck).
  6629 | D:7      | 6629 ||| Stepping randomly (stuck).
  6630 | D:7      | 6630 ||| Stepping randomly (stuck).
  6631 | D:7      | 6631 ||| Stepping randomly (stuck).
  6632 | D:7      | 6632 ||| Stepping randomly (stuck).
  6633 | D:7      | 6633 ||| Stepping randomly (stuck).
  6634 | D:7      | 6634 ||| Stepping randomly (stuck).
  6635 | D:7      | 6635 ||| Stepping randomly (stuck).
  6636 | D:7      | 6636 ||| Stepping randomly (stuck).
  6637 | D:7      | 6637 ||| Stepping randomly (stuck).
  6638 | D:7      | 6638 ||| Stepping randomly (stuck).
  6639 | D:7      | 6639 ||| Stepping randomly (stuck).
  6640 | D:7      | 6640 ||| Stepping randomly (stuck).
  6641 | D:7      | 6641 ||| Stepping randomly (stuck).
  6642 | D:7      | 6642 ||| Stepping randomly (stuck).
  6643 | D:7      | 6643 ||| Stepping randomly (stuck).
  6644 | D:7      | 6644 ||| Stepping randomly (stuck).
  6645 | D:7      | 6645 ||| Stepping randomly (stuck).
  6646 | D:7      | 6646 ||| Stepping randomly (stuck).
  6647 | D:7      | 6647 ||| Stepping randomly (stuck).
  6648 | D:7      | 6648 ||| Stepping randomly (stuck).
  6649 | D:7      | 6649 ||| Stepping randomly (stuck).
  6650 | D:7      | 6650 ||| Stepping randomly (stuck).
  6651 | D:7      | 6651 ||| Stepping randomly (stuck).
  6652 | D:7      | 6652 ||| Stepping randomly (stuck).
  6653 | D:7      | 6653 ||| Stepping randomly (stuck).
  6654 | D:7      | 6654 ||| Stepping randomly (stuck).
  6655 | D:7      | 6655 ||| Stepping randomly (stuck).
  6656 | D:7      | 6656 ||| Stepping randomly (stuck).
  6657 | D:7      | 6657 ||| Stepping randomly (stuck).
  6658 | D:7      | 6658 ||| Stepping randomly (stuck).
  6659 | D:7      | 6659 ||| Stepping randomly (stuck).
  6660 | D:7      | 6660 ||| Stepping randomly (stuck).
  6661 | D:7      | 6661 ||| Stepping randomly (stuck).
  6662 | D:7      | 6662 ||| Stepping randomly (stuck).
  6663 | D:7      | 6663 ||| Stepping randomly (stuck).
  6664 | D:7      | 6664 ||| Stepping randomly (stuck).
  6665 | D:7      | 6665 ||| Stepping randomly (stuck).
  6666 | D:7      | 6666 ||| Stepping randomly (stuck).
  6667 | D:7      | 6667 ||| Stepping randomly (stuck).
  6668 | D:7      | 6668 ||| Stepping randomly (stuck).
  6669 | D:7      | 6669 ||| Stepping randomly (stuck).
  6670 | D:7      | 6670 ||| Stepping randomly (stuck).
  6671 | D:7      | 6671 ||| Stepping randomly (stuck).
  6672 | D:7      | 6672 ||| Stepping randomly (stuck).
  6673 | D:7      | 6673 ||| Stepping randomly (stuck).
  6674 | D:7      | 6674 ||| Stepping randomly (stuck).
  6675 | D:7      | 6675 ||| Stepping randomly (stuck).
  6676 | D:7      | 6676 ||| Stepping randomly (stuck).
  6677 | D:7      | 6677 ||| Stepping randomly (stuck).
  6678 | D:7      | 6678 ||| Stepping randomly (stuck).
  6679 | D:7      | 6679 ||| Stepping randomly (stuck).
  6680 | D:7      | 6680 ||| Stepping randomly (stuck).
  6681 | D:7      | 6681 ||| Stepping randomly (stuck).
  6682 | D:7      | 6682 ||| Stepping randomly (stuck).
  6683 | D:7      | 6683 ||| Stepping randomly (stuck).
  6684 | D:7      | 6684 ||| Stepping randomly (stuck).
  6685 | D:7      | 6685 ||| Stepping randomly (stuck).
  6686 | D:7      | 6686 ||| Stepping randomly (stuck).
  6687 | D:7      | 6687 ||| Stepping randomly (stuck).
  6688 | D:7      | 6688 ||| Stepping randomly (stuck).
  6689 | D:7      | 6689 ||| Stepping randomly (stuck).
  6690 | D:7      | 6690 ||| Stepping randomly (stuck).
  6691 | D:7      | 6691 ||| Stepping randomly (stuck).
  6692 | D:7      | 6692 ||| Stepping randomly (stuck).
  6693 | D:7      | 6693 ||| Stepping randomly (stuck).
  6694 | D:7      | 6694 ||| Stepping randomly (stuck).
  6695 | D:7      | 6695 ||| Stepping randomly (stuck).
  6696 | D:7      | 6696 ||| Stepping randomly (stuck).
  6697 | D:7      | 6697 ||| Stepping randomly (stuck).
  6698 | D:7      | 6698 ||| Stepping randomly (stuck).
  6699 | D:7      | 6699 ||| Stepping randomly (stuck).
  6700 | D:7      | 6700 ||| Stepping randomly (stuck).
  6701 | D:7      | 6701 ||| Stepping randomly (stuck).
  6702 | D:7      | 6702 ||| Stepping randomly (stuck).
  6703 | D:7      | 6703 ||| Stepping randomly (stuck).
  6704 | D:7      | 6704 ||| Stepping randomly (stuck).
  6705 | D:7      | 6705 ||| Stepping randomly (stuck).
  6706 | D:7      | 6706 ||| Stepping randomly (stuck).
  6707 | D:7      | 6707 ||| Stepping randomly (stuck).
  6708 | D:7      | 6708 ||| Stepping randomly (stuck).
  6709 | D:7      | 6709 ||| Stepping randomly (stuck).
  6710 | D:7      | 6710 ||| Stepping randomly (stuck).
  6711 | D:7      | 6711 ||| Stepping randomly (stuck).
  6712 | D:7      | 6712 ||| Stepping randomly (stuck).
  6713 | D:7      | 6713 ||| Stepping randomly (stuck).
  6714 | D:7      | 6714 ||| Stepping randomly (stuck).
  6715 | D:7      | 6715 ||| Stepping randomly (stuck).
  6716 | D:7      | 6716 ||| Stepping randomly (stuck).
  6717 | D:7      | 6717 ||| Stepping randomly (stuck).
  6718 | D:7      | 6718 ||| Stepping randomly (stuck).
  6719 | D:7      | 6719 ||| Stepping randomly (stuck).
  6720 | D:7      | 6720 ||| Stepping randomly (stuck).
  6721 | D:7      | 6721 ||| Stepping randomly (stuck).
  6722 | D:7      | 6722 ||| Stepping randomly (stuck).
  6723 | D:7      | 6723 ||| Stepping randomly (stuck).
  6724 | D:7      | 6724 ||| Stepping randomly (stuck).
  6725 | D:7      | 6725 ||| Stepping randomly (stuck).
  6726 | D:7      | 6726 ||| Stepping randomly (stuck).
  6727 | D:7      | 6727 ||| Stepping randomly (stuck).
  6728 | D:7      | 6728 ||| Stepping randomly (stuck).
  6729 | D:7      | 6729 ||| Stepping randomly (stuck).
  6730 | D:7      | 6730 ||| Stepping randomly (stuck).
  6731 | D:7      | 6731 ||| Stepping randomly (stuck).
  6732 | D:7      | 6732 ||| Stepping randomly (stuck).
  6733 | D:7      | 6733 ||| Stepping randomly (stuck).
  6734 | D:7      | 6734 ||| Stepping randomly (stuck).
  6735 | D:7      | 6735 ||| Stepping randomly (stuck).
  6736 | D:7      | 6736 ||| Stepping randomly (stuck).
  6737 | D:7      | 6737 ||| Stepping randomly (stuck).
  6738 | D:7      | 6738 ||| Stepping randomly (stuck).
  6739 | D:7      | 6739 ||| Stepping randomly (stuck).
  6740 | D:7      | 6740 ||| Stepping randomly (stuck).
  6741 | D:7      | 6741 ||| Stepping randomly (stuck).
  6742 | D:7      | 6742 ||| Stepping randomly (stuck).
  6743 | D:7      | 6743 ||| Stepping randomly (stuck).
  6744 | D:7      | 6744 ||| Stepping randomly (stuck).
  6745 | D:7      | 6745 ||| Stepping randomly (stuck).
  6746 | D:7      | 6746 ||| Stepping randomly (stuck).
  6747 | D:7      | 6747 ||| Stepping randomly (stuck).
  6748 | D:7      | 6748 ||| Stepping randomly (stuck).
  6749 | D:7      | 6749 ||| Stepping randomly (stuck).
  6750 | D:7      | 6750 ||| Stepping randomly (stuck).
  6751 | D:7      | 6751 ||| Stepping randomly (stuck).
  6752 | D:7      | 6752 ||| Stepping randomly (stuck).
  6753 | D:7      | 6753 ||| Stepping randomly (stuck).
  6754 | D:7      | 6754 ||| Stepping randomly (stuck).
  6755 | D:7      | 6755 ||| Stepping randomly (stuck).
  6756 | D:7      | 6756 ||| Stepping randomly (stuck).
  6757 | D:7      | 6757 ||| Stepping randomly (stuck).
  6758 | D:7      | 6758 ||| Stepping randomly (stuck).
  6759 | D:7      | 6759 ||| Stepping randomly (stuck).
  6760 | D:7      | 6760 ||| Stepping randomly (stuck).
  6761 | D:7      | 6761 ||| Stepping randomly (stuck).
  6762 | D:7      | 6762 ||| Stepping randomly (stuck).
  6763 | D:7      | 6763 ||| Stepping randomly (stuck).
  6764 | D:7      | 6764 ||| Stepping randomly (stuck).
  6765 | D:7      | 6765 ||| Stepping randomly (stuck).
  6766 | D:7      | 6766 ||| Stepping randomly (stuck).
  6767 | D:7      | 6767 ||| Stepping randomly (stuck).
  6768 | D:7      | 6768 ||| Stepping randomly (stuck).
  6769 | D:7      | 6769 ||| Stepping randomly (stuck).
  6770 | D:7      | 6770 ||| Stepping randomly (stuck).
  6771 | D:7      | 6771 ||| Stepping randomly (stuck).
  6772 | D:7      | 6772 ||| Stepping randomly (stuck).
  6773 | D:7      | 6773 ||| Stepping randomly (stuck).
  6774 | D:7      | 6774 ||| Stepping randomly (stuck).
  6775 | D:7      | 6775 ||| Stepping randomly (stuck).
  6776 | D:7      | 6776 ||| Stepping randomly (stuck).
  6777 | D:7      | 6777 ||| Stepping randomly (stuck).
  6778 | D:7      | 6778 ||| Stepping randomly (stuck).
  6779 | D:7      | 6779 ||| Stepping randomly (stuck).
  6780 | D:7      | 6780 ||| Stepping randomly (stuck).
  6781 | D:7      | 6781 ||| Stepping randomly (stuck).
  6782 | D:7      | 6782 ||| Stepping randomly (stuck).
  6783 | D:7      | 6783 ||| Stepping randomly (stuck).
  6784 | D:7      | 6784 ||| Stepping randomly (stuck).
  6785 | D:7      | 6785 ||| Stepping randomly (stuck).
  6786 | D:7      | 6786 ||| Stepping randomly (stuck).
  6787 | D:7      | 6787 ||| Stepping randomly (stuck).
  6788 | D:7      | 6788 ||| Stepping randomly (stuck).
  6789 | D:7      | 6789 ||| Stepping randomly (stuck).
  6790 | D:7      | 6790 ||| Stepping randomly (stuck).
  6791 | D:7      | 6791 ||| Stepping randomly (stuck).
  6792 | D:7      | 6792 ||| Stepping randomly (stuck).
  6793 | D:7      | 6793 ||| Stepping randomly (stuck).
  6794 | D:7      | 6794 ||| Stepping randomly (stuck).
  6795 | D:7      | 6795 ||| Stepping randomly (stuck).
  6796 | D:7      | 6796 ||| Stepping randomly (stuck).
  6797 | D:7      | 6797 ||| Stepping randomly (stuck).
  6798 | D:7      | 6798 ||| Stepping randomly (stuck).
  6799 | D:7      | 6799 ||| Stepping randomly (stuck).
  6800 | D:7      | 6800 ||| Stepping randomly (stuck).
  6801 | D:7      | 6801 ||| Stepping randomly (stuck).
  6802 | D:7      | 6802 ||| Stepping randomly (stuck).
  6803 | D:7      | 6803 ||| Stepping randomly (stuck).
  6804 | D:7      | 6804 ||| Stepping randomly (stuck).
  6805 | D:7      | 6805 ||| Stepping randomly (stuck).
  6806 | D:7      | 6806 ||| Stepping randomly (stuck).
  6807 | D:7      | 6807 ||| Stepping randomly (stuck).
  6808 | D:7      | 6808 ||| Stepping randomly (stuck).
  6809 | D:7      | 6809 ||| Stepping randomly (stuck).
  6810 | D:7      | 6810 ||| Stepping randomly (stuck).
  6811 | D:7      | 6811 ||| Stepping randomly (stuck).
  6812 | D:7      | 6812 ||| Stepping randomly (stuck).
  6813 | D:7      | 6813 ||| Stepping randomly (stuck).
  6814 | D:7      | 6814 ||| Stepping randomly (stuck).
  6815 | D:7      | 6815 ||| Stepping randomly (stuck).
  6816 | D:7      | 6816 ||| Stepping randomly (stuck).
  6817 | D:7      | 6817 ||| Stepping randomly (stuck).
  6818 | D:7      | 6818 ||| Stepping randomly (stuck).
  6819 | D:7      | 6819 ||| Stepping randomly (stuck).
  6820 | D:7      | 6820 ||| Stepping randomly (stuck).
  6821 | D:7      | 6821 ||| Stepping randomly (stuck).
  6822 | D:7      | 6822 ||| Stepping randomly (stuck).
  6823 | D:7      | 6823 ||| Stepping randomly (stuck).
  6824 | D:7      | 6824 ||| Stepping randomly (stuck).
  6825 | D:7      | 6825 ||| Stepping randomly (stuck).
  6826 | D:7      | 6826 ||| Stepping randomly (stuck).
  6827 | D:7      | 6827 ||| Stepping randomly (stuck).
  6828 | D:7      | 6828 ||| Stepping randomly (stuck).
  6829 | D:7      | 6829 ||| Stepping randomly (stuck).
  6830 | D:7      | 6830 ||| Stepping randomly (stuck).
  6831 | D:7      | 6831 ||| Stepping randomly (stuck).
  6832 | D:7      | 6832 ||| Stepping randomly (stuck).
  6833 | D:7      | 6833 ||| Stepping randomly (stuck).
  6834 | D:7      | 6834 ||| Stepping randomly (stuck).
  6835 | D:7      | 6835 ||| Stepping randomly (stuck).
  6836 | D:7      | 6836 ||| Stepping randomly (stuck).
  6837 | D:7      | 6837 ||| Stepping randomly (stuck).
  6838 | D:7      | 6838 ||| Stepping randomly (stuck).
  6840 | D:7      | 6840 ||| DROPPING ring of flight.
  6841 | D:7      | 6841 ||| Stepping randomly (stuck).
  6842 | D:7      | 6842 ||| Stepping randomly (stuck).
  6843 | D:7      | 6843 ||| Stepping randomly (stuck).
  6844 | D:7      | 6844 ||| Stepping randomly (stuck).
  6845 | D:7      | 6845 ||| Stepping randomly (stuck).
  6846 | D:7      | 6846 ||| Stepping randomly (stuck).
  6847 | D:7      | 6847 ||| Stepping randomly (stuck).
  6848 | D:7      | 6848 ||| Stepping randomly (stuck).
  6849 | D:7      | 6849 ||| Stepping randomly (stuck).
  6850 | D:7      | 6850 ||| Stepping randomly (stuck).
  6851 | D:7      | 6851 ||| Stepping randomly (stuck).
  6852 | D:7      | 6852 ||| Stepping randomly (stuck).
  6853 | D:7      | 6853 ||| Stepping randomly (stuck).
  6854 | D:7      | 6854 ||| Stepping randomly (stuck).
  6855 | D:7      | 6855 ||| Stepping randomly (stuck).
  6856 | D:7      | 6856 ||| Stepping randomly (stuck).
  6857 | D:7      | 6857 ||| Stepping randomly (stuck).
  6858 | D:7      | 6858 ||| Stepping randomly (stuck).
  6859 | D:7      | 6859 ||| Stepping randomly (stuck).
  6860 | D:7      | 6860 ||| Stepping randomly (stuck).
  6861 | D:7      | 6861 ||| Stepping randomly (stuck).
  6862 | D:7      | 6862 ||| Stepping randomly (stuck).
  6863 | D:7      | 6863 ||| Stepping randomly (stuck).
  6864 | D:7      | 6864 ||| Stepping randomly (stuck).
  6865 | D:7      | 6865 ||| Stepping randomly (stuck).
  6866 | D:7      | 6866 ||| Stepping randomly (stuck).
  6867 | D:7      | 6867 ||| Stepping randomly (stuck).
  6868 | D:7      | 6868 ||| Stepping randomly (stuck).
  6869 | D:7      | 6869 ||| Stepping randomly (stuck).
  6870 | D:7      | 6870 ||| Stepping randomly (stuck).
  6871 | D:7      | 6871 ||| Stepping randomly (stuck).
  6872 | D:7      | 6872 ||| Stepping randomly (stuck).
  6873 | D:7      | 6873 ||| Stepping randomly (stuck).
  6874 | D:7      | 6874 ||| Stepping randomly (stuck).
  6875 | D:7      | 6875 ||| Stepping randomly (stuck).
  6876 | D:7      | 6876 ||| Stepping randomly (stuck).
  6877 | D:7      | 6877 ||| Stepping randomly (stuck).
  6878 | D:7      | 6878 ||| Stepping randomly (stuck).
  6879 | D:7      | 6879 ||| Stepping randomly (stuck).
  6880 | D:7      | 6880 ||| Stepping randomly (stuck).
  6881 | D:7      | 6881 ||| Stepping randomly (stuck).
  6882 | D:7      | 6882 ||| Stepping randomly (stuck).
  6883 | D:7      | 6883 ||| Stepping randomly (stuck).
  6884 | D:7      | 6884 ||| Stepping randomly (stuck).
  6885 | D:7      | 6885 ||| Stepping randomly (stuck).
  6886 | D:7      | 6886 ||| Stepping randomly (stuck).
  6887 | D:7      | 6887 ||| Stepping randomly (stuck).
  6888 | D:7      | 6888 ||| Stepping randomly (stuck).
  6889 | D:7      | 6889 ||| Stepping randomly (stuck).
  6890 | D:7      | 6890 ||| Stepping randomly (stuck).
  6891 | D:7      | 6891 ||| Stepping randomly (stuck).
  6892 | D:7      | 6892 ||| Stepping randomly (stuck).
  6893 | D:7      | 6893 ||| Stepping randomly (stuck).
  6894 | D:7      | 6894 ||| Stepping randomly (stuck).
  6895 | D:7      | 6895 ||| Stepping randomly (stuck).
  6896 | D:7      | 6896 ||| Stepping randomly (stuck).
  6897 | D:7      | 6897 ||| Stepping randomly (stuck).
  6898 | D:7      | 6898 ||| Stepping randomly (stuck).
  6899 | D:7      | 6899 ||| Stepping randomly (stuck).
  6900 | D:7      | 6900 ||| Stepping randomly (stuck).
  6901 | D:7      | 6901 ||| Stepping randomly (stuck).
  6902 | D:7      | 6902 ||| Stepping randomly (stuck).
  6903 | D:7      | 6903 ||| Stepping randomly (stuck).
  6904 | D:7      | 6904 ||| Stepping randomly (stuck).
  6905 | D:7      | 6905 ||| Stepping randomly (stuck).
  6906 | D:7      | 6906 ||| Stepping randomly (stuck).
  6907 | D:7      | 6907 ||| Stepping randomly (stuck).
  6908 | D:7      | 6908 ||| Stepping randomly (stuck).
  6909 | D:7      | 6909 ||| Stepping randomly (stuck).
  6910 | D:7      | 6910 ||| Stepping randomly (stuck).
  6911 | D:7      | 6911 ||| Stepping randomly (stuck).
  6912 | D:7      | 6912 ||| Stepping randomly (stuck).
  6913 | D:7      | 6913 ||| Stepping randomly (stuck).
  6914 | D:7      | 6914 ||| Stepping randomly (stuck).
  6915 | D:7      | 6915 ||| Stepping randomly (stuck).
  6916 | D:7      | 6916 ||| Stepping randomly (stuck).
  6917 | D:7      | 6917 ||| Stepping randomly (stuck).
  6918 | D:7      | 6918 ||| Stepping randomly (stuck).
  6919 | D:7      | 6919 ||| Stepping randomly (stuck).
  6920 | D:7      | 6920 ||| Stepping randomly (stuck).
  6921 | D:7      | 6921 ||| Stepping randomly (stuck).
  6922 | D:7      | 6922 ||| Stepping randomly (stuck).
  6923 | D:7      | 6923 ||| Stepping randomly (stuck).
  6924 | D:7      | 6924 ||| Stepping randomly (stuck).
  6925 | D:7      | 6925 ||| Stepping randomly (stuck).
  6926 | D:7      | 6926 ||| Stepping randomly (stuck).
  6927 | D:7      | 6927 ||| Stepping randomly (stuck).
  6928 | D:7      | 6928 ||| Stepping randomly (stuck).
  6929 | D:7      | 6929 ||| Stepping randomly (stuck).
  6930 | D:7      | 6930 ||| Stepping randomly (stuck).
  6931 | D:7      | 6931 ||| Stepping randomly (stuck).
  6932 | D:7      | 6932 ||| Stepping randomly (stuck).
  6933 | D:7      | 6933 ||| Stepping randomly (stuck).
  6934 | D:7      | 6934 ||| Stepping randomly (stuck).
  6935 | D:7      | 6935 ||| Stepping randomly (stuck).
  6936 | D:7      | 6936 ||| Stepping randomly (stuck).
  6937 | D:7      | 6937 ||| Stepping randomly (stuck).
  6938 | D:7      | 6938 ||| Stepping randomly (stuck).
  6939 | D:7      | 6939 ||| Stepping randomly (stuck).
  6940 | D:7      | 6940 ||| Stepping randomly (stuck).
  6941 | D:7      | 6941 ||| Stepping randomly (stuck).
  6942 | D:7      | 6942 ||| Stepping randomly (stuck).
  6943 | D:7      | 6943 ||| Stepping randomly (stuck).
  6944 | D:7      | 6944 ||| Stepping randomly (stuck).
  6945 | D:7      | 6945 ||| Stepping randomly (stuck).
  6946 | D:7      | 6946 ||| Stepping randomly (stuck).
  6947 | D:7      | 6947 ||| Stepping randomly (stuck).
  6948 | D:7      | 6948 ||| Stepping randomly (stuck).
  6949 | D:7      | 6949 ||| Stepping randomly (stuck).
  6950 | D:7      | 6950 ||| Stepping randomly (stuck).
  6951 | D:7      | 6951 ||| Stepping randomly (stuck).
  6952 | D:7      | 6952 ||| Stepping randomly (stuck).
  6953 | D:7      | 6953 ||| Stepping randomly (stuck).
  6954 | D:7      | 6954 ||| Stepping randomly (stuck).
  6955 | D:7      | 6955 ||| Stepping randomly (stuck).
  6956 | D:7      | 6956 ||| Stepping randomly (stuck).
  6957 | D:7      | 6957 ||| Stepping randomly (stuck).
  6958 | D:7      | 6958 ||| Stepping randomly (stuck).
  6959 | D:7      | 6959 ||| Stepping randomly (stuck).
  6960 | D:7      | 6960 ||| Stepping randomly (stuck).
  6961 | D:7      | 6961 ||| Stepping randomly (stuck).
  6962 | D:7      | 6962 ||| Stepping randomly (stuck).
  6963 | D:7      | 6963 ||| Stepping randomly (stuck).
  6964 | D:7      | 6964 ||| Stepping randomly (stuck).
  6965 | D:7      | 6965 ||| Stepping randomly (stuck).
  6966 | D:7      | 6966 ||| Stepping randomly (stuck).
  6967 | D:7      | 6967 ||| Stepping randomly (stuck).
  6968 | D:7      | 6968 ||| Stepping randomly (stuck).
  6969 | D:7      | 6969 ||| Stepping randomly (stuck).
  6970 | D:7      | 6970 ||| Stepping randomly (stuck).
  6971 | D:7      | 6971 ||| Stepping randomly (stuck).
  6972 | D:7      | 6972 ||| Stepping randomly (stuck).
  6973 | D:7      | 6973 ||| Stepping randomly (stuck).
  6974 | D:7      | 6974 ||| Stepping randomly (stuck).
  6975 | D:7      | 6975 ||| Stepping randomly (stuck).
  6976 | D:7      | 6976 ||| Stepping randomly (stuck).
  6977 | D:7      | 6977 ||| Stepping randomly (stuck).
  6978 | D:7      | 6978 ||| Stepping randomly (stuck).
  6979 | D:7      | 6979 ||| Stepping randomly (stuck).
  6980 | D:7      | 6980 ||| Stepping randomly (stuck).
  6981 | D:7      | 6981 ||| Stepping randomly (stuck).
  6982 | D:7      | 6982 ||| Stepping randomly (stuck).
  6983 | D:7      | 6983 ||| Stepping randomly (stuck).
  6984 | D:7      | 6984 ||| Stepping randomly (stuck).
  6985 | D:7      | 6985 ||| Stepping randomly (stuck).
  6986 | D:7      | 6986 ||| Stepping randomly (stuck).
  6987 | D:7      | 6987 ||| Stepping randomly (stuck).
  6988 | D:7      | 6988 ||| Stepping randomly (stuck).
  6989 | D:7      | 6989 ||| Stepping randomly (stuck).
  6990 | D:7      | 6990 ||| Stepping randomly (stuck).
  6991 | D:7      | 6991 ||| Stepping randomly (stuck).
  6992 | D:7      | 6992 ||| Stepping randomly (stuck).
  6993 | D:7      | 6993 ||| Stepping randomly (stuck).
  6994 | D:7      | 6994 ||| Stepping randomly (stuck).
  6995 | D:7      | 6995 ||| Stepping randomly (stuck).
  6996 | D:7      | 6996 ||| Stepping randomly (stuck).
  6997 | D:7      | 6997 ||| Stepping randomly (stuck).
  6998 | D:7      | 6998 ||| Stepping randomly (stuck).
  6999 | D:7      | 6999 ||| Stepping randomly (stuck).
  7000 | D:7      | 7000 ||| Stepping randomly (stuck).
  7001 | D:7      | 7001 ||| Stepping randomly (stuck).
  7002 | D:7      | 7002 ||| Stepping randomly (stuck).
  7003 | D:7      | 7003 ||| Stepping randomly (stuck).
  7004 | D:7      | 7004 ||| Stepping randomly (stuck).
  7005 | D:7      | 7005 ||| Stepping randomly (stuck).
  7006 | D:7      | 7006 ||| Stepping randomly (stuck).
  7007 | D:7      | 7007 ||| Stepping randomly (stuck).
  7008 | D:7      | 7008 ||| Stepping randomly (stuck).
  7009 | D:7      | 7009 ||| Stepping randomly (stuck).
  7010 | D:7      | 7010 ||| Stepping randomly (stuck).
  7011 | D:7      | 7011 ||| Stepping randomly (stuck).
  7012 | D:7      | 7012 ||| Stepping randomly (stuck).
  7013 | D:7      | 7013 ||| Stepping randomly (stuck).
  7014 | D:7      | 7014 ||| Stepping randomly (stuck).
  7015 | D:7      | 7015 ||| Stepping randomly (stuck).
  7016 | D:7      | 7016 ||| Stepping randomly (stuck).
  7017 | D:7      | 7017 ||| Stepping randomly (stuck).
  7018 | D:7      | 7018 ||| Stepping randomly (stuck).
  7019 | D:7      | 7019 ||| Stepping randomly (stuck).
  7020 | D:7      | 7020 ||| Stepping randomly (stuck).
  7021 | D:7      | 7021 ||| Stepping randomly (stuck).
  7022 | D:7      | 7022 ||| Stepping randomly (stuck).
  7023 | D:7      | 7023 ||| Stepping randomly (stuck).
  7024 | D:7      | 7024 ||| Stepping randomly (stuck).
  7025 | D:7      | 7025 ||| Stepping randomly (stuck).
  7026 | D:7      | 7026 ||| Stepping randomly (stuck).
  7027 | D:7      | 7027 ||| Stepping randomly (stuck).
  7028 | D:7      | 7028 ||| Stepping randomly (stuck).
  7029 | D:7      | 7029 ||| Stepping randomly (stuck).
  7030 | D:7      | 7030 ||| Stepping randomly (stuck).
  7031 | D:7      | 7031 ||| Stepping randomly (stuck).
  7032 | D:7      | 7032 ||| Stepping randomly (stuck).
  7033 | D:7      | 7033 ||| Stepping randomly (stuck).
  7034 | D:7      | 7034 ||| Stepping randomly (stuck).
  7035 | D:7      | 7035 ||| Stepping randomly (stuck).
  7036 | D:7      | 7036 ||| Stepping randomly (stuck).
  7037 | D:7      | 7037 ||| Stepping randomly (stuck).
  7038 | D:7      | 7038 ||| Stepping randomly (stuck).
  7039 | D:7      | 7039 ||| Stepping randomly (stuck).
  7040 | D:7      | 7040 ||| Stepping randomly (stuck).
  7041 | D:7      | 7041 ||| Stepping randomly (stuck).
  7042 | D:7      | 7042 ||| Stepping randomly (stuck).
  7043 | D:7      | 7043 ||| Stepping randomly (stuck).
  7044 | D:7      | 7044 ||| Stepping randomly (stuck).
  7045 | D:7      | 7045 ||| Stepping randomly (stuck).
  7046 | D:7      | 7046 ||| Stepping randomly (stuck).
  7047 | D:7      | 7047 ||| Stepping randomly (stuck).
  7048 | D:7      | 7048 ||| Stepping randomly (stuck).
  7049 | D:7      | 7049 ||| Stepping randomly (stuck).
  7050 | D:7      | 7050 ||| Stepping randomly (stuck).
  7051 | D:7      | 7051 ||| Stepping randomly (stuck).
  7052 | D:7      | 7052 ||| Stepping randomly (stuck).
  7053 | D:7      | 7053 ||| Stepping randomly (stuck).
  7054 | D:7      | 7054 ||| Stepping randomly (stuck).
  7055 | D:7      | 7055 ||| Stepping randomly (stuck).
  7056 | D:7      | 7056 ||| Stepping randomly (stuck).
  7057 | D:7      | 7057 ||| Stepping randomly (stuck).
  7058 | D:7      | 7058 ||| Stepping randomly (stuck).
  7059 | D:7      | 7059 ||| Stepping randomly (stuck).
  7060 | D:7      | 7060 ||| Stepping randomly (stuck).
  7061 | D:7      | 7061 ||| Stepping randomly (stuck).
  7062 | D:7      | 7062 ||| Stepping randomly (stuck).
  7063 | D:7      | 7063 ||| Stepping randomly (stuck).
  7064 | D:7      | 7064 ||| Stepping randomly (stuck).
  7065 | D:7      | 7065 ||| Stepping randomly (stuck).
  7066 | D:7      | 7066 ||| Stepping randomly (stuck).
  7067 | D:7      | 7067 ||| Stepping randomly (stuck).
  7068 | D:7      | 7068 ||| Stepping randomly (stuck).
  7069 | D:7      | 7069 ||| Stepping randomly (stuck).
  7070 | D:7      | 7070 ||| Stepping randomly (stuck).
  7071 | D:7      | 7071 ||| Stepping randomly (stuck).
  7072 | D:7      | 7072 ||| Stepping randomly (stuck).
  7073 | D:7      | 7073 ||| Stepping randomly (stuck).
  7074 | D:7      | 7074 ||| Stepping randomly (stuck).
  7075 | D:7      | 7075 ||| Stepping randomly (stuck).
  7076 | D:7      | 7076 ||| Stepping randomly (stuck).
  7077 | D:7      | 7077 ||| Stepping randomly (stuck).
  7078 | D:7      | 7078 ||| Stepping randomly (stuck).
  7079 | D:7      | 7079 ||| Stepping randomly (stuck).
  7080 | D:7      | 7080 ||| Stepping randomly (stuck).
  7081 | D:7      | 7081 ||| Stepping randomly (stuck).
  7082 | D:7      | 7082 ||| Stepping randomly (stuck).
  7083 | D:7      | 7083 ||| Stepping randomly (stuck).
  7084 | D:7      | 7084 ||| Stepping randomly (stuck).
  7085 | D:7      | 7085 ||| Stepping randomly (stuck).
  7086 | D:7      | 7086 ||| Stepping randomly (stuck).
  7087 | D:7      | 7087 ||| Stepping randomly (stuck).
  7088 | D:7      | 7088 ||| Stepping randomly (stuck).
  7089 | D:7      | 7089 ||| Stepping randomly (stuck).
  7090 | D:7      | 7090 ||| Stepping randomly (stuck).
  7091 | D:7      | 7091 ||| Stepping randomly (stuck).
  7092 | D:7      | 7092 ||| Stepping randomly (stuck).
  7093 | D:7      | 7093 ||| Stepping randomly (stuck).
  7094 | D:7      | 7094 ||| Stepping randomly (stuck).
  7095 | D:7      | 7095 ||| Stepping randomly (stuck).
  7096 | D:7      | 7096 ||| Stepping randomly (stuck).
  7097 | D:7      | 7097 ||| Stepping randomly (stuck).
  7098 | D:7      | 7098 ||| Stepping randomly (stuck).
  7099 | D:7      | 7099 ||| Stepping randomly (stuck).
  7100 | D:7      | 7100 ||| Stepping randomly (stuck).
  7101 | D:7      | 7101 ||| Stepping randomly (stuck).
  7102 | D:7      | 7102 ||| Stepping randomly (stuck).
  7103 | D:7      | 7103 ||| Stepping randomly (stuck).
  7104 | D:7      | 7104 ||| Stepping randomly (stuck).
  7105 | D:7      | 7105 ||| Stepping randomly (stuck).
  7106 | D:7      | 7106 ||| Stepping randomly (stuck).
  7107 | D:7      | 7107 ||| Stepping randomly (stuck).
  7108 | D:7      | 7108 ||| Stepping randomly (stuck).
  7109 | D:7      | 7109 ||| Stepping randomly (stuck).
  7110 | D:7      | 7110 ||| Stepping randomly (stuck).
  7111 | D:7      | 7111 ||| Stepping randomly (stuck).
  7112 | D:7      | 7112 ||| Stepping randomly (stuck).
  7113 | D:7      | 7113 ||| Stepping randomly (stuck).
  7114 | D:7      | 7114 ||| Stepping randomly (stuck).
  7115 | D:7      | 7115 ||| Stepping randomly (stuck).
  7116 | D:7      | 7116 ||| Stepping randomly (stuck).
  7117 | D:7      | 7117 ||| Stepping randomly (stuck).
  7118 | D:7      | 7118 ||| Stepping randomly (stuck).
  7119 | D:7      | 7119 ||| Stepping randomly (stuck).
  7120 | D:7      | 7120 ||| Stepping randomly (stuck).
  7121 | D:7      | 7121 ||| Stepping randomly (stuck).
  7122 | D:7      | 7122 ||| Stepping randomly (stuck).
  7123 | D:7      | 7123 ||| Stepping randomly (stuck).
  7124 | D:7      | 7124 ||| Stepping randomly (stuck).
  7125 | D:7      | 7125 ||| Stepping randomly (stuck).
  7126 | D:7      | 7126 ||| Stepping randomly (stuck).
  7127 | D:7      | 7127 ||| Stepping randomly (stuck).
  7128 | D:7      | 7128 ||| Stepping randomly (stuck).
  7129 | D:7      | 7129 ||| Stepping randomly (stuck).
  7130 | D:7      | 7130 ||| Stepping randomly (stuck).
  7131 | D:7      | 7131 ||| Stepping randomly (stuck).
  7132 | D:7      | 7132 ||| Stepping randomly (stuck).
  7133 | D:7      | 7133 ||| Stepping randomly (stuck).
  7134 | D:7      | 7134 ||| Stepping randomly (stuck).
  7135 | D:7      | 7135 ||| Stepping randomly (stuck).
  7136 | D:7      | 7136 ||| Stepping randomly (stuck).
  7137 | D:7      | 7137 ||| Stepping randomly (stuck).
  7138 | D:7      | 7138 ||| Stepping randomly (stuck).
  7139 | D:7      | 7139 ||| Stepping randomly (stuck).
  7140 | D:7      | 7140 ||| Stepping randomly (stuck).
  7141 | D:7      | 7141 ||| Stepping randomly (stuck).
  7142 | D:7      | 7142 ||| Stepping randomly (stuck).
  7143 | D:7      | 7143 ||| Stepping randomly (stuck).
  7144 | D:7      | 7144 ||| Stepping randomly (stuck).
  7145 | D:7      | 7145 ||| Stepping randomly (stuck).
  7146 | D:7      | 7146 ||| Stepping randomly (stuck).
  7147 | D:7      | 7147 ||| Stepping randomly (stuck).
  7148 | D:7      | 7148 ||| Stepping randomly (stuck).
  7149 | D:7      | 7149 ||| Stepping randomly (stuck).
  7150 | D:7      | 7150 ||| Stepping randomly (stuck).
  7151 | D:7      | 7151 ||| Stepping randomly (stuck).
  7152 | D:7      | 7152 ||| Stepping randomly (stuck).
  7153 | D:7      | 7153 ||| Stepping randomly (stuck).
  7154 | D:7      | 7154 ||| Stepping randomly (stuck).
  7155 | D:7      | 7155 ||| Stepping randomly (stuck).
  7156 | D:7      | 7156 ||| Stepping randomly (stuck).
  7157 | D:7      | 7157 ||| Stepping randomly (stuck).
  7158 | D:7      | 7158 ||| Stepping randomly (stuck).
  7159 | D:7      | 7159 ||| Stepping randomly (stuck).
  7160 | D:7      | 7160 ||| Stepping randomly (stuck).
  7161 | D:7      | 7161 ||| Stepping randomly (stuck).
  7162 | D:7      | 7162 ||| Stepping randomly (stuck).
  7163 | D:7      | 7163 ||| Stepping randomly (stuck).
  7164 | D:7      | 7164 ||| Stepping randomly (stuck).
  7165 | D:7      | 7165 ||| Stepping randomly (stuck).
  7166 | D:7      | 7166 ||| Stepping randomly (stuck).
  7167 | D:7      | 7167 ||| Stepping randomly (stuck).
  7168 | D:7      | 7168 ||| Stepping randomly (stuck).
  7169 | D:7      | 7169 ||| Stepping randomly (stuck).
  7170 | D:7      | 7170 ||| Stepping randomly (stuck).
  7171 | D:7      | 7171 ||| Stepping randomly (stuck).
  7172 | D:7      | 7172 ||| Stepping randomly (stuck).
  7173 | D:7      | 7173 ||| Stepping randomly (stuck).
  7174 | D:7      | 7174 ||| Stepping randomly (stuck).
  7175 | D:7      | 7175 ||| Stepping randomly (stuck).
  7176 | D:7      | 7176 ||| Stepping randomly (stuck).
  7177 | D:7      | 7177 ||| Stepping randomly (stuck).
  7178 | D:7      | 7178 ||| Stepping randomly (stuck).
  7179 | D:7      | 7179 ||| Stepping randomly (stuck).
  7180 | D:7      | 7180 ||| Stepping randomly (stuck).
  7181 | D:7      | 7181 ||| Stepping randomly (stuck).
  7182 | D:7      | 7182 ||| Stepping randomly (stuck).
  7183 | D:7      | 7183 ||| Stepping randomly (stuck).
  7184 | D:7      | 7184 ||| Stepping randomly (stuck).
  7185 | D:7      | 7185 ||| Stepping randomly (stuck).
  7186 | D:7      | 7186 ||| Stepping randomly (stuck).
  7187 | D:7      | 7187 ||| Stepping randomly (stuck).
  7188 | D:7      | 7188 ||| Stepping randomly (stuck).
  7189 | D:7      | 7189 ||| Stepping randomly (stuck).
  7190 | D:7      | 7190 ||| Stepping randomly (stuck).
  7191 | D:7      | 7191 ||| Stepping randomly (stuck).
  7192 | D:7      | 7192 ||| Stepping randomly (stuck).
  7193 | D:7      | 7193 ||| Stepping randomly (stuck).
  7194 | D:7      | 7194 ||| Stepping randomly (stuck).
  7195 | D:7      | 7195 ||| Stepping randomly (stuck).
  7196 | D:7      | 7196 ||| Stepping randomly (stuck).
  7197 | D:7      | 7197 ||| Stepping randomly (stuck).
  7198 | D:7      | 7198 ||| Stepping randomly (stuck).
  7199 | D:7      | 7199 ||| Stepping randomly (stuck).
  7200 | D:7      | 7200 ||| Stepping randomly (stuck).
  7201 | D:7      | 7201 ||| Stepping randomly (stuck).
  7202 | D:7      | 7202 ||| Stepping randomly (stuck).
  7203 | D:7      | 7203 ||| Stepping randomly (stuck).
  7204 | D:7      | 7204 ||| Stepping randomly (stuck).
  7205 | D:7      | 7205 ||| Stepping randomly (stuck).
  7206 | D:7      | 7206 ||| Stepping randomly (stuck).
  7207 | D:7      | 7207 ||| Stepping randomly (stuck).
  7208 | D:7      | 7208 ||| Stepping randomly (stuck).
  7209 | D:7      | 7209 ||| Stepping randomly (stuck).
  7210 | D:7      | 7210 ||| Stepping randomly (stuck).
  7211 | D:7      | 7211 ||| Stepping randomly (stuck).
  7212 | D:7      | 7212 ||| Stepping randomly (stuck).
  7213 | D:7      | 7213 ||| Stepping randomly (stuck).
  7214 | D:7      | 7214 ||| Stepping randomly (stuck).
  7215 | D:7      | 7215 ||| Stepping randomly (stuck).
  7216 | D:7      | 7216 ||| Stepping randomly (stuck).
  7217 | D:7      | 7217 ||| Stepping randomly (stuck).
  7218 | D:7      | 7218 ||| Stepping randomly (stuck).
  7219 | D:7      | 7219 ||| Stepping randomly (stuck).
  7220 | D:7      | 7220 ||| Stepping randomly (stuck).
  7221 | D:7      | 7221 ||| Stepping randomly (stuck).
  7222 | D:7      | 7222 ||| Stepping randomly (stuck).
  7223 | D:7      | 7223 ||| Stepping randomly (stuck).
  7224 | D:7      | 7224 ||| Stepping randomly (stuck).
  7225 | D:7      | 7225 ||| Stepping randomly (stuck).
  7226 | D:7      | 7226 ||| Stepping randomly (stuck).
  7227 | D:7      | 7227 ||| Stepping randomly (stuck).
  7228 | D:7      | 7228 ||| Stepping randomly (stuck).
  7229 | D:7      | 7229 ||| Stepping randomly (stuck).
  7230 | D:7      | 7230 ||| Stepping randomly (stuck).
  7231 | D:7      | 7231 ||| Stepping randomly (stuck).
  7232 | D:7      | 7232 ||| Stepping randomly (stuck).
  7233 | D:7      | 7233 ||| Stepping randomly (stuck).
  7234 | D:7      | 7234 ||| Stepping randomly (stuck).
  7235 | D:7      | 7235 ||| Stepping randomly (stuck).
  7236 | D:7      | 7236 ||| Stepping randomly (stuck).
  7237 | D:7      | 7237 ||| Stepping randomly (stuck).
  7238 | D:7      | 7238 ||| Stepping randomly (stuck).
  7239 | D:7      | 7239 ||| Stepping randomly (stuck).
  7240 | D:7      | 7240 ||| Stepping randomly (stuck).
  7241 | D:7      | 7241 ||| Stepping randomly (stuck).
  7242 | D:7      | 7242 ||| Stepping randomly (stuck).
  7243 | D:7      | 7243 ||| Stepping randomly (stuck).
  7244 | D:7      | 7244 ||| Stepping randomly (stuck).
  7245 | D:7      | 7245 ||| Stepping randomly (stuck).
  7246 | D:7      | 7246 ||| Stepping randomly (stuck).
  7247 | D:7      | 7247 ||| Stepping randomly (stuck).
  7248 | D:7      | 7248 ||| Stepping randomly (stuck).
  7249 | D:7      | 7249 ||| Stepping randomly (stuck).
  7250 | D:7      | 7250 ||| Stepping randomly (stuck).
  7251 | D:7      | 7251 ||| Stepping randomly (stuck).
  7252 | D:7      | 7252 ||| Stepping randomly (stuck).
  7253 | D:7      | 7253 ||| Stepping randomly (stuck).
  7254 | D:7      | 7254 ||| Stepping randomly (stuck).
  7255 | D:7      | 7255 ||| Stepping randomly (stuck).
  7256 | D:7      | 7256 ||| Stepping randomly (stuck).
  7257 | D:7      | 7257 ||| Stepping randomly (stuck).
  7258 | D:7      | 7258 ||| Stepping randomly (stuck).
  7259 | D:7      | 7259 ||| Stepping randomly (stuck).
  7260 | D:7      | 7260 ||| Stepping randomly (stuck).
  7261 | D:7      | 7261 ||| Stepping randomly (stuck).
  7262 | D:7      | 7262 ||| Stepping randomly (stuck).
  7263 | D:7      | 7263 ||| Stepping randomly (stuck).
  7264 | D:7      | 7264 ||| Stepping randomly (stuck).
  7265 | D:7      | 7265 ||| Stepping randomly (stuck).
  7266 | D:7      | 7266 ||| Stepping randomly (stuck).
  7267 | D:7      | 7267 ||| Stepping randomly (stuck).
  7268 | D:7      | 7268 ||| Stepping randomly (stuck).
  7269 | D:7      | 7269 ||| Stepping randomly (stuck).
  7270 | D:7      | 7270 ||| Stepping randomly (stuck).
  7271 | D:7      | 7271 ||| Stepping randomly (stuck).
  7272 | D:7      | 7272 ||| Stepping randomly (stuck).
  7273 | D:7      | 7273 ||| Stepping randomly (stuck).
  7274 | D:7      | 7274 ||| Stepping randomly (stuck).
  7275 | D:7      | 7275 ||| Stepping randomly (stuck).
  7276 | D:7      | 7276 ||| Stepping randomly (stuck).
  7277 | D:7      | 7277 ||| Stepping randomly (stuck).
  7278 | D:7      | 7278 ||| Stepping randomly (stuck).
  7279 | D:7      | 7279 ||| Stepping randomly (stuck).
  7280 | D:7      | 7280 ||| Stepping randomly (stuck).
  7281 | D:7      | 7281 ||| Stepping randomly (stuck).
  7282 | D:7      | 7282 ||| Stepping randomly (stuck).
  7283 | D:7      | 7283 ||| Stepping randomly (stuck).
  7284 | D:7      | 7284 ||| Stepping randomly (stuck).
  7285 | D:7      | 7285 ||| Stepping randomly (stuck).
  7286 | D:7      | 7286 ||| Stepping randomly (stuck).
  7287 | D:7      | 7287 ||| Stepping randomly (stuck).
  7288 | D:7      | 7288 ||| Stepping randomly (stuck).
  7289 | D:7      | 7289 ||| Stepping randomly (stuck).
  7290 | D:7      | 7290 ||| Stepping randomly (stuck).
  7291 | D:7      | 7291 ||| Stepping randomly (stuck).
  7292 | D:7      | 7292 ||| Stepping randomly (stuck).
  7293 | D:7      | 7293 ||| Stepping randomly (stuck).
  7294 | D:7      | 7294 ||| Stepping randomly (stuck).
  7295 | D:7      | 7295 ||| Stepping randomly (stuck).
  7296 | D:7      | 7296 ||| Stepping randomly (stuck).
  7297 | D:7      | 7297 ||| Stepping randomly (stuck).
  7298 | D:7      | 7298 ||| Stepping randomly (stuck).
  7299 | D:7      | 7299 ||| Stepping randomly (stuck).
  7300 | D:7      | 7300 ||| Stepping randomly (stuck).
  7301 | D:7      | 7301 ||| Stepping randomly (stuck).
  7302 | D:7      | 7302 ||| Stepping randomly (stuck).
  7303 | D:7      | 7303 ||| Stepping randomly (stuck).
  7304 | D:7      | 7304 ||| Stepping randomly (stuck).
  7305 | D:7      | 7305 ||| Stepping randomly (stuck).
  7306 | D:7      | 7306 ||| Stepping randomly (stuck).
  7307 | D:7      | 7307 ||| Stepping randomly (stuck).
  7308 | D:7      | 7308 ||| Stepping randomly (stuck).
  7309 | D:7      | 7309 ||| Stepping randomly (stuck).
  7310 | D:7      | 7310 ||| Stepping randomly (stuck).
  7311 | D:7      | 7311 ||| Stepping randomly (stuck).
  7312 | D:7      | 7312 ||| Stepping randomly (stuck).
  7313 | D:7      | 7313 ||| Stepping randomly (stuck).
  7314 | D:7      | 7314 ||| Stepping randomly (stuck).
  7315 | D:7      | 7315 ||| Stepping randomly (stuck).
  7316 | D:7      | 7316 ||| Stepping randomly (stuck).
  7317 | D:7      | 7317 ||| Stepping randomly (stuck).
  7318 | D:7      | 7318 ||| Stepping randomly (stuck).
  7319 | D:7      | 7319 ||| Stepping randomly (stuck).
  7320 | D:7      | 7320 ||| Stepping randomly (stuck).
  7321 | D:7      | 7321 ||| Stepping randomly (stuck).
  7322 | D:7      | 7322 ||| Stepping randomly (stuck).
  7323 | D:7      | 7323 ||| Stepping randomly (stuck).
  7324 | D:7      | 7324 ||| Stepping randomly (stuck).
  7325 | D:7      | 7325 ||| Stepping randomly (stuck).
  7326 | D:7      | 7326 ||| Stepping randomly (stuck).
  7327 | D:7      | 7327 ||| Stepping randomly (stuck).
  7328 | D:7      | 7328 ||| Stepping randomly (stuck).
  7329 | D:7      | 7329 ||| Stepping randomly (stuck).
  7330 | D:7      | 7330 ||| Stepping randomly (stuck).
  7331 | D:7      | 7331 ||| Stepping randomly (stuck).
  7332 | D:7      | 7332 ||| Stepping randomly (stuck).
  7333 | D:7      | 7333 ||| Stepping randomly (stuck).
  7334 | D:7      | 7334 ||| Stepping randomly (stuck).
  7335 | D:7      | 7335 ||| Stepping randomly (stuck).
  7336 | D:7      | 7336 ||| Stepping randomly (stuck).
  7337 | D:7      | 7337 ||| Stepping randomly (stuck).
  7338 | D:7      | 7338 ||| Stepping randomly (stuck).
  7339 | D:7      | 7339 ||| Stepping randomly (stuck).
  7340 | D:7      | 7340 ||| Stepping randomly (stuck).
  7341 | D:7      | 7341 ||| Stepping randomly (stuck).
  7342 | D:7      | 7342 ||| Stepping randomly (stuck).
  7343 | D:7      | 7343 ||| Stepping randomly (stuck).
  7344 | D:7      | 7344 ||| Stepping randomly (stuck).
  7345 | D:7      | 7345 ||| Stepping randomly (stuck).
  7346 | D:7      | 7346 ||| Stepping randomly (stuck).
  7347 | D:7      | 7347 ||| Stepping randomly (stuck).
  7348 | D:7      | 7348 ||| Stepping randomly (stuck).
  7349 | D:7      | 7349 ||| Stepping randomly (stuck).
  7350 | D:7      | 7350 ||| Stepping randomly (stuck).
  7351 | D:7      | 7351 ||| Stepping randomly (stuck).
  7352 | D:7      | 7352 ||| Stepping randomly (stuck).
  7353 | D:7      | 7353 ||| Stepping randomly (stuck).
  7354 | D:7      | 7354 ||| Stepping randomly (stuck).
  7355 | D:7      | 7355 ||| Stepping randomly (stuck).
  7356 | D:7      | 7356 ||| Stepping randomly (stuck).
  7357 | D:7      | 7357 ||| Stepping randomly (stuck).
  7358 | D:7      | 7358 ||| Stepping randomly (stuck).
  7359 | D:7      | 7359 ||| Stepping randomly (stuck).
  7360 | D:7      | 7360 ||| Stepping randomly (stuck).
  7361 | D:7      | 7361 ||| Stepping randomly (stuck).
  7362 | D:7      | 7362 ||| Stepping randomly (stuck).
  7363 | D:7      | 7363 ||| Stepping randomly (stuck).
  7364 | D:7      | 7364 ||| Stepping randomly (stuck).
  7365 | D:7      | 7365 ||| Stepping randomly (stuck).
  7366 | D:7      | 7366 ||| Stepping randomly (stuck).
  7367 | D:7      | 7367 ||| Stepping randomly (stuck).
  7368 | D:7      | 7368 ||| Stepping randomly (stuck).
  7369 | D:7      | 7369 ||| Stepping randomly (stuck).
  7370 | D:7      | 7370 ||| Stepping randomly (stuck).
  7371 | D:7      | 7371 ||| Stepping randomly (stuck).
  7372 | D:7      | 7372 ||| Stepping randomly (stuck).
  7373 | D:7      | 7373 ||| Stepping randomly (stuck).
  7374 | D:7      | 7374 ||| Stepping randomly (stuck).
  7375 | D:7      | 7375 ||| Stepping randomly (stuck).
  7376 | D:7      | 7376 ||| Stepping randomly (stuck).
  7377 | D:7      | 7377 ||| Stepping randomly (stuck).
  7378 | D:7      | 7378 ||| Stepping randomly (stuck).
  7379 | D:7      | 7379 ||| Stepping randomly (stuck).
  7380 | D:7      | 7380 ||| Stepping randomly (stuck).
  7381 | D:7      | 7381 ||| Stepping randomly (stuck).
  7382 | D:7      | 7382 ||| Stepping randomly (stuck).
  7383 | D:7      | 7383 ||| Stepping randomly (stuck).
  7384 | D:7      | 7384 ||| Stepping randomly (stuck).
  7385 | D:7      | 7385 ||| Stepping randomly (stuck).
  7386 | D:7      | 7386 ||| Stepping randomly (stuck).
  7387 | D:7      | 7387 ||| Stepping randomly (stuck).
  7388 | D:7      | 7388 ||| Stepping randomly (stuck).
  7389 | D:7      | 7389 ||| Stepping randomly (stuck).
  7390 | D:7      | 7390 ||| Stepping randomly (stuck).
  7391 | D:7      | 7391 ||| Stepping randomly (stuck).
  7392 | D:7      | 7392 ||| Stepping randomly (stuck).
  7393 | D:7      | 7393 ||| Stepping randomly (stuck).
  7394 | D:7      | 7394 ||| Stepping randomly (stuck).
  7395 | D:7      | 7395 ||| Stepping randomly (stuck).
  7396 | D:7      | 7396 ||| Stepping randomly (stuck).
  7397 | D:7      | 7397 ||| Stepping randomly (stuck).
  7398 | D:7      | 7398 ||| Stepping randomly (stuck).
  7399 | D:7      | 7399 ||| Stepping randomly (stuck).
  7400 | D:7      | 7400 ||| Stepping randomly (stuck).
  7401 | D:7      | 7401 ||| Stepping randomly (stuck).
  7402 | D:7      | 7402 ||| Stepping randomly (stuck).
  7403 | D:7      | 7403 ||| Stepping randomly (stuck).
  7404 | D:7      | 7404 ||| Stepping randomly (stuck).
  7405 | D:7      | 7405 ||| Stepping randomly (stuck).
  7406 | D:7      | 7406 ||| Stepping randomly (stuck).
  7407 | D:7      | 7407 ||| Stepping randomly (stuck).
  7408 | D:7      | 7408 ||| Stepping randomly (stuck).
  7409 | D:7      | 7409 ||| Stepping randomly (stuck).
  7410 | D:7      | 7410 ||| Stepping randomly (stuck).
  7411 | D:7      | 7411 ||| Stepping randomly (stuck).
  7412 | D:7      | 7412 ||| Stepping randomly (stuck).
  7413 | D:7      | 7413 ||| Stepping randomly (stuck).
  7414 | D:7      | 7414 ||| Stepping randomly (stuck).
  7415 | D:7      | 7415 ||| Stepping randomly (stuck).
  7416 | D:7      | 7416 ||| Stepping randomly (stuck).
  7417 | D:7      | 7417 ||| Stepping randomly (stuck).
  7418 | D:7      | 7418 ||| Stepping randomly (stuck).
  7419 | D:7      | 7419 ||| Stepping randomly (stuck).
  7420 | D:7      | 7420 ||| Stepping randomly (stuck).
  7421 | D:7      | 7421 ||| Stepping randomly (stuck).
  7422 | D:7      | 7422 ||| Stepping randomly (stuck).
  7423 | D:7      | 7423 ||| Stepping randomly (stuck).
  7424 | D:7      | 7424 ||| Stepping randomly (stuck).
  7425 | D:7      | 7425 ||| Stepping randomly (stuck).
  7426 | D:7      | 7426 ||| Stepping randomly (stuck).
  7427 | D:7      | 7427 ||| Stepping randomly (stuck).
  7428 | D:7      | 7428 ||| Stepping randomly (stuck).
  7429 | D:7      | 7429 ||| Stepping randomly (stuck).
  7430 | D:7      | 7430 ||| Stepping randomly (stuck).
  7431 | D:7      | 7431 ||| Stepping randomly (stuck).
  7432 | D:7      | 7432 ||| Stepping randomly (stuck).
  7433 | D:7      | 7433 ||| Stepping randomly (stuck).
  7434 | D:7      | 7434 ||| Stepping randomly (stuck).
  7435 | D:7      | 7435 ||| Stepping randomly (stuck).
  7436 | D:7      | 7436 ||| Stepping randomly (stuck).
  7437 | D:7      | 7437 ||| Stepping randomly (stuck).
  7438 | D:7      | 7438 ||| Stepping randomly (stuck).
  7439 | D:7      | 7439 ||| Stepping randomly (stuck).
  7440 | D:7      | 7440 ||| Stepping randomly (stuck).
  7441 | D:7      | 7441 ||| Stepping randomly (stuck).
  7442 | D:7      | 7442 ||| Stepping randomly (stuck).
  7443 | D:7      | 7443 ||| Stepping randomly (stuck).
  7444 | D:7      | 7444 ||| Stepping randomly (stuck).
  7445 | D:7      | 7445 ||| Stepping randomly (stuck).
  7446 | D:7      | 7446 ||| Stepping randomly (stuck).
  7447 | D:7      | 7447 ||| Stepping randomly (stuck).
  7448 | D:7      | 7448 ||| Stepping randomly (stuck).
  7449 | D:7      | 7449 ||| Stepping randomly (stuck).
  7450 | D:7      | 7450 ||| Stepping randomly (stuck).
  7451 | D:7      | 7451 ||| Stepping randomly (stuck).
  7452 | D:7      | 7452 ||| Stepping randomly (stuck).
  7453 | D:7      | 7453 ||| Stepping randomly (stuck).
  7454 | D:7      | 7454 ||| Stepping randomly (stuck).
  7455 | D:7      | 7455 ||| Stepping randomly (stuck).
  7456 | D:7      | 7456 ||| Stepping randomly (stuck).
  7457 | D:7      | 7457 ||| Stepping randomly (stuck).
  7458 | D:7      | 7458 ||| Stepping randomly (stuck).
  7459 | D:7      | 7459 ||| Stepping randomly (stuck).
  7460 | D:7      | 7460 ||| Stepping randomly (stuck).
  7461 | D:7      | 7461 ||| Stepping randomly (stuck).
  7462 | D:7      | 7462 ||| Stepping randomly (stuck).
  7463 | D:7      | 7463 ||| Stepping randomly (stuck).
  7464 | D:7      | 7464 ||| Stepping randomly (stuck).
  7465 | D:7      | 7465 ||| Stepping randomly (stuck).
  7466 | D:7      | 7466 ||| Stepping randomly (stuck).
  7467 | D:7      | 7467 ||| Stepping randomly (stuck).
  7468 | D:7      | 7468 ||| Stepping randomly (stuck).
  7469 | D:7      | 7469 ||| Stepping randomly (stuck).
  7470 | D:7      | 7470 ||| Stepping randomly (stuck).
  7471 | D:7      | 7471 ||| Stepping randomly (stuck).
  7472 | D:7      | 7472 ||| Stepping randomly (stuck).
  7473 | D:7      | 7473 ||| Stepping randomly (stuck).
  7474 | D:7      | 7474 ||| Stepping randomly (stuck).
  7475 | D:7      | 7475 ||| Stepping randomly (stuck).
  7476 | D:7      | 7476 ||| Stepping randomly (stuck).
  7477 | D:7      | 7477 ||| Stepping randomly (stuck).
  7478 | D:7      | 7478 ||| Stepping randomly (stuck).
  7479 | D:7      | 7479 ||| Stepping randomly (stuck).
  7480 | D:7      | 7480 ||| Stepping randomly (stuck).
  7481 | D:7      | 7481 ||| Stepping randomly (stuck).
  7482 | D:7      | 7482 ||| Stepping randomly (stuck).
  7483 | D:7      | 7483 ||| Stepping randomly (stuck).
  7484 | D:7      | 7484 ||| Stepping randomly (stuck).
  7485 | D:7      | 7485 ||| Stepping randomly (stuck).
  7486 | D:7      | 7486 ||| Stepping randomly (stuck).
  7487 | D:7      | 7487 ||| Stepping randomly (stuck).
  7488 | D:7      | 7488 ||| Stepping randomly (stuck).
  7489 | D:7      | 7489 ||| Stepping randomly (stuck).
  7490 | D:7      | 7490 ||| Stepping randomly (stuck).
  7491 | D:7      | 7491 ||| Stepping randomly (stuck).
  7492 | D:7      | 7492 ||| Stepping randomly (stuck).
  7493 | D:7      | 7493 ||| Stepping randomly (stuck).
  7494 | D:7      | 7494 ||| Stepping randomly (stuck).
  7495 | D:7      | 7495 ||| Stepping randomly (stuck).
  7496 | D:7      | 7496 ||| Stepping randomly (stuck).
  7497 | D:7      | 7497 ||| Stepping randomly (stuck).
  7498 | D:7      | 7498 ||| Stepping randomly (stuck).
  7499 | D:7      | 7499 ||| Stepping randomly (stuck).
  7500 | D:7      | 7500 ||| Stepping randomly (stuck).
  7501 | D:7      | 7501 ||| Stepping randomly (stuck).
  7502 | D:7      | 7502 ||| Stepping randomly (stuck).
  7503 | D:7      | 7503 ||| Stepping randomly (stuck).
  7504 | D:7      | 7504 ||| Stepping randomly (stuck).
  7505 | D:7      | 7505 ||| Stepping randomly (stuck).
  7506 | D:7      | 7506 ||| Stepping randomly (stuck).
  7507 | D:7      | 7507 ||| Stepping randomly (stuck).
  7508 | D:7      | 7508 ||| Stepping randomly (stuck).
  7509 | D:7      | 7509 ||| Stepping randomly (stuck).
  7510 | D:7      | 7510 ||| Stepping randomly (stuck).
  7511 | D:7      | 7511 ||| Stepping randomly (stuck).
  7512 | D:7      | 7512 ||| Stepping randomly (stuck).
  7513 | D:7      | 7513 ||| Stepping randomly (stuck).
  7514 | D:7      | 7514 ||| Stepping randomly (stuck).
  7515 | D:7      | 7515 ||| Stepping randomly (stuck).
  7516 | D:7      | 7516 ||| Stepping randomly (stuck).
  7517 | D:7      | 7517 ||| Stepping randomly (stuck).
  7518 | D:7      | 7518 ||| Stepping randomly (stuck).
  7519 | D:7      | 7519 ||| Stepping randomly (stuck).
  7520 | D:7      | 7520 ||| Stepping randomly (stuck).
  7521 | D:7      | 7521 ||| Stepping randomly (stuck).
  7522 | D:7      | 7522 ||| Stepping randomly (stuck).
  7523 | D:7      | 7523 ||| Stepping randomly (stuck).
  7524 | D:7      | 7524 ||| Stepping randomly (stuck).
  7525 | D:7      | 7525 ||| Stepping randomly (stuck).
  7526 | D:7      | 7526 ||| Stepping randomly (stuck).
  7527 | D:7      | 7527 ||| Stepping randomly (stuck).
  7528 | D:7      | 7528 ||| Stepping randomly (stuck).
  7529 | D:7      | 7529 ||| Stepping randomly (stuck).
  7530 | D:7      | 7530 ||| Stepping randomly (stuck).
  7531 | D:7      | 7531 ||| Stepping randomly (stuck).
  7532 | D:7      | 7532 ||| Stepping randomly (stuck).
  7533 | D:7      | 7533 ||| Stepping randomly (stuck).
  7534 | D:7      | 7534 ||| Stepping randomly (stuck).
  7535 | D:7      | 7535 ||| Stepping randomly (stuck).
  7536 | D:7      | 7536 ||| Stepping randomly (stuck).
  7537 | D:7      | 7537 ||| Stepping randomly (stuck).
  7538 | D:7      | 7538 ||| Stepping randomly (stuck).
  7539 | D:7      | 7539 ||| Stepping randomly (stuck).
  7540 | D:7      | 7540 ||| Stepping randomly (stuck).
  7541 | D:7      | 7541 ||| Stepping randomly (stuck).
  7542 | D:7      | 7542 ||| Stepping randomly (stuck).
  7543 | D:7      | 7543 ||| Stepping randomly (stuck).
  7544 | D:7      | 7544 ||| Stepping randomly (stuck).
  7545 | D:7      | 7545 ||| Stepping randomly (stuck).
  7546 | D:7      | 7546 ||| Stepping randomly (stuck).
  7547 | D:7      | 7547 ||| Stepping randomly (stuck).
  7548 | D:7      | 7548 ||| Stepping randomly (stuck).
  7549 | D:7      | 7549 ||| Stepping randomly (stuck).
  7550 | D:7      | 7550 ||| Stepping randomly (stuck).
  7551 | D:7      | 7551 ||| Stepping randomly (stuck).
  7552 | D:7      | 7552 ||| Stepping randomly (stuck).
  7553 | D:7      | 7553 ||| Stepping randomly (stuck).
  7554 | D:7      | 7554 ||| Stepping randomly (stuck).
  7555 | D:7      | 7555 ||| Stepping randomly (stuck).
  7556 | D:7      | 7556 ||| Stepping randomly (stuck).
  7557 | D:7      | 7557 ||| Stepping randomly (stuck).
  7558 | D:7      | 7558 ||| Stepping randomly (stuck).
  7559 | D:7      | 7559 ||| Stepping randomly (stuck).
  7560 | D:7      | 7560 ||| Stepping randomly (stuck).
  7561 | D:7      | 7561 ||| Stepping randomly (stuck).
  7562 | D:7      | 7562 ||| Stepping randomly (stuck).
  7563 | D:7      | 7563 ||| Stepping randomly (stuck).
  7564 | D:7      | 7564 ||| Stepping randomly (stuck).
  7565 | D:7      | 7565 ||| Stepping randomly (stuck).
  7566 | D:7      | 7566 ||| Stepping randomly (stuck).
  7567 | D:7      | 7567 ||| Stepping randomly (stuck).
  7568 | D:7      | 7568 ||| Stepping randomly (stuck).
  7569 | D:7      | 7569 ||| Stepping randomly (stuck).
  7570 | D:7      | 7570 ||| Stepping randomly (stuck).
  7571 | D:7      | 7571 ||| Stepping randomly (stuck).
  7572 | D:7      | 7572 ||| Stepping randomly (stuck).
  7573 | D:7      | 7573 ||| Stepping randomly (stuck).
  7574 | D:7      | 7574 ||| Stepping randomly (stuck).
  7575 | D:7      | 7575 ||| Stepping randomly (stuck).
  7576 | D:7      | 7576 ||| Stepping randomly (stuck).
  7577 | D:7      | 7577 ||| Stepping randomly (stuck).
  7578 | D:7      | 7578 ||| Stepping randomly (stuck).
  7579 | D:7      | 7579 ||| Stepping randomly (stuck).
  7580 | D:7      | 7580 ||| Stepping randomly (stuck).
  7581 | D:7      | 7581 ||| Stepping randomly (stuck).
  7582 | D:7      | 7582 ||| Stepping randomly (stuck).
  7583 | D:7      | 7583 ||| Stepping randomly (stuck).
  7584 | D:7      | 7584 ||| Stepping randomly (stuck).
  7585 | D:7      | 7585 ||| Stepping randomly (stuck).
  7586 | D:7      | 7586 ||| Stepping randomly (stuck).
  7587 | D:7      | 7587 ||| Stepping randomly (stuck).
  7588 | D:7      | 7588 ||| Stepping randomly (stuck).
  7589 | D:7      | 7589 ||| Stepping randomly (stuck).
  7590 | D:7      | 7590 ||| Stepping randomly (stuck).
  7591 | D:7      | 7591 ||| Stepping randomly (stuck).
  7592 | D:7      | 7592 ||| Stepping randomly (stuck).
  7593 | D:7      | 7593 ||| Stepping randomly (stuck).
  7594 | D:7      | 7594 ||| Stepping randomly (stuck).
  7595 | D:7      | 7595 ||| Stepping randomly (stuck).
  7596 | D:7      | 7596 ||| Stepping randomly (stuck).
  7597 | D:7      | 7597 ||| Stepping randomly (stuck).
  7598 | D:7      | 7598 ||| Stepping randomly (stuck).
  7599 | D:7      | 7599 ||| Stepping randomly (stuck).
  7600 | D:7      | 7600 ||| Stepping randomly (stuck).
  7601 | D:7      | 7601 ||| Stepping randomly (stuck).
  7602 | D:7      | 7602 ||| Stepping randomly (stuck).
  7603 | D:7      | 7603 ||| Stepping randomly (stuck).
  7604 | D:7      | 7604 ||| Stepping randomly (stuck).
  7605 | D:7      | 7605 ||| Stepping randomly (stuck).
  7606 | D:7      | 7606 ||| Stepping randomly (stuck).
  7607 | D:7      | 7607 ||| Stepping randomly (stuck).
  7608 | D:7      | 7608 ||| Stepping randomly (stuck).
  7609 | D:7      | 7609 ||| Stepping randomly (stuck).
  7610 | D:7      | 7610 ||| Stepping randomly (stuck).
  7611 | D:7      | 7611 ||| Stepping randomly (stuck).
  7612 | D:7      | 7612 ||| Stepping randomly (stuck).
  7613 | D:7      | 7613 ||| Stepping randomly (stuck).
  7614 | D:7      | 7614 ||| Stepping randomly (stuck).
  7615 | D:7      | 7615 ||| Stepping randomly (stuck).
  7616 | D:7      | 7616 ||| Stepping randomly (stuck).
  7617 | D:7      | 7617 ||| Stepping randomly (stuck).
  7618 | D:7      | 7618 ||| Stepping randomly (stuck).
  7619 | D:7      | 7619 ||| Stepping randomly (stuck).
  7620 | D:7      | 7620 ||| Stepping randomly (stuck).
  7621 | D:7      | 7621 ||| Stepping randomly (stuck).
  7622 | D:7      | 7622 ||| Stepping randomly (stuck).
  7623 | D:7      | 7623 ||| Stepping randomly (stuck).
  7624 | D:7      | 7624 ||| Stepping randomly (stuck).
  7625 | D:7      | 7625 ||| Stepping randomly (stuck).
  7626 | D:7      | 7626 ||| Stepping randomly (stuck).
  7627 | D:7      | 7627 ||| Stepping randomly (stuck).
  7628 | D:7      | 7628 ||| Stepping randomly (stuck).
  7629 | D:7      | 7629 ||| Stepping randomly (stuck).
  7630 | D:7      | 7630 ||| Stepping randomly (stuck).
  7631 | D:7      | 7631 ||| Stepping randomly (stuck).
  7632 | D:7      | 7632 ||| Stepping randomly (stuck).
  7633 | D:7      | 7633 ||| Stepping randomly (stuck).
  7634 | D:7      | 7634 ||| Stepping randomly (stuck).
  7635 | D:7      | 7635 ||| Stepping randomly (stuck).
  7636 | D:7      | 7636 ||| Stepping randomly (stuck).
  7637 | D:7      | 7637 ||| Stepping randomly (stuck).
  7638 | D:7      | 7638 ||| Stepping randomly (stuck).
  7639 | D:7      | 7639 ||| Stepping randomly (stuck).
  7640 | D:7      | 7640 ||| Stepping randomly (stuck).
  7641 | D:7      | 7641 ||| Stepping randomly (stuck).
  7642 | D:7      | 7642 ||| Stepping randomly (stuck).
  7643 | D:7      | 7643 ||| Stepping randomly (stuck).
  7644 | D:7      | 7644 ||| Stepping randomly (stuck).
  7645 | D:7      | 7645 ||| Stepping randomly (stuck).
  7646 | D:7      | 7646 ||| Stepping randomly (stuck).
  7647 | D:7      | 7647 ||| Stepping randomly (stuck).
  7648 | D:7      | 7648 ||| Stepping randomly (stuck).
  7649 | D:7      | 7649 ||| Stepping randomly (stuck).
  7650 | D:7      | 7650 ||| Stepping randomly (stuck).
  7651 | D:7      | 7651 ||| Stepping randomly (stuck).
  7652 | D:7      | 7652 ||| Stepping randomly (stuck).
  7653 | D:7      | 7653 ||| Stepping randomly (stuck).
  7654 | D:7      | 7654 ||| Stepping randomly (stuck).
  7655 | D:7      | 7655 ||| Stepping randomly (stuck).
  7656 | D:7      | 7656 ||| Stepping randomly (stuck).
  7657 | D:7      | 7657 ||| Stepping randomly (stuck).
  7658 | D:7      | 7658 ||| Stepping randomly (stuck).
  7659 | D:7      | 7659 ||| Stepping randomly (stuck).
  7660 | D:7      | 7660 ||| Stepping randomly (stuck).
  7661 | D:7      | 7661 ||| Stepping randomly (stuck).
  7662 | D:7      | 7662 ||| Stepping randomly (stuck).
  7663 | D:7      | 7663 ||| Stepping randomly (stuck).
  7664 | D:7      | 7664 ||| Stepping randomly (stuck).
  7665 | D:7      | 7665 ||| Stepping randomly (stuck).
  7666 | D:7      | 7666 ||| Stepping randomly (stuck).
  7667 | D:7      | 7667 ||| Stepping randomly (stuck).
  7668 | D:7      | 7668 ||| Stepping randomly (stuck).
  7669 | D:7      | 7669 ||| Stepping randomly (stuck).
  7670 | D:7      | 7670 ||| Stepping randomly (stuck).
  7671 | D:7      | 7671 ||| Stepping randomly (stuck).
  7672 | D:7      | 7672 ||| Stepping randomly (stuck).
  7673 | D:7      | 7673 ||| Stepping randomly (stuck).
  7674 | D:7      | 7674 ||| Stepping randomly (stuck).
  7675 | D:7      | 7675 ||| Stepping randomly (stuck).
  7676 | D:7      | 7676 ||| Stepping randomly (stuck).
  7677 | D:7      | 7677 ||| Stepping randomly (stuck).
  7678 | D:7      | 7678 ||| Stepping randomly (stuck).
  7679 | D:7      | 7679 ||| Stepping randomly (stuck).
  7680 | D:7      | 7680 ||| Stepping randomly (stuck).
  7681 | D:7      | 7681 ||| Stepping randomly (stuck).
  7682 | D:7      | 7682 ||| Stepping randomly (stuck).
  7683 | D:7      | 7683 ||| Stepping randomly (stuck).
  7684 | D:7      | 7684 ||| Stepping randomly (stuck).
  7685 | D:7      | 7685 ||| Stepping randomly (stuck).
  7686 | D:7      | 7686 ||| Stepping randomly (stuck).
  7687 | D:7      | 7687 ||| Stepping randomly (stuck).
  7688 | D:7      | 7688 ||| Stepping randomly (stuck).
  7689 | D:7      | 7689 ||| Stepping randomly (stuck).
  7690 | D:7      | 7690 ||| Stepping randomly (stuck).
  7691 | D:7      | 7691 ||| Stepping randomly (stuck).
  7692 | D:7      | 7692 ||| Stepping randomly (stuck).
  7693 | D:7      | 7693 ||| Stepping randomly (stuck).
  7694 | D:7      | 7694 ||| Stepping randomly (stuck).
  7695 | D:7      | 7695 ||| Stepping randomly (stuck).
  7696 | D:7      | 7696 ||| Stepping randomly (stuck).
  7697 | D:7      | 7697 ||| Stepping randomly (stuck).
  7698 | D:7      | 7698 ||| Stepping randomly (stuck).
  7699 | D:7      | 7699 ||| Stepping randomly (stuck).
  7700 | D:7      | 7700 ||| Stepping randomly (stuck).
  7701 | D:7      | 7701 ||| Stepping randomly (stuck).
  7702 | D:7      | 7702 ||| Stepping randomly (stuck).
  7703 | D:7      | 7703 ||| Stepping randomly (stuck).
  7704 | D:7      | 7704 ||| Stepping randomly (stuck).
  7705 | D:7      | 7705 ||| Stepping randomly (stuck).
  7706 | D:7      | 7706 ||| Stepping randomly (stuck).
  7707 | D:7      | 7707 ||| Stepping randomly (stuck).
  7708 | D:7      | 7708 ||| Stepping randomly (stuck).
  7709 | D:7      | 7709 ||| Stepping randomly (stuck).
  7710 | D:7      | 7710 ||| Stepping randomly (stuck).
  7711 | D:7      | 7711 ||| Stepping randomly (stuck).
  7712 | D:7      | 7712 ||| Stepping randomly (stuck).
  7713 | D:7      | 7713 ||| Stepping randomly (stuck).
  7714 | D:7      | 7714 ||| Stepping randomly (stuck).
  7715 | D:7      | 7715 ||| Stepping randomly (stuck).
  7716 | D:7      | 7716 ||| Stepping randomly (stuck).
  7717 | D:7      | 7717 ||| Stepping randomly (stuck).
  7718 | D:7      | 7718 ||| Stepping randomly (stuck).
  7719 | D:7      | 7719 ||| Stepping randomly (stuck).
  7720 | D:7      | 7720 ||| Stepping randomly (stuck).
  7721 | D:7      | 7721 ||| Stepping randomly (stuck).
  7722 | D:7      | 7722 ||| Stepping randomly (stuck).
  7723 | D:7      | 7723 ||| Stepping randomly (stuck).
  7724 | D:7      | 7724 ||| Stepping randomly (stuck).
  7725 | D:7      | 7725 ||| Stepping randomly (stuck).
  7726 | D:7      | 7726 ||| Stepping randomly (stuck).
  7727 | D:7      | 7727 ||| Stepping randomly (stuck).
  7728 | D:7      | 7728 ||| Stepping randomly (stuck).
  7729 | D:7      | 7729 ||| Stepping randomly (stuck).
  7730 | D:7      | 7730 ||| Stepping randomly (stuck).
  7731 | D:7      | 7731 ||| Stepping randomly (stuck).
  7732 | D:7      | 7732 ||| Stepping randomly (stuck).
  7733 | D:7      | 7733 ||| Stepping randomly (stuck).
  7734 | D:7      | 7734 ||| Stepping randomly (stuck).
  7735 | D:7      | 7735 ||| Stepping randomly (stuck).
  7736 | D:7      | 7736 ||| Stepping randomly (stuck).
  7737 | D:7      | 7737 ||| Stepping randomly (stuck).
  7738 | D:7      | 7738 ||| Stepping randomly (stuck).
  7739 | D:7      | 7739 ||| Stepping randomly (stuck).
  7740 | D:7      | 7740 ||| Stepping randomly (stuck).
  7741 | D:7      | 7741 ||| Stepping randomly (stuck).
  7742 | D:7      | 7742 ||| Stepping randomly (stuck).
  7743 | D:7      | 7743 ||| Stepping randomly (stuck).
  7744 | D:7      | 7744 ||| Stepping randomly (stuck).
  7745 | D:7      | 7745 ||| Stepping randomly (stuck).
  7746 | D:7      | 7746 ||| Stepping randomly (stuck).
  7747 | D:7      | 7747 ||| Stepping randomly (stuck).
  7748 | D:7      | 7748 ||| Stepping randomly (stuck).
  7749 | D:7      | 7749 ||| Stepping randomly (stuck).
  7750 | D:7      | 7750 ||| Stepping randomly (stuck).
  7751 | D:7      | 7751 ||| Stepping randomly (stuck).
  7752 | D:7      | 7752 ||| Stepping randomly (stuck).
  7753 | D:7      | 7753 ||| Stepping randomly (stuck).
  7754 | D:7      | 7754 ||| Stepping randomly (stuck).
  7755 | D:7      | 7755 ||| Stepping randomly (stuck).
  7756 | D:7      | 7756 ||| Stepping randomly (stuck).
  7757 | D:7      | 7757 ||| Stepping randomly (stuck).
  7758 | D:7      | 7758 ||| Stepping randomly (stuck).
  7759 | D:7      | 7759 ||| Stepping randomly (stuck).
  7760 | D:7      | 7760 ||| Stepping randomly (stuck).
  7761 | D:7      | 7761 ||| Stepping randomly (stuck).
  7762 | D:7      | 7762 ||| Stepping randomly (stuck).
  7763 | D:7      | 7763 ||| Stepping randomly (stuck).
  7764 | D:7      | 7764 ||| Stepping randomly (stuck).
  7765 | D:7      | 7765 ||| Stepping randomly (stuck).
  7766 | D:7      | 7766 ||| Stepping randomly (stuck).
  7767 | D:7      | 7767 ||| Stepping randomly (stuck).
  7768 | D:7      | 7768 ||| Stepping randomly (stuck).
  7769 | D:7      | 7769 ||| Stepping randomly (stuck).
  7770 | D:7      | 7770 ||| Stepping randomly (stuck).
  7771 | D:7      | 7771 ||| Stepping randomly (stuck).
  7772 | D:7      | 7772 ||| Stepping randomly (stuck).
  7773 | D:7      | 7773 ||| Stepping randomly (stuck).
  7774 | D:7      | 7774 ||| Stepping randomly (stuck).
  7775 | D:7      | 7775 ||| Stepping randomly (stuck).
  7776 | D:7      | 7776 ||| Stepping randomly (stuck).
  7777 | D:7      | 7777 ||| Stepping randomly (stuck).
  7778 | D:7      | 7778 ||| Stepping randomly (stuck).
  7779 | D:7      | 7779 ||| Stepping randomly (stuck).
  7780 | D:7      | 7780 ||| Stepping randomly (stuck).
  7781 | D:7      | 7781 ||| Stepping randomly (stuck).
  7782 | D:7      | 7782 ||| Stepping randomly (stuck).
  7783 | D:7      | 7783 ||| Stepping randomly (stuck).
  7784 | D:7      | 7784 ||| Stepping randomly (stuck).
  7785 | D:7      | 7785 ||| Stepping randomly (stuck).
  7786 | D:7      | 7786 ||| Stepping randomly (stuck).
  7787 | D:7      | 7787 ||| Stepping randomly (stuck).
  7788 | D:7      | 7788 ||| Stepping randomly (stuck).
  7789 | D:7      | 7789 ||| Stepping randomly (stuck).
  7790 | D:7      | 7790 ||| Stepping randomly (stuck).
  7791 | D:7      | 7791 ||| Stepping randomly (stuck).
  7792 | D:7      | 7792 ||| Stepping randomly (stuck).
  7793 | D:7      | 7793 ||| Stepping randomly (stuck).
  7794 | D:7      | 7794 ||| Stepping randomly (stuck).
  7795 | D:7      | 7795 ||| Stepping randomly (stuck).
  7796 | D:7      | 7796 ||| Stepping randomly (stuck).
  7797 | D:7      | 7797 ||| Stepping randomly (stuck).
  7798 | D:7      | 7798 ||| Stepping randomly (stuck).
  7799 | D:7      | 7799 ||| Stepping randomly (stuck).
  7800 | D:7      | 7800 ||| Stepping randomly (stuck).
  7801 | D:7      | 7801 ||| Stepping randomly (stuck).
  7802 | D:7      | 7802 ||| Stepping randomly (stuck).
  7803 | D:7      | 7803 ||| Stepping randomly (stuck).
  7804 | D:7      | 7804 ||| Stepping randomly (stuck).
  7805 | D:7      | 7805 ||| Stepping randomly (stuck).
  7806 | D:7      | 7806 ||| Stepping randomly (stuck).
  7807 | D:7      | 7807 ||| Stepping randomly (stuck).
  7808 | D:7      | 7808 ||| Stepping randomly (stuck).
  7809 | D:7      | 7809 ||| Stepping randomly (stuck).
  7810 | D:7      | 7810 ||| Stepping randomly (stuck).
  7811 | D:7      | 7811 ||| Stepping randomly (stuck).
  7812 | D:7      | 7812 ||| Stepping randomly (stuck).
  7813 | D:7      | 7813 ||| Stepping randomly (stuck).
  7814 | D:7      | 7814 ||| Stepping randomly (stuck).
  7815 | D:7      | 7815 ||| Stepping randomly (stuck).
  7816 | D:7      | 7816 ||| Stepping randomly (stuck).
  7817 | D:7      | 7817 ||| Stepping randomly (stuck).
  7818 | D:7      | 7818 ||| Stepping randomly (stuck).
  7819 | D:7      | 7819 ||| Stepping randomly (stuck).
  7820 | D:7      | 7820 ||| Stepping randomly (stuck).
  7821 | D:7      | 7821 ||| Stepping randomly (stuck).
  7822 | D:7      | 7822 ||| Stepping randomly (stuck).
  7823 | D:7      | 7823 ||| Stepping randomly (stuck).
  7824 | D:7      | 7824 ||| Stepping randomly (stuck).
  7825 | D:7      | 7825 ||| Stepping randomly (stuck).
  7826 | D:7      | 7826 ||| Stepping randomly (stuck).
  7827 | D:7      | 7827 ||| Stepping randomly (stuck).
  7828 | D:7      | 7828 ||| Stepping randomly (stuck).
  7829 | D:7      | 7829 ||| Stepping randomly (stuck).
  7830 | D:7      | 7830 ||| Stepping randomly (stuck).
  7831 | D:7      | 7831 ||| Stepping randomly (stuck).
  7832 | D:7      | 7832 ||| Stepping randomly (stuck).
  7833 | D:7      | 7833 ||| Stepping randomly (stuck).
  7834 | D:7      | 7834 ||| Stepping randomly (stuck).
  7835 | D:7      | 7835 ||| Stepping randomly (stuck).
  7836 | D:7      | 7836 ||| Stepping randomly (stuck).
  7837 | D:7      | 7837 ||| Stepping randomly (stuck).
  7838 | D:7      | 7838 ||| Stepping randomly (stuck).
  7839 | D:7      | 7839 ||| Stepping randomly (stuck).
  7840 | D:7      | 7840 ||| Stepping randomly (stuck).
  7841 | D:7      | 7841 ||| Stepping randomly (stuck).
  7842 | D:7      | 7842 ||| Stepping randomly (stuck).
  7843 | D:7      | 7843 ||| Stepping randomly (stuck).
  7844 | D:7      | 7844 ||| Stepping randomly (stuck).
  7845 | D:7      | 7845 ||| Stepping randomly (stuck).
  7846 | D:7      | 7846 ||| Stepping randomly (stuck).
  7847 | D:7      | 7847 ||| Stepping randomly (stuck).
  7848 | D:7      | 7848 ||| Stepping randomly (stuck).
  7849 | D:7      | 7849 ||| Stepping randomly (stuck).
  7850 | D:7      | 7850 ||| Stepping randomly (stuck).
  7851 | D:7      | 7851 ||| Stepping randomly (stuck).
  7852 | D:7      | 7852 ||| Stepping randomly (stuck).
  7853 | D:7      | 7853 ||| Stepping randomly (stuck).
  7854 | D:7      | 7854 ||| Stepping randomly (stuck).
  7855 | D:7      | 7855 ||| Stepping randomly (stuck).
  7856 | D:7      | 7856 ||| Stepping randomly (stuck).
  7857 | D:7      | 7857 ||| Stepping randomly (stuck).
  7858 | D:7      | 7858 ||| Stepping randomly (stuck).
  7859 | D:7      | 7859 ||| Stepping randomly (stuck).
  7860 | D:7      | 7860 ||| Stepping randomly (stuck).
  7861 | D:7      | 7861 ||| Stepping randomly (stuck).
  7862 | D:7      | 7862 ||| Stepping randomly (stuck).
  7863 | D:7      | 7863 ||| Stepping randomly (stuck).
  7864 | D:7      | 7864 ||| Stepping randomly (stuck).
  7865 | D:7      | 7865 ||| Stepping randomly (stuck).
  7866 | D:7      | 7866 ||| Stepping randomly (stuck).
  7867 | D:7      | 7867 ||| Stepping randomly (stuck).
  7868 | D:7      | 7868 ||| Stepping randomly (stuck).
  7869 | D:7      | 7869 ||| Stepping randomly (stuck).
  7870 | D:7      | 7870 ||| Stepping randomly (stuck).
  7871 | D:7      | 7871 ||| Stepping randomly (stuck).
  7872 | D:7      | 7872 ||| Stepping randomly (stuck).
  7873 | D:7      | 7873 ||| Stepping randomly (stuck).
  7874 | D:7      | 7874 ||| Stepping randomly (stuck).
  7875 | D:7      | 7875 ||| Stepping randomly (stuck).
  7876 | D:7      | 7876 ||| Stepping randomly (stuck).
  7877 | D:7      | 7877 ||| Stepping randomly (stuck).
  7878 | D:7      | 7878 ||| Stepping randomly (stuck).
  7879 | D:7      | 7879 ||| Stepping randomly (stuck).
  7880 | D:7      | 7880 ||| Stepping randomly (stuck).
  7881 | D:7      | 7881 ||| Stepping randomly (stuck).
  7882 | D:7      | 7882 ||| Stepping randomly (stuck).
  7883 | D:7      | 7883 ||| Stepping randomly (stuck).
  7884 | D:7      | 7884 ||| Stepping randomly (stuck).
  7885 | D:7      | 7885 ||| Stepping randomly (stuck).
  7886 | D:7      | 7886 ||| Stepping randomly (stuck).
  7887 | D:7      | 7887 ||| Stepping randomly (stuck).
  7888 | D:7      | 7888 ||| Stepping randomly (stuck).
  7889 | D:7      | 7889 ||| Stepping randomly (stuck).
  7890 | D:7      | 7890 ||| Stepping randomly (stuck).
  7891 | D:7      | 7891 ||| Stepping randomly (stuck).
  7892 | D:7      | 7892 ||| Stepping randomly (stuck).
  7893 | D:7      | 7893 ||| Stepping randomly (stuck).
  7894 | D:7      | 7894 ||| Stepping randomly (stuck).
  7895 | D:7      | 7895 ||| Stepping randomly (stuck).
  7896 | D:7      | 7896 ||| Stepping randomly (stuck).
  7897 | D:7      | 7897 ||| Stepping randomly (stuck).
  7898 | D:7      | 7898 ||| Stepping randomly (stuck).
  7899 | D:7      | 7899 ||| Stepping randomly (stuck).
  7900 | D:7      | 7900 ||| Stepping randomly (stuck).
  7901 | D:7      | 7901 ||| Stepping randomly (stuck).
  7902 | D:7      | 7902 ||| Stepping randomly (stuck).
  7903 | D:7      | 7903 ||| Stepping randomly (stuck).
  7904 | D:7      | 7904 ||| Stepping randomly (stuck).
  7905 | D:7      | 7905 ||| Stepping randomly (stuck).
  7906 | D:7      | 7906 ||| Stepping randomly (stuck).
  7907 | D:7      | 7907 ||| Stepping randomly (stuck).
  7908 | D:7      | 7908 ||| Stepping randomly (stuck).
  7909 | D:7      | 7909 ||| Stepping randomly (stuck).
  7910 | D:7      | 7910 ||| Stepping randomly (stuck).
  7911 | D:7      | 7911 ||| Stepping randomly (stuck).
  7912 | D:7      | 7912 ||| Stepping randomly (stuck).
  7913 | D:7      | 7913 ||| Stepping randomly (stuck).
  7914 | D:7      | 7914 ||| Stepping randomly (stuck).
  7915 | D:7      | 7915 ||| Stepping randomly (stuck).
  7916 | D:7      | 7916 ||| Stepping randomly (stuck).
  7917 | D:7      | 7917 ||| Stepping randomly (stuck).
  7918 | D:7      | 7918 ||| Stepping randomly (stuck).
  7919 | D:7      | 7919 ||| Stepping randomly (stuck).
  7920 | D:7      | 7920 ||| Stepping randomly (stuck).
  7921 | D:7      | 7921 ||| Stepping randomly (stuck).
  7922 | D:7      | 7922 ||| Stepping randomly (stuck).
  7923 | D:7      | 7923 ||| Stepping randomly (stuck).
  7924 | D:7      | 7924 ||| Stepping randomly (stuck).
  7925 | D:7      | 7925 ||| Stepping randomly (stuck).
  7926 | D:7      | 7926 ||| Stepping randomly (stuck).
  7927 | D:7      | 7927 ||| Stepping randomly (stuck).
  7928 | D:7      | 7928 ||| Stepping randomly (stuck).
  7929 | D:7      | 7929 ||| Stepping randomly (stuck).
  7930 | D:7      | 7930 ||| Stepping randomly (stuck).
  7931 | D:7      | 7931 ||| Stepping randomly (stuck).
  7932 | D:7      | 7932 ||| Stepping randomly (stuck).
  7933 | D:7      | 7933 ||| Stepping randomly (stuck).
  7934 | D:7      | 7934 ||| Stepping randomly (stuck).
  7935 | D:7      | 7935 ||| Stepping randomly (stuck).
  7936 | D:7      | 7936 ||| Stepping randomly (stuck).
  7937 | D:7      | 7937 ||| Stepping randomly (stuck).
  7938 | D:7      | 7938 ||| Stepping randomly (stuck).
  7939 | D:7      | 7939 ||| Stepping randomly (stuck).
  7940 | D:7      | 7940 ||| Stepping randomly (stuck).
  7941 | D:7      | 7941 ||| Stepping randomly (stuck).
  7942 | D:7      | 7942 ||| Stepping randomly (stuck).
  7943 | D:7      | 7943 ||| Stepping randomly (stuck).
  7944 | D:7      | 7944 ||| Stepping randomly (stuck).
  7945 | D:7      | 7945 ||| Stepping randomly (stuck).
  7946 | D:7      | 7946 ||| Stepping randomly (stuck).
  7947 | D:7      | 7947 ||| Stepping randomly (stuck).
  7948 | D:7      | 7948 ||| Stepping randomly (stuck).
  7949 | D:7      | 7949 ||| Stepping randomly (stuck).
  7950 | D:7      | 7950 ||| Stepping randomly (stuck).
  7951 | D:7      | 7951 ||| Stepping randomly (stuck).
  7952 | D:7      | 7952 ||| Stepping randomly (stuck).
  7953 | D:7      | 7953 ||| Stepping randomly (stuck).
  7954 | D:7      | 7954 ||| Stepping randomly (stuck).
  7955 | D:7      | 7955 ||| Stepping randomly (stuck).
  7956 | D:7      | 7956 ||| Stepping randomly (stuck).
  7957 | D:7      | 7957 ||| Stepping randomly (stuck).
  7958 | D:7      | 7958 ||| Stepping randomly (stuck).
  7959 | D:7      | 7959 ||| Stepping randomly (stuck).
  7960 | D:7      | 7960 ||| Stepping randomly (stuck).
  7961 | D:7      | 7961 ||| Stepping randomly (stuck).
  7962 | D:7      | 7962 ||| Stepping randomly (stuck).
  7963 | D:7      | 7963 ||| Stepping randomly (stuck).
  7964 | D:7      | 7964 ||| Stepping randomly (stuck).
  7965 | D:7      | 7965 ||| Stepping randomly (stuck).
  7966 | D:7      | 7966 ||| Stepping randomly (stuck).
  7967 | D:7      | 7967 ||| Stepping randomly (stuck).
  7968 | D:7      | 7968 ||| Stepping randomly (stuck).
  7969 | D:7      | 7969 ||| Stepping randomly (stuck).
  7970 | D:7      | 7970 ||| Stepping randomly (stuck).
  7971 | D:7      | 7971 ||| Stepping randomly (stuck).
  7972 | D:7      | 7972 ||| Stepping randomly (stuck).
  7973 | D:7      | 7973 ||| Stepping randomly (stuck).
  7974 | D:7      | 7974 ||| Stepping randomly (stuck).
  7975 | D:7      | 7975 ||| Stepping randomly (stuck).
  7976 | D:7      | 7976 ||| Stepping randomly (stuck).
  7977 | D:7      | 7977 ||| Stepping randomly (stuck).
  7978 | D:7      | 7978 ||| Stepping randomly (stuck).
  7979 | D:7      | 7979 ||| Stepping randomly (stuck).
  7980 | D:7      | 7980 ||| Stepping randomly (stuck).
  7981 | D:7      | 7981 ||| Stepping randomly (stuck).
  7982 | D:7      | 7982 ||| Stepping randomly (stuck).
  7983 | D:7      | 7983 ||| Stepping randomly (stuck).
  7984 | D:7      | 7984 ||| Stepping randomly (stuck).
  7985 | D:7      | 7985 ||| Stepping randomly (stuck).
  7986 | D:7      | 7986 ||| Stepping randomly (stuck).
  7987 | D:7      | 7987 ||| Stepping randomly (stuck).
  7988 | D:7      | 7988 ||| Stepping randomly (stuck).
  7989 | D:7      | 7989 ||| Stepping randomly (stuck).
  7990 | D:7      | 7990 ||| Stepping randomly (stuck).
  7991 | D:7      | 7991 ||| Stepping randomly (stuck).
  7992 | D:7      | 7992 ||| Stepping randomly (stuck).
  7993 | D:7      | 7993 ||| Stepping randomly (stuck).
  7994 | D:7      | 7994 ||| Stepping randomly (stuck).
  7995 | D:7      | 7995 ||| Stepping randomly (stuck).
  7996 | D:7      | 7996 ||| Stepping randomly (stuck).
  7997 | D:7      | 7997 ||| Stepping randomly (stuck).
  7998 | D:7      | 7998 ||| Stepping randomly (stuck).
  7999 | D:7      | 7999 ||| Stepping randomly (stuck).
  8000 | D:7      | 8000 ||| Stepping randomly (stuck).
  8001 | D:7      | 8001 ||| Stepping randomly (stuck).
  8002 | D:7      | 8002 ||| Stepping randomly (stuck).
  8003 | D:7      | 8003 ||| Stepping randomly (stuck).
  8004 | D:7      | 8004 ||| Stepping randomly (stuck).
  8005 | D:7      | 8005 ||| Stepping randomly (stuck).
  8006 | D:7      | 8006 ||| Stepping randomly (stuck).
  8007 | D:7      | 8007 ||| Stepping randomly (stuck).
  8008 | D:7      | 8008 ||| Stepping randomly (stuck).
  8009 | D:7      | 8009 ||| Stepping randomly (stuck).
  8010 | D:7      | 8010 ||| Stepping randomly (stuck).
  8011 | D:7      | 8011 ||| Stepping randomly (stuck).
  8012 | D:7      | 8012 ||| Stepping randomly (stuck).
  8013 | D:7      | 8013 ||| Stepping randomly (stuck).
  8014 | D:7      | 8014 ||| Stepping randomly (stuck).
  8015 | D:7      | 8015 ||| Stepping randomly (stuck).
  8016 | D:7      | 8016 ||| Stepping randomly (stuck).
  8017 | D:7      | 8017 ||| Stepping randomly (stuck).
  8018 | D:7      | 8018 ||| Stepping randomly (stuck).
  8019 | D:7      | 8019 ||| Stepping randomly (stuck).
  8020 | D:7      | 8020 ||| Stepping randomly (stuck).
  8021 | D:7      | 8021 ||| Stepping randomly (stuck).
  8022 | D:7      | 8022 ||| Stepping randomly (stuck).
  8023 | D:7      | 8023 ||| Stepping randomly (stuck).
  8024 | D:7      | 8024 ||| Stepping randomly (stuck).
  8025 | D:7      | 8025 ||| Stepping randomly (stuck).
  8026 | D:7      | 8026 ||| Stepping randomly (stuck).
  8027 | D:7      | 8027 ||| Stepping randomly (stuck).
  8028 | D:7      | 8028 ||| Stepping randomly (stuck).
  8029 | D:7      | 8029 ||| Stepping randomly (stuck).
  8030 | D:7      | 8030 ||| Stepping randomly (stuck).
  8031 | D:7      | 8031 ||| Stepping randomly (stuck).
  8032 | D:7      | 8032 ||| Stepping randomly (stuck).
  8033 | D:7      | 8033 ||| Stepping randomly (stuck).
  8034 | D:7      | 8034 ||| Stepping randomly (stuck).
  8035 | D:7      | 8035 ||| Stepping randomly (stuck).
  8036 | D:7      | 8036 ||| Stepping randomly (stuck).
  8037 | D:7      | 8037 ||| Stepping randomly (stuck).
  8038 | D:7      | 8038 ||| Stepping randomly (stuck).
  8039 | D:7      | 8039 ||| Stepping randomly (stuck).
  8040 | D:7      | 8040 ||| Stepping randomly (stuck).
  8041 | D:7      | 8041 ||| Stepping randomly (stuck).
  8042 | D:7      | 8042 ||| Stepping randomly (stuck).
  8043 | D:7      | 8043 ||| Stepping randomly (stuck).
  8044 | D:7      | 8044 ||| Stepping randomly (stuck).
  8045 | D:7      | 8045 ||| Stepping randomly (stuck).
  8046 | D:7      | 8046 ||| Stepping randomly (stuck).
  8047 | D:7      | 8047 ||| Stepping randomly (stuck).
  8048 | D:7      | 8048 ||| Stepping randomly (stuck).
  8049 | D:7      | 8049 ||| Stepping randomly (stuck).
  8050 | D:7      | 8050 ||| Stepping randomly (stuck).
  8051 | D:7      | 8051 ||| Stepping randomly (stuck).
  8052 | D:7      | 8052 ||| Stepping randomly (stuck).
  8053 | D:7      | 8053 ||| Stepping randomly (stuck).
  8054 | D:7      | 8054 ||| Stepping randomly (stuck).
  8055 | D:7      | 8055 ||| Stepping randomly (stuck).
  8056 | D:7      | 8056 ||| Stepping randomly (stuck).
  8057 | D:7      | 8057 ||| Stepping randomly (stuck).
  8058 | D:7      | 8058 ||| Stepping randomly (stuck).
  8059 | D:7      | 8059 ||| Stepping randomly (stuck).
  8060 | D:7      | 8060 ||| Stepping randomly (stuck).
  8061 | D:7      | 8061 ||| Stepping randomly (stuck).
  8062 | D:7      | 8062 ||| Stepping randomly (stuck).
  8063 | D:7      | 8063 ||| Stepping randomly (stuck).
  8064 | D:7      | 8064 ||| Stepping randomly (stuck).
  8065 | D:7      | 8065 ||| Stepping randomly (stuck).
  8066 | D:7      | 8066 ||| Stepping randomly (stuck).
  8067 | D:7      | 8067 ||| Stepping randomly (stuck).
  8068 | D:7      | 8068 ||| Stepping randomly (stuck).
  8069 | D:7      | 8069 ||| Stepping randomly (stuck).
  8070 | D:7      | 8070 ||| Stepping randomly (stuck).
  8071 | D:7      | 8071 ||| Stepping randomly (stuck).
  8072 | D:7      | 8072 ||| Stepping randomly (stuck).
  8073 | D:7      | 8073 ||| Stepping randomly (stuck).
  8074 | D:7      | 8074 ||| Stepping randomly (stuck).
  8075 | D:7      | 8075 ||| Stepping randomly (stuck).
  8076 | D:7      | 8076 ||| Stepping randomly (stuck).
  8077 | D:7      | 8077 ||| Stepping randomly (stuck).
  8078 | D:7      | 8078 ||| Stepping randomly (stuck).
  8079 | D:7      | 8079 ||| Stepping randomly (stuck).
  8080 | D:7      | 8080 ||| Stepping randomly (stuck).
  8081 | D:7      | 8081 ||| Stepping randomly (stuck).
  8082 | D:7      | 8082 ||| Stepping randomly (stuck).
  8083 | D:7      | 8083 ||| Stepping randomly (stuck).
  8084 | D:7      | 8084 ||| Stepping randomly (stuck).
  8085 | D:7      | 8085 ||| Stepping randomly (stuck).
  8086 | D:7      | 8086 ||| Stepping randomly (stuck).
  8087 | D:7      | 8087 ||| Stepping randomly (stuck).
  8088 | D:7      | 8088 ||| Stepping randomly (stuck).
  8089 | D:7      | 8089 ||| Stepping randomly (stuck).
  8090 | D:7      | 8090 ||| Stepping randomly (stuck).
  8091 | D:7      | 8091 ||| Stepping randomly (stuck).
  8092 | D:7      | 8092 ||| Stepping randomly (stuck).
  8093 | D:7      | 8093 ||| Stepping randomly (stuck).
  8094 | D:7      | 8094 ||| Stepping randomly (stuck).
  8095 | D:7      | 8095 ||| Stepping randomly (stuck).
  8096 | D:7      | 8096 ||| Stepping randomly (stuck).
  8097 | D:7      | 8097 ||| Stepping randomly (stuck).
  8098 | D:7      | 8098 ||| Stepping randomly (stuck).
  8099 | D:7      | 8099 ||| Stepping randomly (stuck).
  8100 | D:7      | 8100 ||| Stepping randomly (stuck).
  8101 | D:7      | 8101 ||| Stepping randomly (stuck).
  8102 | D:7      | 8102 ||| Stepping randomly (stuck).
  8103 | D:7      | 8103 ||| Stepping randomly (stuck).
  8104 | D:7      | 8104 ||| Stepping randomly (stuck).
  8105 | D:7      | 8105 ||| Stepping randomly (stuck).
  8106 | D:7      | 8106 ||| Stepping randomly (stuck).
  8107 | D:7      | 8107 ||| Stepping randomly (stuck).
  8108 | D:7      | 8108 ||| Stepping randomly (stuck).
  8109 | D:7      | 8109 ||| Stepping randomly (stuck).
  8110 | D:7      | 8110 ||| Stepping randomly (stuck).
  8111 | D:7      | 8111 ||| Stepping randomly (stuck).
  8112 | D:7      | 8112 ||| Stepping randomly (stuck).
  8113 | D:7      | 8113 ||| Stepping randomly (stuck).
  8114 | D:7      | 8114 ||| Stepping randomly (stuck).
  8115 | D:7      | 8115 ||| Stepping randomly (stuck).
  8116 | D:7      | 8116 ||| Stepping randomly (stuck).
  8117 | D:7      | 8117 ||| Stepping randomly (stuck).
  8118 | D:7      | 8118 ||| Stepping randomly (stuck).
  8119 | D:7      | 8119 ||| Stepping randomly (stuck).
  8120 | D:7      | 8120 ||| Stepping randomly (stuck).
  8121 | D:7      | 8121 ||| Stepping randomly (stuck).
  8122 | D:7      | 8122 ||| Stepping randomly (stuck).
  8123 | D:7      | 8123 ||| Stepping randomly (stuck).
  8124 | D:7      | 8124 ||| Stepping randomly (stuck).
  8125 | D:7      | 8125 ||| Stepping randomly (stuck).
  8126 | D:7      | 8126 ||| Stepping randomly (stuck).
  8127 | D:7      | 8127 ||| Stepping randomly (stuck).
  8128 | D:7      | 8128 ||| Stepping randomly (stuck).
  8129 | D:7      | 8129 ||| Stepping randomly (stuck).
  8130 | D:7      | 8130 ||| Stepping randomly (stuck).
  8131 | D:7      | 8131 ||| Stepping randomly (stuck).
  8132 | D:7      | 8132 ||| Stepping randomly (stuck).
  8133 | D:7      | 8133 ||| Stepping randomly (stuck).
  8134 | D:7      | 8134 ||| Stepping randomly (stuck).
  8135 | D:7      | 8135 ||| Stepping randomly (stuck).
  8136 | D:7      | 8136 ||| Stepping randomly (stuck).
  8137 | D:7      | 8137 ||| Stepping randomly (stuck).
  8138 | D:7      | 8138 ||| Stepping randomly (stuck).
  8139 | D:7      | 8139 ||| Stepping randomly (stuck).
  8140 | D:7      | 8140 ||| Stepping randomly (stuck).
  8141 | D:7      | 8141 ||| Stepping randomly (stuck).
  8142 | D:7      | 8142 ||| Stepping randomly (stuck).
  8143 | D:7      | 8143 ||| Stepping randomly (stuck).
  8144 | D:7      | 8144 ||| Stepping randomly (stuck).
  8145 | D:7      | 8145 ||| Stepping randomly (stuck).
  8146 | D:7      | 8146 ||| Stepping randomly (stuck).
  8147 | D:7      | 8147 ||| Stepping randomly (stuck).
  8148 | D:7      | 8148 ||| Stepping randomly (stuck).
  8149 | D:7      | 8149 ||| Stepping randomly (stuck).
  8150 | D:7      | 8150 ||| Stepping randomly (stuck).
  8151 | D:7      | 8151 ||| Stepping randomly (stuck).
  8152 | D:7      | 8152 ||| Stepping randomly (stuck).
  8153 | D:7      | 8153 ||| Stepping randomly (stuck).
  8154 | D:7      | 8154 ||| Stepping randomly (stuck).
  8155 | D:7      | 8155 ||| Stepping randomly (stuck).
  8156 | D:7      | 8156 ||| Stepping randomly (stuck).
  8157 | D:7      | 8157 ||| Stepping randomly (stuck).
  8158 | D:7      | 8158 ||| Stepping randomly (stuck).
  8159 | D:7      | 8159 ||| Stepping randomly (stuck).
  8160 | D:7      | 8160 ||| Stepping randomly (stuck).
  8161 | D:7      | 8161 ||| Stepping randomly (stuck).
  8162 | D:7      | 8162 ||| Stepping randomly (stuck).
  8163 | D:7      | 8163 ||| Stepping randomly (stuck).
  8164 | D:7      | 8164 ||| Stepping randomly (stuck).
  8165 | D:7      | 8165 ||| Stepping randomly (stuck).
  8166 | D:7      | 8166 ||| Stepping randomly (stuck).
  8167 | D:7      | 8167 ||| Stepping randomly (stuck).
  8168 | D:7      | 8168 ||| Stepping randomly (stuck).
  8169 | D:7      | 8169 ||| Stepping randomly (stuck).
  8170 | D:7      | 8170 ||| Stepping randomly (stuck).
  8171 | D:7      | 8171 ||| Stepping randomly (stuck).
  8172 | D:7      | 8172 ||| Stepping randomly (stuck).
  8173 | D:7      | 8173 ||| Stepping randomly (stuck).
  8174 | D:7      | 8174 ||| Stepping randomly (stuck).
  8175 | D:7      | 8175 ||| Stepping randomly (stuck).
  8176 | D:7      | 8176 ||| Stepping randomly (stuck).
  8177 | D:7      | 8177 ||| Stepping randomly (stuck).
  8178 | D:7      | 8178 ||| Stepping randomly (stuck).
  8179 | D:7      | 8179 ||| Stepping randomly (stuck).
  8180 | D:7      | 8180 ||| Stepping randomly (stuck).
  8181 | D:7      | 8181 ||| Stepping randomly (stuck).
  8182 | D:7      | 8182 ||| Stepping randomly (stuck).
  8183 | D:7      | 8183 ||| Stepping randomly (stuck).
  8184 | D:7      | 8184 ||| Stepping randomly (stuck).
  8185 | D:7      | 8185 ||| Stepping randomly (stuck).
  8186 | D:7      | 8186 ||| Stepping randomly (stuck).
  8187 | D:7      | 8187 ||| Stepping randomly (stuck).
  8188 | D:7      | 8188 ||| Stepping randomly (stuck).
  8189 | D:7      | 8189 ||| Stepping randomly (stuck).
  8190 | D:7      | 8190 ||| Stepping randomly (stuck).
  8191 | D:7      | 8191 ||| Stepping randomly (stuck).
  8192 | D:7      | 8192 ||| Stepping randomly (stuck).
  8193 | D:7      | 8193 ||| Stepping randomly (stuck).
  8194 | D:7      | 8194 ||| Stepping randomly (stuck).
  8195 | D:7      | 8195 ||| Stepping randomly (stuck).
  8196 | D:7      | 8196 ||| Stepping randomly (stuck).
  8197 | D:7      | 8197 ||| Stepping randomly (stuck).
  8198 | D:7      | 8198 ||| Stepping randomly (stuck).
  8199 | D:7      | 8199 ||| Stepping randomly (stuck).
  8200 | D:7      | 8200 ||| Stepping randomly (stuck).
  8201 | D:7      | 8201 ||| Stepping randomly (stuck).
  8202 | D:7      | 8202 ||| Stepping randomly (stuck).
  8203 | D:7      | 8203 ||| Stepping randomly (stuck).
  8204 | D:7      | 8204 ||| Stepping randomly (stuck).
  8205 | D:7      | 8205 ||| Stepping randomly (stuck).
  8206 | D:7      | 8206 ||| Stepping randomly (stuck).
  8207 | D:7      | 8207 ||| Stepping randomly (stuck).
  8208 | D:7      | 8208 ||| Stepping randomly (stuck).
  8209 | D:7      | 8209 ||| Stepping randomly (stuck).
  8210 | D:7      | 8210 ||| Stepping randomly (stuck).
  8211 | D:7      | 8211 ||| Stepping randomly (stuck).
  8212 | D:7      | 8212 ||| Stepping randomly (stuck).
  8213 | D:7      | 8213 ||| Stepping randomly (stuck).
  8214 | D:7      | 8214 ||| Stepping randomly (stuck).
  8215 | D:7      | 8215 ||| Stepping randomly (stuck).
  8216 | D:7      | 8216 ||| Stepping randomly (stuck).
  8217 | D:7      | 8217 ||| Stepping randomly (stuck).
  8218 | D:7      | 8218 ||| Stepping randomly (stuck).
  8219 | D:7      | 8219 ||| Stepping randomly (stuck).
  8220 | D:7      | 8220 ||| Stepping randomly (stuck).
  8221 | D:7      | 8221 ||| Stepping randomly (stuck).
  8222 | D:7      | 8222 ||| Stepping randomly (stuck).
  8223 | D:7      | 8223 ||| Stepping randomly (stuck).
  8224 | D:7      | 8224 ||| Stepping randomly (stuck).
  8225 | D:7      | 8225 ||| Stepping randomly (stuck).
  8226 | D:7      | 8226 ||| Stepping randomly (stuck).
  8227 | D:7      | 8227 ||| Stepping randomly (stuck).
  8228 | D:7      | 8228 ||| Stepping randomly (stuck).
  8229 | D:7      | 8229 ||| Stepping randomly (stuck).
  8230 | D:7      | 8230 ||| Stepping randomly (stuck).
  8231 | D:7      | 8231 ||| Stepping randomly (stuck).
  8232 | D:7      | 8232 ||| Stepping randomly (stuck).
  8233 | D:7      | 8233 ||| Stepping randomly (stuck).
  8234 | D:7      | 8234 ||| Stepping randomly (stuck).
  8235 | D:7      | 8235 ||| Stepping randomly (stuck).
  8236 | D:7      | 8236 ||| Stepping randomly (stuck).
  8237 | D:7      | 8237 ||| Stepping randomly (stuck).
  8238 | D:7      | 8238 ||| Stepping randomly (stuck).
  8239 | D:7      | 8239 ||| Stepping randomly (stuck).
  8240 | D:7      | 8240 ||| Stepping randomly (stuck).
  8241 | D:7      | 8241 ||| Stepping randomly (stuck).
  8242 | D:7      | 8242 ||| Stepping randomly (stuck).
  8243 | D:7      | 8243 ||| Stepping randomly (stuck).
  8244 | D:7      | 8244 ||| Stepping randomly (stuck).
  8245 | D:7      | 8245 ||| Stepping randomly (stuck).
  8246 | D:7      | 8246 ||| Stepping randomly (stuck).
  8247 | D:7      | 8247 ||| Stepping randomly (stuck).
  8248 | D:7      | 8248 ||| Stepping randomly (stuck).
  8249 | D:7      | 8249 ||| Stepping randomly (stuck).
  8250 | D:7      | 8250 ||| Stepping randomly (stuck).
  8251 | D:7      | 8251 ||| Stepping randomly (stuck).
  8252 | D:7      | 8252 ||| Stepping randomly (stuck).
  8253 | D:7      | 8253 ||| Stepping randomly (stuck).
  8254 | D:7      | 8254 ||| Stepping randomly (stuck).
  8255 | D:7      | 8255 ||| Stepping randomly (stuck).
  8256 | D:7      | 8256 ||| Stepping randomly (stuck).
  8257 | D:7      | 8257 ||| Stepping randomly (stuck).
  8258 | D:7      | 8258 ||| Stepping randomly (stuck).
  8259 | D:7      | 8259 ||| Stepping randomly (stuck).
  8260 | D:7      | 8260 ||| Stepping randomly (stuck).
  8261 | D:7      | 8261 ||| Stepping randomly (stuck).
  8262 | D:7      | 8262 ||| Stepping randomly (stuck).
  8263 | D:7      | 8263 ||| Stepping randomly (stuck).
  8264 | D:7      | 8264 ||| Stepping randomly (stuck).
  8265 | D:7      | 8265 ||| Stepping randomly (stuck).
  8266 | D:7      | 8266 ||| Stepping randomly (stuck).
  8267 | D:7      | 8267 ||| Stepping randomly (stuck).
  8268 | D:7      | 8268 ||| Stepping randomly (stuck).
  8269 | D:7      | 8269 ||| Stepping randomly (stuck).
  8270 | D:7      | 8270 ||| Stepping randomly (stuck).
  8271 | D:7      | 8271 ||| Stepping randomly (stuck).
  8272 | D:7      | 8272 ||| Stepping randomly (stuck).
  8273 | D:7      | 8273 ||| Stepping randomly (stuck).
  8274 | D:7      | 8274 ||| Stepping randomly (stuck).
  8275 | D:7      | 8275 ||| Stepping randomly (stuck).
  8276 | D:7      | 8276 ||| Stepping randomly (stuck).
  8277 | D:7      | 8277 ||| Stepping randomly (stuck).
  8278 | D:7      | 8278 ||| Stepping randomly (stuck).
  8279 | D:7      | 8279 ||| Stepping randomly (stuck).
  8280 | D:7      | 8280 ||| Stepping randomly (stuck).
  8281 | D:7      | 8281 ||| Stepping randomly (stuck).
  8282 | D:7      | 8282 ||| Stepping randomly (stuck).
  8283 | D:7      | 8283 ||| Stepping randomly (stuck).
  8284 | D:7      | 8284 ||| Stepping randomly (stuck).
  8285 | D:7      | 8285 ||| Stepping randomly (stuck).
  8286 | D:7      | 8286 ||| Stepping randomly (stuck).
  8287 | D:7      | 8287 ||| Stepping randomly (stuck).
  8288 | D:7      | 8288 ||| Stepping randomly (stuck).
  8289 | D:7      | 8289 ||| Stepping randomly (stuck).
  8290 | D:7      | 8290 ||| Stepping randomly (stuck).
  8291 | D:7      | 8291 ||| Stepping randomly (stuck).
  8292 | D:7      | 8292 ||| Stepping randomly (stuck).
  8293 | D:7      | 8293 ||| Stepping randomly (stuck).
  8294 | D:7      | 8294 ||| Stepping randomly (stuck).
  8295 | D:7      | 8295 ||| Stepping randomly (stuck).
  8296 | D:7      | 8296 ||| Stepping randomly (stuck).
  8297 | D:7      | 8297 ||| Stepping randomly (stuck).
  8298 | D:7      | 8298 ||| Stepping randomly (stuck).
  8299 | D:7      | 8299 ||| Stepping randomly (stuck).
  8300 | D:7      | 8300 ||| Stepping randomly (stuck).
  8301 | D:7      | 8301 ||| Stepping randomly (stuck).
  8302 | D:7      | 8302 ||| Stepping randomly (stuck).
  8303 | D:7      | 8303 ||| Stepping randomly (stuck).
  8304 | D:7      | 8304 ||| Stepping randomly (stuck).
  8305 | D:7      | 8305 ||| Stepping randomly (stuck).
  8306 | D:7      | 8306 ||| Stepping randomly (stuck).
  8307 | D:7      | 8307 ||| Stepping randomly (stuck).
  8308 | D:7      | 8308 ||| Stepping randomly (stuck).
  8309 | D:7      | 8309 ||| Stepping randomly (stuck).
  8310 | D:7      | 8310 ||| Stepping randomly (stuck).
  8311 | D:7      | 8311 ||| Stepping randomly (stuck).
  8312 | D:7      | 8312 ||| Stepping randomly (stuck).
  8313 | D:7      | 8313 ||| Stepping randomly (stuck).
  8314 | D:7      | 8314 ||| Stepping randomly (stuck).
  8315 | D:7      | 8315 ||| Stepping randomly (stuck).
  8316 | D:7      | 8316 ||| Stepping randomly (stuck).
  8317 | D:7      | 8317 ||| Stepping randomly (stuck).
  8318 | D:7      | 8318 ||| Stepping randomly (stuck).
  8319 | D:7      | 8319 ||| Stepping randomly (stuck).
  8320 | D:7      | 8320 ||| Stepping randomly (stuck).
  8321 | D:7      | 8321 ||| Stepping randomly (stuck).
  8322 | D:7      | 8322 ||| Stepping randomly (stuck).
  8323 | D:7      | 8323 ||| Stepping randomly (stuck).
  8324 | D:7      | 8324 ||| Stepping randomly (stuck).
  8325 | D:7      | 8325 ||| Stepping randomly (stuck).
  8326 | D:7      | 8326 ||| Stepping randomly (stuck).
  8327 | D:7      | 8327 ||| Stepping randomly (stuck).
  8328 | D:7      | 8328 ||| Stepping randomly (stuck).
  8329 | D:7      | 8329 ||| Stepping randomly (stuck).
  8330 | D:7      | 8330 ||| Stepping randomly (stuck).
  8331 | D:7      | 8331 ||| Stepping randomly (stuck).
  8332 | D:7      | 8332 ||| Stepping randomly (stuck).
  8333 | D:7      | 8333 ||| Stepping randomly (stuck).
  8334 | D:7      | 8334 ||| Stepping randomly (stuck).
  8335 | D:7      | 8335 ||| Stepping randomly (stuck).
  8336 | D:7      | 8336 ||| Stepping randomly (stuck).
  8337 | D:7      | 8337 ||| Stepping randomly (stuck).
  8338 | D:7      | 8338 ||| Stepping randomly (stuck).
  8339 | D:7      | 8339 ||| Stepping randomly (stuck).
  8340 | D:7      | 8340 ||| Stepping randomly (stuck).
  8341 | D:7      | 8341 ||| Stepping randomly (stuck).
  8342 | D:7      | 8342 ||| Stepping randomly (stuck).
  8343 | D:7      | 8343 ||| Stepping randomly (stuck).
  8344 | D:7      | 8344 ||| Stepping randomly (stuck).
  8345 | D:7      | 8345 ||| Stepping randomly (stuck).
  8346 | D:7      | 8346 ||| Stepping randomly (stuck).
  8347 | D:7      | 8347 ||| Stepping randomly (stuck).
  8348 | D:7      | 8348 ||| Stepping randomly (stuck).
  8349 | D:7      | 8349 ||| Stepping randomly (stuck).
  8350 | D:7      | 8350 ||| Stepping randomly (stuck).
  8351 | D:7      | 8351 ||| Stepping randomly (stuck).
  8352 | D:7      | 8352 ||| Stepping randomly (stuck).
  8353 | D:7      | 8353 ||| Stepping randomly (stuck).
  8354 | D:7      | 8354 ||| Stepping randomly (stuck).
  8355 | D:7      | 8355 ||| Stepping randomly (stuck).
  8356 | D:7      | 8356 ||| Stepping randomly (stuck).
  8357 | D:7      | 8357 ||| Stepping randomly (stuck).
  8358 | D:7      | 8358 ||| Stepping randomly (stuck).
  8359 | D:7      | 8359 ||| Stepping randomly (stuck).
  8360 | D:7      | 8360 ||| Stepping randomly (stuck).
  8361 | D:7      | 8361 ||| Stepping randomly (stuck).
  8362 | D:7      | 8362 ||| Stepping randomly (stuck).
  8363 | D:7      | 8363 ||| Stepping randomly (stuck).
  8364 | D:7      | 8364 ||| Stepping randomly (stuck).
  8365 | D:7      | 8365 ||| Stepping randomly (stuck).
  8366 | D:7      | 8366 ||| Stepping randomly (stuck).
  8367 | D:7      | 8367 ||| Stepping randomly (stuck).
  8368 | D:7      | 8368 ||| Stepping randomly (stuck).
  8369 | D:7      | 8369 ||| Stepping randomly (stuck).
  8370 | D:7      | 8370 ||| Stepping randomly (stuck).
  8371 | D:7      | 8371 ||| Stepping randomly (stuck).
  8372 | D:7      | 8372 ||| Stepping randomly (stuck).
  8373 | D:7      | 8373 ||| Stepping randomly (stuck).
  8374 | D:7      | 8374 ||| Stepping randomly (stuck).
  8375 | D:7      | 8375 ||| Stepping randomly (stuck).
  8376 | D:7      | 8376 ||| Stepping randomly (stuck).
  8377 | D:7      | 8377 ||| Stepping randomly (stuck).
  8378 | D:7      | 8378 ||| Stepping randomly (stuck).
  8379 | D:7      | 8379 ||| Stepping randomly (stuck).
  8380 | D:7      | 8380 ||| Stepping randomly (stuck).
  8381 | D:7      | 8381 ||| Stepping randomly (stuck).
  8382 | D:7      | 8382 ||| Stepping randomly (stuck).
  8383 | D:7      | 8383 ||| Stepping randomly (stuck).
  8384 | D:7      | 8384 ||| Stepping randomly (stuck).
  8385 | D:7      | 8385 ||| Stepping randomly (stuck).
  8386 | D:7      | 8386 ||| Stepping randomly (stuck).
  8387 | D:7      | 8387 ||| Stepping randomly (stuck).
  8388 | D:7      | 8388 ||| Stepping randomly (stuck).
  8389 | D:7      | 8389 ||| Stepping randomly (stuck).
  8390 | D:7      | 8390 ||| Stepping randomly (stuck).
  8391 | D:7      | 8391 ||| Stepping randomly (stuck).
  8392 | D:7      | 8392 ||| Stepping randomly (stuck).
  8393 | D:7      | 8393 ||| Stepping randomly (stuck).
  8394 | D:7      | 8394 ||| Stepping randomly (stuck).
  8395 | D:7      | 8395 ||| Stepping randomly (stuck).
  8396 | D:7      | 8396 ||| Stepping randomly (stuck).
  8397 | D:7      | 8397 ||| Stepping randomly (stuck).
  8398 | D:7      | 8398 ||| Stepping randomly (stuck).
  8399 | D:7      | 8399 ||| Stepping randomly (stuck).
  8400 | D:7      | 8400 ||| Stepping randomly (stuck).
  8401 | D:7      | 8401 ||| Stepping randomly (stuck).
  8402 | D:7      | 8402 ||| Stepping randomly (stuck).
  8403 | D:7      | 8403 ||| Stepping randomly (stuck).
  8404 | D:7      | 8404 ||| Stepping randomly (stuck).
  8405 | D:7      | 8405 ||| Stepping randomly (stuck).
  8406 | D:7      | 8406 ||| Stepping randomly (stuck).
  8407 | D:7      | 8407 ||| Stepping randomly (stuck).
  8408 | D:7      | 8408 ||| Stepping randomly (stuck).
  8409 | D:7      | 8409 ||| Stepping randomly (stuck).
  8410 | D:7      | 8410 ||| Stepping randomly (stuck).
  8411 | D:7      | 8411 ||| Stepping randomly (stuck).
  8412 | D:7      | 8412 ||| Stepping randomly (stuck).
  8413 | D:7      | 8413 ||| Stepping randomly (stuck).
  8414 | D:7      | 8414 ||| Stepping randomly (stuck).
  8415 | D:7      | 8415 ||| Stepping randomly (stuck).
  8416 | D:7      | 8416 ||| Stepping randomly (stuck).
  8417 | D:7      | 8417 ||| Stepping randomly (stuck).
  8418 | D:7      | 8418 ||| Stepping randomly (stuck).
  8419 | D:7      | 8419 ||| Stepping randomly (stuck).
  8420 | D:7      | 8420 ||| Stepping randomly (stuck).
  8421 | D:7      | 8421 ||| Stepping randomly (stuck).
  8422 | D:7      | 8422 ||| Stepping randomly (stuck).
  8423 | D:7      | 8423 ||| Stepping randomly (stuck).
  8424 | D:7      | 8424 ||| Stepping randomly (stuck).
  8425 | D:7      | 8425 ||| Stepping randomly (stuck).
  8426 | D:7      | 8426 ||| Stepping randomly (stuck).
  8427 | D:7      | 8427 ||| Stepping randomly (stuck).
  8428 | D:7      | 8428 ||| Stepping randomly (stuck).
  8429 | D:7      | 8429 ||| Stepping randomly (stuck).
  8430 | D:7      | 8430 ||| Stepping randomly (stuck).
  8431 | D:7      | 8431 ||| Stepping randomly (stuck).
  8432 | D:7      | 8432 ||| Stepping randomly (stuck).
  8433 | D:7      | 8433 ||| Stepping randomly (stuck).
  8434 | D:7      | 8434 ||| Stepping randomly (stuck).
  8435 | D:7      | 8435 ||| Stepping randomly (stuck).
  8436 | D:7      | 8436 ||| Stepping randomly (stuck).
  8437 | D:7      | 8437 ||| Stepping randomly (stuck).
  8438 | D:7      | 8438 ||| Stepping randomly (stuck).
  8439 | D:7      | 8439 ||| Stepping randomly (stuck).
  8440 | D:7      | 8440 ||| Stepping randomly (stuck).
  8441 | D:7      | 8441 ||| Stepping randomly (stuck).
  8442 | D:7      | 8442 ||| Stepping randomly (stuck).
  8443 | D:7      | 8443 ||| Stepping randomly (stuck).
  8444 | D:7      | 8444 ||| Stepping randomly (stuck).
  8445 | D:7      | 8445 ||| Stepping randomly (stuck).
  8446 | D:7      | 8446 ||| Stepping randomly (stuck).
  8447 | D:7      | 8447 ||| Stepping randomly (stuck).
  8448 | D:7      | 8448 ||| Stepping randomly (stuck).
  8449 | D:7      | 8449 ||| Stepping randomly (stuck).
  8450 | D:7      | 8450 ||| Stepping randomly (stuck).
  8451 | D:7      | 8451 ||| Stepping randomly (stuck).
  8452 | D:7      | 8452 ||| Stepping randomly (stuck).
  8453 | D:7      | 8453 ||| Stepping randomly (stuck).
  8454 | D:7      | 8454 ||| Stepping randomly (stuck).
  8455 | D:7      | 8455 ||| Stepping randomly (stuck).
  8456 | D:7      | 8456 ||| Stepping randomly (stuck).
  8457 | D:7      | 8457 ||| Stepping randomly (stuck).
  8458 | D:7      | 8458 ||| Stepping randomly (stuck).
  8459 | D:7      | 8459 ||| Stepping randomly (stuck).
  8460 | D:7      | 8460 ||| Stepping randomly (stuck).
  8461 | D:7      | 8461 ||| Stepping randomly (stuck).
  8462 | D:7      | 8462 ||| Stepping randomly (stuck).
  8463 | D:7      | 8463 ||| Stepping randomly (stuck).
  8464 | D:7      | 8464 ||| Stepping randomly (stuck).
  8465 | D:7      | 8465 ||| Stepping randomly (stuck).
  8466 | D:7      | 8466 ||| Stepping randomly (stuck).
  8467 | D:7      | 8467 ||| Stepping randomly (stuck).
  8468 | D:7      | 8468 ||| Stepping randomly (stuck).
  8469 | D:7      | 8469 ||| Stepping randomly (stuck).
  8470 | D:7      | 8470 ||| Stepping randomly (stuck).
  8471 | D:7      | 8471 ||| Stepping randomly (stuck).
  8472 | D:7      | 8472 ||| Stepping randomly (stuck).
  8473 | D:7      | 8473 ||| Stepping randomly (stuck).
  8474 | D:7      | 8474 ||| Stepping randomly (stuck).
  8475 | D:7      | 8475 ||| Stepping randomly (stuck).
  8476 | D:7      | 8476 ||| Stepping randomly (stuck).
  8477 | D:7      | 8477 ||| Stepping randomly (stuck).
  8478 | D:7      | 8478 ||| Stepping randomly (stuck).
  8479 | D:7      | 8479 ||| Stepping randomly (stuck).
  8480 | D:7      | 8480 ||| Stepping randomly (stuck).
  8481 | D:7      | 8481 ||| Stepping randomly (stuck).
  8482 | D:7      | 8482 ||| Stepping randomly (stuck).
  8483 | D:7      | 8483 ||| Stepping randomly (stuck).
  8484 | D:7      | 8484 ||| Stepping randomly (stuck).
  8485 | D:7      | 8485 ||| Stepping randomly (stuck).
  8486 | D:7      | 8486 ||| Stepping randomly (stuck).
  8487 | D:7      | 8487 ||| Stepping randomly (stuck).
  8488 | D:7      | 8488 ||| Stepping randomly (stuck).
  8489 | D:7      | 8489 ||| Stepping randomly (stuck).
  8490 | D:7      | 8490 ||| Stepping randomly (stuck).
  8491 | D:7      | 8491 ||| Stepping randomly (stuck).
  8492 | D:7      | 8492 ||| Stepping randomly (stuck).
  8493 | D:7      | 8493 ||| Stepping randomly (stuck).
  8494 | D:7      | 8494 ||| Stepping randomly (stuck).
  8495 | D:7      | 8495 ||| Stepping randomly (stuck).
  8496 | D:7      | 8496 ||| Stepping randomly (stuck).
  8497 | D:7      | 8497 ||| Stepping randomly (stuck).
  8498 | D:7      | 8498 ||| Stepping randomly (stuck).
  8499 | D:7      | 8499 ||| Stepping randomly (stuck).
  8500 | D:7      | 8500 ||| Stepping randomly (stuck).
  8501 | D:7      | 8501 ||| Stepping randomly (stuck).
  8502 | D:7      | 8502 ||| Stepping randomly (stuck).
  8503 | D:7      | 8503 ||| Stepping randomly (stuck).
  8504 | D:7      | 8504 ||| Stepping randomly (stuck).
  8505 | D:7      | 8505 ||| Stepping randomly (stuck).
  8506 | D:7      | 8506 ||| Stepping randomly (stuck).
  8507 | D:7      | 8507 ||| Stepping randomly (stuck).
  8508 | D:7      | 8508 ||| Stepping randomly (stuck).
  8509 | D:7      | 8509 ||| Stepping randomly (stuck).
  8510 | D:7      | 8510 ||| Stepping randomly (stuck).
  8511 | D:7      | 8511 ||| Stepping randomly (stuck).
  8512 | D:7      | 8512 ||| Stepping randomly (stuck).
  8513 | D:7      | 8513 ||| Stepping randomly (stuck).
  8514 | D:7      | 8514 ||| Stepping randomly (stuck).
  8515 | D:7      | 8515 ||| Stepping randomly (stuck).
  8516 | D:7      | 8516 ||| Stepping randomly (stuck).
  8517 | D:7      | 8517 ||| Stepping randomly (stuck).
  8518 | D:7      | 8518 ||| Stepping randomly (stuck).
  8519 | D:7      | 8519 ||| Stepping randomly (stuck).
  8520 | D:7      | 8520 ||| Stepping randomly (stuck).
  8521 | D:7      | 8521 ||| Stepping randomly (stuck).
  8522 | D:7      | 8522 ||| Stepping randomly (stuck).
  8523 | D:7      | 8523 ||| Stepping randomly (stuck).
  8524 | D:7      | 8524 ||| Stepping randomly (stuck).
  8525 | D:7      | 8525 ||| Stepping randomly (stuck).
  8526 | D:7      | 8526 ||| Stepping randomly (stuck).
  8527 | D:7      | 8527 ||| Stepping randomly (stuck).
  8528 | D:7      | 8528 ||| Stepping randomly (stuck).
  8529 | D:7      | 8529 ||| Stepping randomly (stuck).
  8530 | D:7      | 8530 ||| Stepping randomly (stuck).
  8531 | D:7      | 8531 ||| Stepping randomly (stuck).
  8532 | D:7      | 8532 ||| Stepping randomly (stuck).
  8533 | D:7      | 8533 ||| Stepping randomly (stuck).
  8534 | D:7      | 8534 ||| Stepping randomly (stuck).
  8535 | D:7      | 8535 ||| Stepping randomly (stuck).
  8536 | D:7      | 8536 ||| Stepping randomly (stuck).
  8537 | D:7      | 8537 ||| Stepping randomly (stuck).
  8538 | D:7      | 8538 ||| Stepping randomly (stuck).
  8539 | D:7      | 8539 ||| Stepping randomly (stuck).
  8540 | D:7      | 8540 ||| Stepping randomly (stuck).
  8541 | D:7      | 8541 ||| Stepping randomly (stuck).
  8542 | D:7      | 8542 ||| Stepping randomly (stuck).
  8543 | D:7      | 8543 ||| Stepping randomly (stuck).
  8544 | D:7      | 8544 ||| Stepping randomly (stuck).
  8545 | D:7      | 8545 ||| Stepping randomly (stuck).
  8546 | D:7      | 8546 ||| Stepping randomly (stuck).
  8547 | D:7      | 8547 ||| Stepping randomly (stuck).
  8548 | D:7      | 8548 ||| Stepping randomly (stuck).
  8549 | D:7      | 8549 ||| Stepping randomly (stuck).
  8550 | D:7      | 8550 ||| Stepping randomly (stuck).
  8551 | D:7      | 8551 ||| Stepping randomly (stuck).
  8552 | D:7      | 8552 ||| Stepping randomly (stuck).
  8553 | D:7      | 8553 ||| Stepping randomly (stuck).
  8554 | D:7      | 8554 ||| Stepping randomly (stuck).
  8555 | D:7      | 8555 ||| Stepping randomly (stuck).
  8556 | D:7      | 8556 ||| Stepping randomly (stuck).
  8557 | D:7      | 8557 ||| Stepping randomly (stuck).
  8558 | D:7      | 8558 ||| Stepping randomly (stuck).
  8559 | D:7      | 8559 ||| Stepping randomly (stuck).
  8560 | D:7      | 8560 ||| Stepping randomly (stuck).
  8561 | D:7      | 8561 ||| Stepping randomly (stuck).
  8562 | D:7      | 8562 ||| Stepping randomly (stuck).
  8563 | D:7      | 8563 ||| Stepping randomly (stuck).
  8564 | D:7      | 8564 ||| Stepping randomly (stuck).
  8565 | D:7      | 8565 ||| Stepping randomly (stuck).
  8566 | D:7      | 8566 ||| Stepping randomly (stuck).
  8567 | D:7      | 8567 ||| Stepping randomly (stuck).
  8568 | D:7      | 8568 ||| Stepping randomly (stuck).
  8569 | D:7      | 8569 ||| Stepping randomly (stuck).
  8570 | D:7      | 8570 ||| Stepping randomly (stuck).
  8571 | D:7      | 8571 ||| Stepping randomly (stuck).
  8572 | D:7      | 8572 ||| Stepping randomly (stuck).
  8573 | D:7      | 8573 ||| Stepping randomly (stuck).
  8574 | D:7      | 8574 ||| Stepping randomly (stuck).
  8575 | D:7      | 8575 ||| Stepping randomly (stuck).
  8576 | D:7      | 8576 ||| Stepping randomly (stuck).
  8577 | D:7      | 8577 ||| Stepping randomly (stuck).
  8578 | D:7      | 8578 ||| Stepping randomly (stuck).
  8579 | D:7      | 8579 ||| Stepping randomly (stuck).
  8580 | D:7      | 8580 ||| Stepping randomly (stuck).
  8581 | D:7      | 8581 ||| Stepping randomly (stuck).
  8582 | D:7      | 8582 ||| Stepping randomly (stuck).
  8583 | D:7      | 8583 ||| Stepping randomly (stuck).
  8584 | D:7      | 8584 ||| Stepping randomly (stuck).
  8585 | D:7      | 8585 ||| Stepping randomly (stuck).
  8586 | D:7      | 8586 ||| Stepping randomly (stuck).
  8587 | D:7      | 8587 ||| Stepping randomly (stuck).
  8588 | D:7      | 8588 ||| Stepping randomly (stuck).
  8589 | D:7      | 8589 ||| Stepping randomly (stuck).
  8590 | D:7      | 8590 ||| Stepping randomly (stuck).
  8591 | D:7      | 8591 ||| Stepping randomly (stuck).
  8592 | D:7      | 8592 ||| Stepping randomly (stuck).
  8593 | D:7      | 8593 ||| Stepping randomly (stuck).
  8594 | D:7      | 8594 ||| Stepping randomly (stuck).
  8595 | D:7      | 8595 ||| Stepping randomly (stuck).
  8596 | D:7      | 8596 ||| Stepping randomly (stuck).
  8597 | D:7      | 8597 ||| Stepping randomly (stuck).
  8598 | D:7      | 8598 ||| Stepping randomly (stuck).
  8599 | D:7      | 8599 ||| Stepping randomly (stuck).
  8600 | D:7      | 8600 ||| Stepping randomly (stuck).
  8601 | D:7      | 8601 ||| Stepping randomly (stuck).
  8602 | D:7      | 8602 ||| Stepping randomly (stuck).
  8603 | D:7      | 8603 ||| Stepping randomly (stuck).
  8604 | D:7      | 8604 ||| Stepping randomly (stuck).
  8605 | D:7      | 8605 ||| Stepping randomly (stuck).
  8606 | D:7      | 8606 ||| Stepping randomly (stuck).
  8607 | D:7      | 8607 ||| Stepping randomly (stuck).
  8608 | D:7      | 8608 ||| Stepping randomly (stuck).
  8609 | D:7      | 8609 ||| Stepping randomly (stuck).
  8610 | D:7      | 8610 ||| Stepping randomly (stuck).
  8611 | D:7      | 8611 ||| Stepping randomly (stuck).
  8612 | D:7      | 8612 ||| Stepping randomly (stuck).
  8613 | D:7      | 8613 ||| Stepping randomly (stuck).
  8614 | D:7      | 8614 ||| Stepping randomly (stuck).
  8615 | D:7      | 8615 ||| Stepping randomly (stuck).
  8616 | D:7      | 8616 ||| Stepping randomly (stuck).
  8617 | D:7      | 8617 ||| Stepping randomly (stuck).
  8618 | D:7      | 8618 ||| Stepping randomly (stuck).
  8619 | D:7      | 8619 ||| Stepping randomly (stuck).
  8620 | D:7      | 8620 ||| Stepping randomly (stuck).
  8621 | D:7      | 8621 ||| Stepping randomly (stuck).
  8622 | D:7      | 8622 ||| Stepping randomly (stuck).
  8623 | D:7      | 8623 ||| Stepping randomly (stuck).
  8624 | D:7      | 8624 ||| Stepping randomly (stuck).
  8625 | D:7      | 8625 ||| Stepping randomly (stuck).
  8626 | D:7      | 8626 ||| Stepping randomly (stuck).
  8627 | D:7      | 8627 ||| Stepping randomly (stuck).
  8628 | D:7      | 8628 ||| Stepping randomly (stuck).
  8629 | D:7      | 8629 ||| Stepping randomly (stuck).
  8630 | D:7      | 8630 ||| Stepping randomly (stuck).
  8631 | D:7      | 8631 ||| Stepping randomly (stuck).
  8632 | D:7      | 8632 ||| Stepping randomly (stuck).
  8633 | D:7      | 8633 ||| Stepping randomly (stuck).
  8634 | D:7      | 8634 ||| Stepping randomly (stuck).
  8635 | D:7      | 8635 ||| Stepping randomly (stuck).
  8636 | D:7      | 8636 ||| Stepping randomly (stuck).
  8637 | D:7      | 8637 ||| Stepping randomly (stuck).
  8638 | D:7      | 8638 ||| Stepping randomly (stuck).
  8639 | D:7      | 8639 ||| Stepping randomly (stuck).
  8640 | D:7      | 8640 ||| Stepping randomly (stuck).
  8641 | D:7      | 8641 ||| Stepping randomly (stuck).
  8642 | D:7      | 8642 ||| Stepping randomly (stuck).
  8643 | D:7      | 8643 ||| Stepping randomly (stuck).
  8644 | D:7      | 8644 ||| Stepping randomly (stuck).
  8645 | D:7      | 8645 ||| Stepping randomly (stuck).
  8646 | D:7      | 8646 ||| Stepping randomly (stuck).
  8647 | D:7      | 8647 ||| Stepping randomly (stuck).
  8648 | D:7      | 8648 ||| Stepping randomly (stuck).
  8649 | D:7      | 8649 ||| Stepping randomly (stuck).
  8650 | D:7      | 8650 ||| Stepping randomly (stuck).
  8651 | D:7      | 8651 ||| Stepping randomly (stuck).
  8652 | D:7      | 8652 ||| Stepping randomly (stuck).
  8653 | D:7      | 8653 ||| Stepping randomly (stuck).
  8654 | D:7      | 8654 ||| Stepping randomly (stuck).
  8655 | D:7      | 8655 ||| Stepping randomly (stuck).
  8656 | D:7      | 8656 ||| Stepping randomly (stuck).
  8657 | D:7      | 8657 ||| Stepping randomly (stuck).
  8658 | D:7      | 8658 ||| Stepping randomly (stuck).
  8659 | D:7      | 8659 ||| Stepping randomly (stuck).
  8660 | D:7      | 8660 ||| Stepping randomly (stuck).
  8661 | D:7      | 8661 ||| Stepping randomly (stuck).
  8662 | D:7      | 8662 ||| Stepping randomly (stuck).
  8663 | D:7      | 8663 ||| Stepping randomly (stuck).
  8664 | D:7      | 8664 ||| Stepping randomly (stuck).
  8665 | D:7      | 8665 ||| Stepping randomly (stuck).
  8666 | D:7      | 8666 ||| Stepping randomly (stuck).
  8667 | D:7      | 8667 ||| Stepping randomly (stuck).
  8668 | D:7      | 8668 ||| Stepping randomly (stuck).
  8669 | D:7      | 8669 ||| Stepping randomly (stuck).
  8670 | D:7      | 8670 ||| Stepping randomly (stuck).
  8671 | D:7      | 8671 ||| Stepping randomly (stuck).
  8672 | D:7      | 8672 ||| Stepping randomly (stuck).
  8673 | D:7      | 8673 ||| Stepping randomly (stuck).
  8674 | D:7      | 8674 ||| Stepping randomly (stuck).
  8675 | D:7      | 8675 ||| Stepping randomly (stuck).
  8676 | D:7      | 8676 ||| Stepping randomly (stuck).
  8677 | D:7      | 8677 ||| Stepping randomly (stuck).
  8678 | D:7      | 8678 ||| Stepping randomly (stuck).
  8679 | D:7      | 8679 ||| Stepping randomly (stuck).
  8680 | D:7      | 8680 ||| Stepping randomly (stuck).
  8681 | D:7      | 8681 ||| Stepping randomly (stuck).
  8682 | D:7      | 8682 ||| Stepping randomly (stuck).
  8683 | D:7      | 8683 ||| Stepping randomly (stuck).
  8684 | D:7      | 8684 ||| Stepping randomly (stuck).
  8685 | D:7      | 8685 ||| Stepping randomly (stuck).
  8686 | D:7      | 8686 ||| Stepping randomly (stuck).
  8687 | D:7      | 8687 ||| Stepping randomly (stuck).
  8688 | D:7      | 8688 ||| Stepping randomly (stuck).
  8689 | D:7      | 8689 ||| Stepping randomly (stuck).
  8690 | D:7      | 8690 ||| Stepping randomly (stuck).
  8691 | D:7      | 8691 ||| Stepping randomly (stuck).
  8692 | D:7      | 8692 ||| Stepping randomly (stuck).
  8693 | D:7      | 8693 ||| Stepping randomly (stuck).
  8694 | D:7      | 8694 ||| Stepping randomly (stuck).
  8695 | D:7      | 8695 ||| Stepping randomly (stuck).
  8696 | D:7      | 8696 ||| Stepping randomly (stuck).
  8697 | D:7      | 8697 ||| Stepping randomly (stuck).
  8698 | D:7      | 8698 ||| Stepping randomly (stuck).
  8699 | D:7      | 8699 ||| Stepping randomly (stuck).
  8700 | D:7      | 8700 ||| Stepping randomly (stuck).
  8701 | D:7      | 8701 ||| Stepping randomly (stuck).
  8702 | D:7      | 8702 ||| Stepping randomly (stuck).
  8703 | D:7      | 8703 ||| Stepping randomly (stuck).
  8704 | D:7      | 8704 ||| Stepping randomly (stuck).
  8705 | D:7      | 8705 ||| Stepping randomly (stuck).
  8706 | D:7      | 8706 ||| Stepping randomly (stuck).
  8707 | D:7      | 8707 ||| Stepping randomly (stuck).
  8708 | D:7      | 8708 ||| Stepping randomly (stuck).
  8709 | D:7      | 8709 ||| Stepping randomly (stuck).
  8710 | D:7      | 8710 ||| Stepping randomly (stuck).
  8711 | D:7      | 8711 ||| Stepping randomly (stuck).
  8712 | D:7      | 8712 ||| Stepping randomly (stuck).
  8713 | D:7      | 8713 ||| Stepping randomly (stuck).
  8714 | D:7      | 8714 ||| Stepping randomly (stuck).
  8715 | D:7      | 8715 ||| Stepping randomly (stuck).
  8716 | D:7      | 8716 ||| Stepping randomly (stuck).
  8717 | D:7      | 8717 ||| Stepping randomly (stuck).
  8718 | D:7      | 8718 ||| Stepping randomly (stuck).
  8719 | D:7      | 8719 ||| Stepping randomly (stuck).
  8720 | D:7      | 8720 ||| Stepping randomly (stuck).
  8721 | D:7      | 8721 ||| Stepping randomly (stuck).
  8722 | D:7      | 8722 ||| Stepping randomly (stuck).
  8723 | D:7      | 8723 ||| Stepping randomly (stuck).
  8724 | D:7      | 8724 ||| Stepping randomly (stuck).
  8725 | D:7      | 8725 ||| Stepping randomly (stuck).
  8726 | D:7      | 8726 ||| Stepping randomly (stuck).
  8727 | D:7      | 8727 ||| Stepping randomly (stuck).
  8728 | D:7      | 8728 ||| Stepping randomly (stuck).
  8729 | D:7      | 8729 ||| Stepping randomly (stuck).
  8730 | D:7      | 8730 ||| Stepping randomly (stuck).
  8731 | D:7      | 8731 ||| Stepping randomly (stuck).
  8732 | D:7      | 8732 ||| Stepping randomly (stuck).
  8733 | D:7      | 8733 ||| Stepping randomly (stuck).
  8734 | D:7      | 8734 ||| Stepping randomly (stuck).
  8735 | D:7      | 8735 ||| Stepping randomly (stuck).
  8736 | D:7      | 8736 ||| Stepping randomly (stuck).
  8737 | D:7      | 8737 ||| Stepping randomly (stuck).
  8738 | D:7      | 8738 ||| Stepping randomly (stuck).
  8739 | D:7      | 8739 ||| Stepping randomly (stuck).
  8740 | D:7      | 8740 ||| Stepping randomly (stuck).
  8741 | D:7      | 8741 ||| Stepping randomly (stuck).
  8742 | D:7      | 8742 ||| Stepping randomly (stuck).
  8743 | D:7      | 8743 ||| Stepping randomly (stuck).
  8744 | D:7      | 8744 ||| Stepping randomly (stuck).
  8745 | D:7      | 8745 ||| Stepping randomly (stuck).
  8746 | D:7      | 8746 ||| Stepping randomly (stuck).
  8747 | D:7      | 8747 ||| Stepping randomly (stuck).
  8748 | D:7      | 8748 ||| Stepping randomly (stuck).
  8749 | D:7      | 8749 ||| Stepping randomly (stuck).
  8750 | D:7      | 8750 ||| Stepping randomly (stuck).
  8751 | D:7      | 8751 ||| Stepping randomly (stuck).
  8752 | D:7      | 8752 ||| Stepping randomly (stuck).
  8753 | D:7      | 8753 ||| Stepping randomly (stuck).
  8754 | D:7      | 8754 ||| Stepping randomly (stuck).
  8755 | D:7      | 8755 ||| Stepping randomly (stuck).
  8756 | D:7      | 8756 ||| Stepping randomly (stuck).
  8757 | D:7      | 8757 ||| Stepping randomly (stuck).
  8758 | D:7      | 8758 ||| Stepping randomly (stuck).
  8759 | D:7      | 8759 ||| Stepping randomly (stuck).
  8760 | D:7      | 8760 ||| Stepping randomly (stuck).
  8761 | D:7      | 8761 ||| Stepping randomly (stuck).
  8762 | D:7      | 8762 ||| Stepping randomly (stuck).
  8763 | D:7      | 8763 ||| Stepping randomly (stuck).
  8764 | D:7      | 8764 ||| Stepping randomly (stuck).
  8765 | D:7      | 8765 ||| Stepping randomly (stuck).
  8766 | D:7      | 8766 ||| Stepping randomly (stuck).
  8767 | D:7      | 8767 ||| Stepping randomly (stuck).
  8768 | D:7      | 8768 ||| Stepping randomly (stuck).
  8769 | D:7      | 8769 ||| Stepping randomly (stuck).
  8770 | D:7      | 8770 ||| Stepping randomly (stuck).
  8771 | D:7      | 8771 ||| Stepping randomly (stuck).
  8772 | D:7      | 8772 ||| Stepping randomly (stuck).
  8773 | D:7      | 8773 ||| Stepping randomly (stuck).
  8774 | D:7      | 8774 ||| Stepping randomly (stuck).
  8775 | D:7      | 8775 ||| Stepping randomly (stuck).
  8776 | D:7      | 8776 ||| Stepping randomly (stuck).
  8777 | D:7      | 8777 ||| Stepping randomly (stuck).
  8778 | D:7      | 8778 ||| Stepping randomly (stuck).
  8779 | D:7      | 8779 ||| Stepping randomly (stuck).
  8780 | D:7      | 8780 ||| Stepping randomly (stuck).
  8781 | D:7      | 8781 ||| Stepping randomly (stuck).
  8782 | D:7      | 8782 ||| Stepping randomly (stuck).
  8783 | D:7      | 8783 ||| Stepping randomly (stuck).
  8784 | D:7      | 8784 ||| Stepping randomly (stuck).
  8785 | D:7      | 8785 ||| Stepping randomly (stuck).
  8786 | D:7      | 8786 ||| Stepping randomly (stuck).
  8787 | D:7      | 8787 ||| Stepping randomly (stuck).
  8788 | D:7      | 8788 ||| Stepping randomly (stuck).
  8789 | D:7      | 8789 ||| Stepping randomly (stuck).
  8790 | D:7      | 8790 ||| Stepping randomly (stuck).
  8791 | D:7      | 8791 ||| Stepping randomly (stuck).
  8792 | D:7      | 8792 ||| Stepping randomly (stuck).
  8793 | D:7      | 8793 ||| Stepping randomly (stuck).
  8794 | D:7      | 8794 ||| Stepping randomly (stuck).
  8795 | D:7      | 8795 ||| Stepping randomly (stuck).
  8796 | D:7      | 8796 ||| Stepping randomly (stuck).
  8797 | D:7      | 8797 ||| Stepping randomly (stuck).
  8798 | D:7      | 8798 ||| Stepping randomly (stuck).
  8799 | D:7      | 8799 ||| Stepping randomly (stuck).
  8800 | D:7      | 8800 ||| Stepping randomly (stuck).
  8801 | D:7      | 8801 ||| Stepping randomly (stuck).
  8802 | D:7      | 8802 ||| Stepping randomly (stuck).
  8803 | D:7      | 8803 ||| Stepping randomly (stuck).
  8804 | D:7      | 8804 ||| Stepping randomly (stuck).
  8805 | D:7      | 8805 ||| Stepping randomly (stuck).
  8806 | D:7      | 8806 ||| Stepping randomly (stuck).
  8807 | D:7      | 8807 ||| Stepping randomly (stuck).
  8808 | D:7      | 8808 ||| Stepping randomly (stuck).
  8809 | D:7      | 8809 ||| Stepping randomly (stuck).
  8810 | D:7      | 8810 ||| Stepping randomly (stuck).
  8811 | D:7      | 8811 ||| Stepping randomly (stuck).
  8812 | D:7      | 8812 ||| Stepping randomly (stuck).
  8813 | D:7      | 8813 ||| Stepping randomly (stuck).
  8814 | D:7      | 8814 ||| Stepping randomly (stuck).
  8815 | D:7      | 8815 ||| Stepping randomly (stuck).
  8816 | D:7      | 8816 ||| Stepping randomly (stuck).
  8817 | D:7      | 8817 ||| Stepping randomly (stuck).
  8818 | D:7      | 8818 ||| Stepping randomly (stuck).
  8819 | D:7      | 8819 ||| Stepping randomly (stuck).
  8820 | D:7      | 8820 ||| Stepping randomly (stuck).
  8821 | D:7      | 8821 ||| Stepping randomly (stuck).
  8822 | D:7      | 8822 ||| Stepping randomly (stuck).
  8823 | D:7      | 8823 ||| Stepping randomly (stuck).
  8824 | D:7      | 8824 ||| Stepping randomly (stuck).
  8825 | D:7      | 8825 ||| Stepping randomly (stuck).
  8826 | D:7      | 8826 ||| Stepping randomly (stuck).
  8827 | D:7      | 8827 ||| Stepping randomly (stuck).
  8828 | D:7      | 8828 ||| Stepping randomly (stuck).
  8829 | D:7      | 8829 ||| Stepping randomly (stuck).
  8830 | D:7      | 8830 ||| Stepping randomly (stuck).
  8831 | D:7      | 8831 ||| Stepping randomly (stuck).
  8832 | D:7      | 8832 ||| Stepping randomly (stuck).
  8833 | D:7      | 8833 ||| Stepping randomly (stuck).
  8834 | D:7      | 8834 ||| Stepping randomly (stuck).
  8835 | D:7      | 8835 ||| Stepping randomly (stuck).
  8836 | D:7      | 8836 ||| Stepping randomly (stuck).
  8837 | D:7      | 8837 ||| Stepping randomly (stuck).
  8838 | D:7      | 8838 ||| Stepping randomly (stuck).
  8839 | D:7      | 8839 ||| Stepping randomly (stuck).
  8840 | D:7      | 8840 ||| Stepping randomly (stuck).
  8841 | D:7      | 8841 ||| Stepping randomly (stuck).
  8842 | D:7      | 8842 ||| Stepping randomly (stuck).
  8843 | D:7      | 8843 ||| Stepping randomly (stuck).
  8844 | D:7      | 8844 ||| Stepping randomly (stuck).
  8845 | D:7      | 8845 ||| Stepping randomly (stuck).
  8846 | D:7      | 8846 ||| Stepping randomly (stuck).
  8847 | D:7      | 8847 ||| Stepping randomly (stuck).
  8848 | D:7      | 8848 ||| Stepping randomly (stuck).
  8849 | D:7      | 8849 ||| Stepping randomly (stuck).
  8850 | D:7      | 8850 ||| Stepping randomly (stuck).
  8851 | D:7      | 8851 ||| Stepping randomly (stuck).
  8852 | D:7      | 8852 ||| Stepping randomly (stuck).
  8853 | D:7      | 8853 ||| Stepping randomly (stuck).
  8854 | D:7      | 8854 ||| Stepping randomly (stuck).
  8855 | D:7      | 8855 ||| Stepping randomly (stuck).
  8856 | D:7      | 8856 ||| Stepping randomly (stuck).
  8857 | D:7      | 8857 ||| Stepping randomly (stuck).
  8858 | D:7      | 8858 ||| Stepping randomly (stuck).
  8859 | D:7      | 8859 ||| Stepping randomly (stuck).
  8860 | D:7      | 8860 ||| Stepping randomly (stuck).
  8861 | D:7      | 8861 ||| Stepping randomly (stuck).
  8862 | D:7      | 8862 ||| Stepping randomly (stuck).
  8863 | D:7      | 8863 ||| Stepping randomly (stuck).
  8864 | D:7      | 8864 ||| Stepping randomly (stuck).
  8865 | D:7      | 8865 ||| Stepping randomly (stuck).
  8866 | D:7      | 8866 ||| Stepping randomly (stuck).
  8867 | D:7      | 8867 ||| Stepping randomly (stuck).
  8868 | D:7      | 8868 ||| Stepping randomly (stuck).
  8869 | D:7      | 8869 ||| Stepping randomly (stuck).
  8870 | D:7      | 8870 ||| Stepping randomly (stuck).
  8871 | D:7      | 8871 ||| Stepping randomly (stuck).
  8872 | D:7      | 8872 ||| Stepping randomly (stuck).
  8873 | D:7      | 8873 ||| Stepping randomly (stuck).
  8874 | D:7      | 8874 ||| Stepping randomly (stuck).
  8875 | D:7      | 8875 ||| Stepping randomly (stuck).
  8876 | D:7      | 8876 ||| Stepping randomly (stuck).
  8877 | D:7      | 8877 ||| Stepping randomly (stuck).
  8878 | D:7      | 8878 ||| Stepping randomly (stuck).
  8879 | D:7      | 8879 ||| Stepping randomly (stuck).
  8880 | D:7      | 8880 ||| Stepping randomly (stuck).
  8881 | D:7      | 8881 ||| Stepping randomly (stuck).
  8882 | D:7      | 8882 ||| Stepping randomly (stuck).
  8883 | D:7      | 8883 ||| Stepping randomly (stuck).
  8884 | D:7      | 8884 ||| Stepping randomly (stuck).
  8885 | D:7      | 8885 ||| Stepping randomly (stuck).
  8886 | D:7      | 8886 ||| Stepping randomly (stuck).
  8887 | D:7      | 8887 ||| Stepping randomly (stuck).
  8888 | D:7      | 8888 ||| Stepping randomly (stuck).
  8889 | D:7      | 8889 ||| Stepping randomly (stuck).
  8890 | D:7      | 8890 ||| Stepping randomly (stuck).
  8891 | D:7      | 8891 ||| Stepping randomly (stuck).
  8892 | D:7      | 8892 ||| Stepping randomly (stuck).
  8893 | D:7      | 8893 ||| Stepping randomly (stuck).
  8894 | D:7      | 8894 ||| Stepping randomly (stuck).
  8895 | D:7      | 8895 ||| Stepping randomly (stuck).
  8896 | D:7      | 8896 ||| Stepping randomly (stuck).
  8897 | D:7      | 8897 ||| Stepping randomly (stuck).
  8898 | D:7      | 8898 ||| Stepping randomly (stuck).
  8899 | D:7      | 8899 ||| Stepping randomly (stuck).
  8900 | D:7      | 8900 ||| Stepping randomly (stuck).
  8901 | D:7      | 8901 ||| Stepping randomly (stuck).
  8902 | D:7      | 8902 ||| Stepping randomly (stuck).
  8903 | D:7      | 8903 ||| Stepping randomly (stuck).
  8904 | D:7      | 8904 ||| Stepping randomly (stuck).
  8905 | D:7      | 8905 ||| Stepping randomly (stuck).
  8906 | D:7      | 8906 ||| Stepping randomly (stuck).
  8907 | D:7      | 8907 ||| Stepping randomly (stuck).
  8908 | D:7      | 8908 ||| Stepping randomly (stuck).
  8909 | D:7      | 8909 ||| Stepping randomly (stuck).
  8910 | D:7      | 8910 ||| Stepping randomly (stuck).
  8911 | D:7      | 8911 ||| Stepping randomly (stuck).
  8912 | D:7      | 8912 ||| Stepping randomly (stuck).
  8913 | D:7      | 8913 ||| Stepping randomly (stuck).
  8914 | D:7      | 8914 ||| Stepping randomly (stuck).
  8915 | D:7      | 8915 ||| Stepping randomly (stuck).
  8916 | D:7      | 8916 ||| Stepping randomly (stuck).
  8917 | D:7      | 8917 ||| Stepping randomly (stuck).
  8918 | D:7      | 8918 ||| Stepping randomly (stuck).
  8919 | D:7      | 8919 ||| Stepping randomly (stuck).
  8920 | D:7      | 8920 ||| Stepping randomly (stuck).
  8921 | D:7      | 8921 ||| Stepping randomly (stuck).
  8922 | D:7      | 8922 ||| Stepping randomly (stuck).
  8923 | D:7      | 8923 ||| Stepping randomly (stuck).
  8924 | D:7      | 8924 ||| Stepping randomly (stuck).
  8925 | D:7      | 8925 ||| Stepping randomly (stuck).
  8926 | D:7      | 8926 ||| Stepping randomly (stuck).
  8927 | D:7      | 8927 ||| Stepping randomly (stuck).
  8928 | D:7      | 8928 ||| Stepping randomly (stuck).
  8929 | D:7      | 8929 ||| Stepping randomly (stuck).
  8930 | D:7      | 8930 ||| Stepping randomly (stuck).
  8931 | D:7      | 8931 ||| Stepping randomly (stuck).
  8932 | D:7      | 8932 ||| Stepping randomly (stuck).
  8933 | D:7      | 8933 ||| Stepping randomly (stuck).
  8934 | D:7      | 8934 ||| Stepping randomly (stuck).
  8935 | D:7      | 8935 ||| Stepping randomly (stuck).
  8936 | D:7      | 8936 ||| Stepping randomly (stuck).
  8937 | D:7      | 8937 ||| Stepping randomly (stuck).
  8938 | D:7      | 8938 ||| Stepping randomly (stuck).
  8939 | D:7      | 8939 ||| Stepping randomly (stuck).
  8940 | D:7      | 8940 ||| Stepping randomly (stuck).
  8941 | D:7      | 8941 ||| Stepping randomly (stuck).
  8942 | D:7      | 8942 ||| Stepping randomly (stuck).
  8943 | D:7      | 8943 ||| Stepping randomly (stuck).
  8944 | D:7      | 8944 ||| Stepping randomly (stuck).
  8945 | D:7      | 8945 ||| Stepping randomly (stuck).
  8946 | D:7      | 8946 ||| Stepping randomly (stuck).
  8947 | D:7      | 8947 ||| Stepping randomly (stuck).
  8948 | D:7      | 8948 ||| Stepping randomly (stuck).
  8949 | D:7      | 8949 ||| Stepping randomly (stuck).
  8950 | D:7      | 8950 ||| Stepping randomly (stuck).
  8951 | D:7      | 8951 ||| Stepping randomly (stuck).
  8952 | D:7      | 8952 ||| Stepping randomly (stuck).
  8953 | D:7      | 8953 ||| Stepping randomly (stuck).
  8954 | D:7      | 8954 ||| Stepping randomly (stuck).
  8955 | D:7      | 8955 ||| Stepping randomly (stuck).
  8956 | D:7      | 8956 ||| Stepping randomly (stuck).
  8957 | D:7      | 8957 ||| Stepping randomly (stuck).
  8958 | D:7      | 8958 ||| Stepping randomly (stuck).
  8959 | D:7      | 8959 ||| Stepping randomly (stuck).
  8960 | D:7      | 8960 ||| Stepping randomly (stuck).
  8961 | D:7      | 8961 ||| Stepping randomly (stuck).
  8962 | D:7      | 8962 ||| Stepping randomly (stuck).
  8963 | D:7      | 8963 ||| Stepping randomly (stuck).
  8964 | D:7      | 8964 ||| Stepping randomly (stuck).
  8965 | D:7      | 8965 ||| Stepping randomly (stuck).
  8966 | D:7      | 8966 ||| Stepping randomly (stuck).
  8967 | D:7      | 8967 ||| Stepping randomly (stuck).
  8968 | D:7      | 8968 ||| Stepping randomly (stuck).
  8969 | D:7      | 8969 ||| Stepping randomly (stuck).
  8970 | D:7      | 8970 ||| Stepping randomly (stuck).
  8971 | D:7      | 8971 ||| Stepping randomly (stuck).
  8972 | D:7      | 8972 ||| Stepping randomly (stuck).
  8973 | D:7      | 8973 ||| Stepping randomly (stuck).
  8974 | D:7      | 8974 ||| Stepping randomly (stuck).
  8975 | D:7      | 8975 ||| Stepping randomly (stuck).
  8976 | D:7      | 8976 ||| Stepping randomly (stuck).
  8977 | D:7      | 8977 ||| Stepping randomly (stuck).
  8978 | D:7      | 8978 ||| Stepping randomly (stuck).
  8979 | D:7      | 8979 ||| Stepping randomly (stuck).
  8980 | D:7      | 8980 ||| Stepping randomly (stuck).
  8981 | D:7      | 8981 ||| Stepping randomly (stuck).
  8982 | D:7      | 8982 ||| Stepping randomly (stuck).
  8983 | D:7      | 8983 ||| Stepping randomly (stuck).
  8984 | D:7      | 8984 ||| Stepping randomly (stuck).
  8985 | D:7      | 8985 ||| Stepping randomly (stuck).
  8986 | D:7      | 8986 ||| Stepping randomly (stuck).
  8987 | D:7      | 8987 ||| Stepping randomly (stuck).
  8988 | D:7      | 8988 ||| Stepping randomly (stuck).
  8989 | D:7      | 8989 ||| Stepping randomly (stuck).
  8990 | D:7      | 8990 ||| Stepping randomly (stuck).
  8991 | D:7      | 8991 ||| Stepping randomly (stuck).
  8992 | D:7      | 8992 ||| Stepping randomly (stuck).
  8993 | D:7      | 8993 ||| Stepping randomly (stuck).
  8994 | D:7      | 8994 ||| Stepping randomly (stuck).
  8995 | D:7      | 8995 ||| Stepping randomly (stuck).
  8996 | D:7      | 8996 ||| Stepping randomly (stuck).
  8997 | D:7      | 8997 ||| Stepping randomly (stuck).
  8998 | D:7      | 8998 ||| Stepping randomly (stuck).
  8999 | D:7      | 8999 ||| Stepping randomly (stuck).
  9000 | D:7      | 9000 ||| Stepping randomly (stuck).
  9001 | D:7      | 9001 ||| Stepping randomly (stuck).
  9002 | D:7      | 9002 ||| Stepping randomly (stuck).
  9003 | D:7      | 9003 ||| Stepping randomly (stuck).
  9004 | D:7      | 9004 ||| Stepping randomly (stuck).
  9005 | D:7      | 9005 ||| Stepping randomly (stuck).
  9006 | D:7      | 9006 ||| Stepping randomly (stuck).
  9007 | D:7      | 9007 ||| Stepping randomly (stuck).
  9008 | D:7      | 9008 ||| Stepping randomly (stuck).
  9009 | D:7      | 9009 ||| Stepping randomly (stuck).
  9010 | D:7      | 9010 ||| Stepping randomly (stuck).
  9011 | D:7      | 9011 ||| Stepping randomly (stuck).
  9012 | D:7      | 9012 ||| Stepping randomly (stuck).
  9013 | D:7      | 9013 ||| Stepping randomly (stuck).
  9014 | D:7      | 9014 ||| Stepping randomly (stuck).
  9015 | D:7      | 9015 ||| Stepping randomly (stuck).
  9016 | D:7      | 9016 ||| Stepping randomly (stuck).
  9017 | D:7      | 9017 ||| Stepping randomly (stuck).
  9018 | D:7      | 9018 ||| Stepping randomly (stuck).
  9019 | D:7      | 9019 ||| Stepping randomly (stuck).
  9020 | D:7      | 9020 ||| Stepping randomly (stuck).
  9021 | D:7      | 9021 ||| Stepping randomly (stuck).
  9022 | D:7      | 9022 ||| Stepping randomly (stuck).
  9023 | D:7      | 9023 ||| Stepping randomly (stuck).
  9024 | D:7      | 9024 ||| Stepping randomly (stuck).
  9025 | D:7      | 9025 ||| Stepping randomly (stuck).
  9026 | D:7      | 9026 ||| Stepping randomly (stuck).
  9027 | D:7      | 9027 ||| Stepping randomly (stuck).
  9028 | D:7      | 9028 ||| Stepping randomly (stuck).
  9029 | D:7      | 9029 ||| Stepping randomly (stuck).
  9030 | D:7      | 9030 ||| Stepping randomly (stuck).
  9031 | D:7      | 9031 ||| Stepping randomly (stuck).
  9032 | D:7      | 9032 ||| Stepping randomly (stuck).
  9033 | D:7      | 9033 ||| Stepping randomly (stuck).
  9034 | D:7      | 9034 ||| Stepping randomly (stuck).
  9035 | D:7      | 9035 ||| Stepping randomly (stuck).
  9036 | D:7      | 9036 ||| Stepping randomly (stuck).
  9037 | D:7      | 9037 ||| Stepping randomly (stuck).
  9038 | D:7      | 9038 ||| Stepping randomly (stuck).
  9039 | D:7      | 9039 ||| Stepping randomly (stuck).
  9040 | D:7      | 9040 ||| Stepping randomly (stuck).
  9041 | D:7      | 9041 ||| Stepping randomly (stuck).
  9042 | D:7      | 9042 ||| Stepping randomly (stuck).
  9043 | D:7      | 9043 ||| Stepping randomly (stuck).
  9044 | D:7      | 9044 ||| Stepping randomly (stuck).
  9045 | D:7      | 9045 ||| Stepping randomly (stuck).
  9046 | D:7      | 9046 ||| Stepping randomly (stuck).
  9047 | D:7      | 9047 ||| Stepping randomly (stuck).
  9048 | D:7      | 9048 ||| Stepping randomly (stuck).
  9049 | D:7      | 9049 ||| Stepping randomly (stuck).
  9050 | D:7      | 9050 ||| Stepping randomly (stuck).
  9051 | D:7      | 9051 ||| Stepping randomly (stuck).
  9052 | D:7      | 9052 ||| Stepping randomly (stuck).
  9053 | D:7      | 9053 ||| Stepping randomly (stuck).
  9054 | D:7      | 9054 ||| Stepping randomly (stuck).
  9055 | D:7      | 9055 ||| Stepping randomly (stuck).
  9056 | D:7      | 9056 ||| Stepping randomly (stuck).
  9057 | D:7      | 9057 ||| Stepping randomly (stuck).
  9058 | D:7      | 9058 ||| Stepping randomly (stuck).
  9059 | D:7      | 9059 ||| Stepping randomly (stuck).
  9060 | D:7      | 9060 ||| Stepping randomly (stuck).
  9061 | D:7      | 9061 ||| Stepping randomly (stuck).
  9062 | D:7      | 9062 ||| Stepping randomly (stuck).
  9063 | D:7      | 9063 ||| Stepping randomly (stuck).
  9064 | D:7      | 9064 ||| Stepping randomly (stuck).
  9065 | D:7      | 9065 ||| Stepping randomly (stuck).
  9066 | D:7      | 9066 ||| Stepping randomly (stuck).
  9067 | D:7      | 9067 ||| Stepping randomly (stuck).
  9068 | D:7      | 9068 ||| Stepping randomly (stuck).
  9069 | D:7      | 9069 ||| Stepping randomly (stuck).
  9070 | D:7      | 9070 ||| Stepping randomly (stuck).
  9071 | D:7      | 9071 ||| Stepping randomly (stuck).
  9072 | D:7      | 9072 ||| Stepping randomly (stuck).
  9073 | D:7      | 9073 ||| Stepping randomly (stuck).
  9074 | D:7      | 9074 ||| Stepping randomly (stuck).
  9075 | D:7      | 9075 ||| Stepping randomly (stuck).
  9076 | D:7      | 9076 ||| Stepping randomly (stuck).
  9077 | D:7      | 9077 ||| Stepping randomly (stuck).
  9078 | D:7      | 9078 ||| Stepping randomly (stuck).
  9079 | D:7      | 9079 ||| Stepping randomly (stuck).
  9080 | D:7      | 9080 ||| Stepping randomly (stuck).
  9081 | D:7      | 9081 ||| Stepping randomly (stuck).
  9082 | D:7      | 9082 ||| Stepping randomly (stuck).
  9083 | D:7      | 9083 ||| Stepping randomly (stuck).
  9084 | D:7      | 9084 ||| Stepping randomly (stuck).
  9085 | D:7      | 9085 ||| Stepping randomly (stuck).
  9086 | D:7      | 9086 ||| Stepping randomly (stuck).
  9087 | D:7      | 9087 ||| Stepping randomly (stuck).
  9088 | D:7      | 9088 ||| Stepping randomly (stuck).
  9089 | D:7      | 9089 ||| Stepping randomly (stuck).
  9090 | D:7      | 9090 ||| Stepping randomly (stuck).
  9091 | D:7      | 9091 ||| Stepping randomly (stuck).
  9092 | D:7      | 9092 ||| Stepping randomly (stuck).
  9093 | D:7      | 9093 ||| Stepping randomly (stuck).
  9094 | D:7      | 9094 ||| Stepping randomly (stuck).
  9095 | D:7      | 9095 ||| Stepping randomly (stuck).
  9096 | D:7      | 9096 ||| Stepping randomly (stuck).
  9097 | D:7      | 9097 ||| Stepping randomly (stuck).
  9098 | D:7      | 9098 ||| Stepping randomly (stuck).
  9099 | D:7      | 9099 ||| Stepping randomly (stuck).
  9100 | D:7      | 9100 ||| Stepping randomly (stuck).
  9101 | D:7      | 9101 ||| Stepping randomly (stuck).
  9102 | D:7      | 9102 ||| Stepping randomly (stuck).
  9103 | D:7      | 9103 ||| Stepping randomly (stuck).
  9104 | D:7      | 9104 ||| Stepping randomly (stuck).
  9105 | D:7      | 9105 ||| Stepping randomly (stuck).
  9106 | D:7      | 9106 ||| Stepping randomly (stuck).
  9107 | D:7      | 9107 ||| Stepping randomly (stuck).
  9108 | D:7      | 9108 ||| Stepping randomly (stuck).
  9109 | D:7      | 9109 ||| Stepping randomly (stuck).
  9110 | D:7      | 9110 ||| Stepping randomly (stuck).
  9111 | D:7      | 9111 ||| Stepping randomly (stuck).
  9112 | D:7      | 9112 ||| Stepping randomly (stuck).
  9113 | D:7      | 9113 ||| Stepping randomly (stuck).
  9114 | D:7      | 9114 ||| Stepping randomly (stuck).
  9115 | D:7      | 9115 ||| Stepping randomly (stuck).
  9116 | D:7      | 9116 ||| Stepping randomly (stuck).
  9117 | D:7      | 9117 ||| Stepping randomly (stuck).
  9118 | D:7      | 9118 ||| Stepping randomly (stuck).
  9119 | D:7      | 9119 ||| Stepping randomly (stuck).
  9120 | D:7      | 9120 ||| Stepping randomly (stuck).
  9121 | D:7      | 9121 ||| Stepping randomly (stuck).
  9122 | D:7      | 9122 ||| Stepping randomly (stuck).
  9123 | D:7      | 9123 ||| Stepping randomly (stuck).
  9124 | D:7      | 9124 ||| Stepping randomly (stuck).
  9125 | D:7      | 9125 ||| Stepping randomly (stuck).
  9126 | D:7      | 9126 ||| Stepping randomly (stuck).
  9127 | D:7      | 9127 ||| Stepping randomly (stuck).
  9128 | D:7      | 9128 ||| Stepping randomly (stuck).
  9129 | D:7      | 9129 ||| Stepping randomly (stuck).
  9130 | D:7      | 9130 ||| Stepping randomly (stuck).
  9131 | D:7      | 9131 ||| Stepping randomly (stuck).
  9132 | D:7      | 9132 ||| Stepping randomly (stuck).
  9133 | D:7      | 9133 ||| Stepping randomly (stuck).
  9134 | D:7      | 9134 ||| Stepping randomly (stuck).
  9135 | D:7      | 9135 ||| Stepping randomly (stuck).
  9136 | D:7      | 9136 ||| Stepping randomly (stuck).
  9137 | D:7      | 9137 ||| Stepping randomly (stuck).
  9138 | D:7      | 9138 ||| Stepping randomly (stuck).
  9139 | D:7      | 9139 ||| Stepping randomly (stuck).
  9140 | D:7      | 9140 ||| Stepping randomly (stuck).
  9141 | D:7      | 9141 ||| Stepping randomly (stuck).
  9142 | D:7      | 9142 ||| Stepping randomly (stuck).
  9143 | D:7      | 9143 ||| Stepping randomly (stuck).
  9144 | D:7      | 9144 ||| Stepping randomly (stuck).
  9145 | D:7      | 9145 ||| Stepping randomly (stuck).
  9146 | D:7      | 9146 ||| Stepping randomly (stuck).
  9147 | D:7      | 9147 ||| Stepping randomly (stuck).
  9148 | D:7      | 9148 ||| Stepping randomly (stuck).
  9149 | D:7      | 9149 ||| Stepping randomly (stuck).
  9150 | D:7      | 9150 ||| Stepping randomly (stuck).
  9151 | D:7      | 9151 ||| Stepping randomly (stuck).
  9152 | D:7      | 9152 ||| Stepping randomly (stuck).
  9153 | D:7      | 9153 ||| Stepping randomly (stuck).
  9154 | D:7      | 9154 ||| Stepping randomly (stuck).
  9155 | D:7      | 9155 ||| Stepping randomly (stuck).
  9156 | D:7      | 9156 ||| Stepping randomly (stuck).
  9157 | D:7      | 9157 ||| Stepping randomly (stuck).
  9158 | D:7      | 9158 ||| Stepping randomly (stuck).
  9159 | D:7      | 9159 ||| Stepping randomly (stuck).
  9160 | D:7      | 9160 ||| Stepping randomly (stuck).
  9161 | D:7      | 9161 ||| Stepping randomly (stuck).
  9162 | D:7      | 9162 ||| Stepping randomly (stuck).
  9163 | D:7      | 9163 ||| Stepping randomly (stuck).
  9164 | D:7      | 9164 ||| Stepping randomly (stuck).
  9165 | D:7      | 9165 ||| Stepping randomly (stuck).
  9166 | D:7      | 9166 ||| Stepping randomly (stuck).
  9167 | D:7      | 9167 ||| Stepping randomly (stuck).
  9168 | D:7      | 9168 ||| Stepping randomly (stuck).
  9169 | D:7      | 9169 ||| Stepping randomly (stuck).
  9170 | D:7      | 9170 ||| Stepping randomly (stuck).
  9171 | D:7      | 9171 ||| Stepping randomly (stuck).
  9172 | D:7      | 9172 ||| Stepping randomly (stuck).
  9173 | D:7      | 9173 ||| Stepping randomly (stuck).
  9174 | D:7      | 9174 ||| Stepping randomly (stuck).
  9175 | D:7      | 9175 ||| Stepping randomly (stuck).
  9176 | D:7      | 9176 ||| Stepping randomly (stuck).
  9177 | D:7      | 9177 ||| Stepping randomly (stuck).
  9178 | D:7      | 9178 ||| Stepping randomly (stuck).
  9179 | D:7      | 9179 ||| Stepping randomly (stuck).
  9180 | D:7      | 9180 ||| Stepping randomly (stuck).
  9181 | D:7      | 9181 ||| Stepping randomly (stuck).
  9182 | D:7      | 9182 ||| Stepping randomly (stuck).
  9183 | D:7      | 9183 ||| Stepping randomly (stuck).
  9184 | D:7      | 9184 ||| Stepping randomly (stuck).
  9185 | D:7      | 9185 ||| Stepping randomly (stuck).
  9186 | D:7      | 9186 ||| Stepping randomly (stuck).
  9187 | D:7      | 9187 ||| Stepping randomly (stuck).
  9188 | D:7      | 9188 ||| Stepping randomly (stuck).
  9189 | D:7      | 9189 ||| Stepping randomly (stuck).
  9190 | D:7      | 9190 ||| Stepping randomly (stuck).
  9191 | D:7      | 9191 ||| Stepping randomly (stuck).
  9192 | D:7      | 9192 ||| Stepping randomly (stuck).
  9193 | D:7      | 9193 ||| Stepping randomly (stuck).
  9194 | D:7      | 9194 ||| Stepping randomly (stuck).
  9195 | D:7      | 9195 ||| Stepping randomly (stuck).
  9196 | D:7      | 9196 ||| Stepping randomly (stuck).
  9197 | D:7      | 9197 ||| Stepping randomly (stuck).
  9198 | D:7      | 9198 ||| Stepping randomly (stuck).
  9199 | D:7      | 9199 ||| Stepping randomly (stuck).
  9200 | D:7      | 9200 ||| Stepping randomly (stuck).
  9201 | D:7      | 9201 ||| Stepping randomly (stuck).
  9202 | D:7      | 9202 ||| Stepping randomly (stuck).
  9203 | D:7      | 9203 ||| Stepping randomly (stuck).
  9204 | D:7      | 9204 ||| Stepping randomly (stuck).
  9205 | D:7      | 9205 ||| Stepping randomly (stuck).
  9206 | D:7      | 9206 ||| Stepping randomly (stuck).
  9207 | D:7      | 9207 ||| Stepping randomly (stuck).
  9208 | D:7      | 9208 ||| Stepping randomly (stuck).
  9209 | D:7      | 9209 ||| Stepping randomly (stuck).
  9210 | D:7      | 9210 ||| Stepping randomly (stuck).
  9211 | D:7      | 9211 ||| Stepping randomly (stuck).
  9212 | D:7      | 9212 ||| Stepping randomly (stuck).
  9213 | D:7      | 9213 ||| Stepping randomly (stuck).
  9214 | D:7      | 9214 ||| Stepping randomly (stuck).
  9215 | D:7      | 9215 ||| Stepping randomly (stuck).
  9216 | D:7      | 9216 ||| Stepping randomly (stuck).
  9217 | D:7      | 9217 ||| Stepping randomly (stuck).
  9218 | D:7      | 9218 ||| Stepping randomly (stuck).
  9219 | D:7      | 9219 ||| Stepping randomly (stuck).
  9220 | D:7      | 9220 ||| Stepping randomly (stuck).
  9221 | D:7      | 9221 ||| Stepping randomly (stuck).
  9222 | D:7      | 9222 ||| Stepping randomly (stuck).
  9223 | D:7      | 9223 ||| Stepping randomly (stuck).
  9224 | D:7      | 9224 ||| Stepping randomly (stuck).
  9225 | D:7      | 9225 ||| Stepping randomly (stuck).
  9226 | D:7      | 9226 ||| Stepping randomly (stuck).
  9227 | D:7      | 9227 ||| Stepping randomly (stuck).
  9228 | D:7      | 9228 ||| Stepping randomly (stuck).
  9229 | D:7      | 9229 ||| Stepping randomly (stuck).
  9230 | D:7      | 9230 ||| Stepping randomly (stuck).
  9231 | D:7      | 9231 ||| Stepping randomly (stuck).
  9232 | D:7      | 9232 ||| Stepping randomly (stuck).
  9233 | D:7      | 9233 ||| Stepping randomly (stuck).
  9234 | D:7      | 9234 ||| Stepping randomly (stuck).
  9235 | D:7      | 9235 ||| Stepping randomly (stuck).
  9236 | D:7      | 9236 ||| Stepping randomly (stuck).
  9237 | D:7      | 9237 ||| Stepping randomly (stuck).
  9238 | D:7      | 9238 ||| Stepping randomly (stuck).
  9239 | D:7      | 9239 ||| Stepping randomly (stuck).
  9240 | D:7      | 9240 ||| Stepping randomly (stuck).
  9241 | D:7      | 9241 ||| Stepping randomly (stuck).
  9242 | D:7      | 9242 ||| Stepping randomly (stuck).
  9243 | D:7      | 9243 ||| Stepping randomly (stuck).
  9244 | D:7      | 9244 ||| Stepping randomly (stuck).
  9245 | D:7      | 9245 ||| Stepping randomly (stuck).
  9246 | D:7      | 9246 ||| Stepping randomly (stuck).
  9247 | D:7      | 9247 ||| Stepping randomly (stuck).
  9248 | D:7      | 9248 ||| Stepping randomly (stuck).
  9249 | D:7      | 9249 ||| Stepping randomly (stuck).
  9250 | D:7      | 9250 ||| Stepping randomly (stuck).
  9251 | D:7      | 9251 ||| Stepping randomly (stuck).
  9252 | D:7      | 9252 ||| Stepping randomly (stuck).
  9253 | D:7      | 9253 ||| Stepping randomly (stuck).
  9254 | D:7      | 9254 ||| Stepping randomly (stuck).
  9255 | D:7      | 9255 ||| Stepping randomly (stuck).
  9256 | D:7      | 9256 ||| Stepping randomly (stuck).
  9257 | D:7      | 9257 ||| Stepping randomly (stuck).
  9258 | D:7      | 9258 ||| Stepping randomly (stuck).
  9259 | D:7      | 9259 ||| Stepping randomly (stuck).
  9260 | D:7      | 9260 ||| Stepping randomly (stuck).
  9261 | D:7      | 9261 ||| Stepping randomly (stuck).
  9262 | D:7      | 9262 ||| Stepping randomly (stuck).
  9263 | D:7      | 9263 ||| Stepping randomly (stuck).
  9264 | D:7      | 9264 ||| Stepping randomly (stuck).
  9265 | D:7      | 9265 ||| Stepping randomly (stuck).
  9266 | D:7      | 9266 ||| Stepping randomly (stuck).
  9267 | D:7      | 9267 ||| Stepping randomly (stuck).
  9268 | D:7      | 9268 ||| Stepping randomly (stuck).
  9269 | D:7      | 9269 ||| Stepping randomly (stuck).
  9270 | D:7      | 9270 ||| Stepping randomly (stuck).
  9271 | D:7      | 9271 ||| Stepping randomly (stuck).
  9272 | D:7      | 9272 ||| Stepping randomly (stuck).
  9273 | D:7      | 9273 ||| Stepping randomly (stuck).
  9274 | D:7      | 9274 ||| Stepping randomly (stuck).
  9275 | D:7      | 9275 ||| Stepping randomly (stuck).
  9276 | D:7      | 9276 ||| Stepping randomly (stuck).
  9277 | D:7      | 9277 ||| Stepping randomly (stuck).
  9278 | D:7      | 9278 ||| Stepping randomly (stuck).
  9279 | D:7      | 9279 ||| Stepping randomly (stuck).
  9280 | D:7      | 9280 ||| Stepping randomly (stuck).
  9281 | D:7      | 9281 ||| Stepping randomly (stuck).
  9282 | D:7      | 9282 ||| Stepping randomly (stuck).
  9283 | D:7      | 9283 ||| Stepping randomly (stuck).
  9284 | D:7      | 9284 ||| Stepping randomly (stuck).
  9285 | D:7      | 9285 ||| Stepping randomly (stuck).
  9286 | D:7      | 9286 ||| Stepping randomly (stuck).
  9287 | D:7      | 9287 ||| Stepping randomly (stuck).
  9288 | D:7      | 9288 ||| Stepping randomly (stuck).
  9289 | D:7      | 9289 ||| Stepping randomly (stuck).
  9290 | D:7      | 9290 ||| Stepping randomly (stuck).
  9291 | D:7      | 9291 ||| Stepping randomly (stuck).
  9292 | D:7      | 9292 ||| Stepping randomly (stuck).
  9293 | D:7      | 9293 ||| Stepping randomly (stuck).
  9294 | D:7      | 9294 ||| Stepping randomly (stuck).
  9295 | D:7      | 9295 ||| Stepping randomly (stuck).
  9296 | D:7      | 9296 ||| Stepping randomly (stuck).
  9297 | D:7      | 9297 ||| Stepping randomly (stuck).
  9298 | D:7      | 9298 ||| Stepping randomly (stuck).
  9299 | D:7      | 9299 ||| Stepping randomly (stuck).
  9300 | D:7      | 9300 ||| Stepping randomly (stuck).
  9301 | D:7      | 9301 ||| Stepping randomly (stuck).
  9302 | D:7      | 9302 ||| Stepping randomly (stuck).
  9303 | D:7      | 9303 ||| Stepping randomly (stuck).
  9304 | D:7      | 9304 ||| Stepping randomly (stuck).
  9305 | D:7      | 9305 ||| Stepping randomly (stuck).
  9306 | D:7      | 9306 ||| Stepping randomly (stuck).
  9307 | D:7      | 9307 ||| Stepping randomly (stuck).
  9308 | D:7      | 9308 ||| Stepping randomly (stuck).
  9309 | D:7      | 9309 ||| Stepping randomly (stuck).
  9310 | D:7      | 9310 ||| Stepping randomly (stuck).
  9311 | D:7      | 9311 ||| Stepping randomly (stuck).
  9312 | D:7      | 9312 ||| Stepping randomly (stuck).
  9313 | D:7      | 9313 ||| Stepping randomly (stuck).
  9314 | D:7      | 9314 ||| Stepping randomly (stuck).
  9315 | D:7      | 9315 ||| Stepping randomly (stuck).
  9316 | D:7      | 9316 ||| Stepping randomly (stuck).
  9317 | D:7      | 9317 ||| Stepping randomly (stuck).
  9318 | D:7      | 9318 ||| Stepping randomly (stuck).
  9319 | D:7      | 9319 ||| Stepping randomly (stuck).
  9320 | D:7      | 9320 ||| Stepping randomly (stuck).
  9321 | D:7      | 9321 ||| Stepping randomly (stuck).
  9322 | D:7      | 9322 ||| Stepping randomly (stuck).
  9323 | D:7      | 9323 ||| Stepping randomly (stuck).
  9324 | D:7      | 9324 ||| Stepping randomly (stuck).
  9325 | D:7      | 9325 ||| Stepping randomly (stuck).
  9326 | D:7      | 9326 ||| Stepping randomly (stuck).
  9327 | D:7      | 9327 ||| Stepping randomly (stuck).
  9328 | D:7      | 9328 ||| Stepping randomly (stuck).
  9329 | D:7      | 9329 ||| Stepping randomly (stuck).
  9330 | D:7      | 9330 ||| Stepping randomly (stuck).
  9331 | D:7      | 9331 ||| Stepping randomly (stuck).
  9332 | D:7      | 9332 ||| Stepping randomly (stuck).
  9333 | D:7      | 9333 ||| Stepping randomly (stuck).
  9334 | D:7      | 9334 ||| Stepping randomly (stuck).
  9335 | D:7      | 9335 ||| Stepping randomly (stuck).
  9336 | D:7      | 9336 ||| Stepping randomly (stuck).
  9337 | D:7      | 9337 ||| Stepping randomly (stuck).
  9338 | D:7      | 9338 ||| Stepping randomly (stuck).
  9339 | D:7      | 9339 ||| Stepping randomly (stuck).
  9340 | D:7      | 9340 ||| Stepping randomly (stuck).
  9341 | D:7      | 9341 ||| Stepping randomly (stuck).
  9342 | D:7      | 9342 ||| Stepping randomly (stuck).
  9343 | D:7      | 9343 ||| Stepping randomly (stuck).
  9344 | D:7      | 9344 ||| Stepping randomly (stuck).
  9345 | D:7      | 9345 ||| Stepping randomly (stuck).
  9346 | D:7      | 9346 ||| Stepping randomly (stuck).
  9347 | D:7      | 9347 ||| Stepping randomly (stuck).
  9348 | D:7      | 9348 ||| Stepping randomly (stuck).
  9349 | D:7      | 9349 ||| Stepping randomly (stuck).
  9350 | D:7      | 9350 ||| Stepping randomly (stuck).
  9351 | D:7      | 9351 ||| Stepping randomly (stuck).
  9352 | D:7      | 9352 ||| Stepping randomly (stuck).
  9353 | D:7      | 9353 ||| Stepping randomly (stuck).
  9354 | D:7      | 9354 ||| Stepping randomly (stuck).
  9355 | D:7      | 9355 ||| Stepping randomly (stuck).
  9356 | D:7      | 9356 ||| Stepping randomly (stuck).
  9357 | D:7      | 9357 ||| Stepping randomly (stuck).
  9358 | D:7      | 9358 ||| Stepping randomly (stuck).
  9359 | D:7      | 9359 ||| Stepping randomly (stuck).
  9360 | D:7      | 9360 ||| Stepping randomly (stuck).
  9361 | D:7      | 9361 ||| Stepping randomly (stuck).
  9362 | D:7      | 9362 ||| Stepping randomly (stuck).
  9363 | D:7      | 9363 ||| Stepping randomly (stuck).
  9364 | D:7      | 9364 ||| Stepping randomly (stuck).
  9365 | D:7      | 9365 ||| Stepping randomly (stuck).
  9366 | D:7      | 9366 ||| Stepping randomly (stuck).
  9367 | D:7      | 9367 ||| Stepping randomly (stuck).
  9368 | D:7      | 9368 ||| Stepping randomly (stuck).
  9369 | D:7      | 9369 ||| Stepping randomly (stuck).
  9370 | D:7      | 9370 ||| Stepping randomly (stuck).
  9371 | D:7      | 9371 ||| Stepping randomly (stuck).
  9372 | D:7      | 9372 ||| Stepping randomly (stuck).
  9373 | D:7      | 9373 ||| Stepping randomly (stuck).
  9374 | D:7      | 9374 ||| Stepping randomly (stuck).
  9375 | D:7      | 9375 ||| Stepping randomly (stuck).
  9376 | D:7      | 9376 ||| Stepping randomly (stuck).
  9377 | D:7      | 9377 ||| Stepping randomly (stuck).
  9378 | D:7      | 9378 ||| Stepping randomly (stuck).
  9379 | D:7      | 9379 ||| Stepping randomly (stuck).
  9380 | D:7      | 9380 ||| Stepping randomly (stuck).
  9381 | D:7      | 9381 ||| Stepping randomly (stuck).
  9382 | D:7      | 9382 ||| Stepping randomly (stuck).
  9383 | D:7      | 9383 ||| Stepping randomly (stuck).
  9384 | D:7      | 9384 ||| Stepping randomly (stuck).
  9385 | D:7      | 9385 ||| Stepping randomly (stuck).
  9386 | D:7      | 9386 ||| Stepping randomly (stuck).
  9387 | D:7      | 9387 ||| Stepping randomly (stuck).
  9388 | D:7      | 9388 ||| Stepping randomly (stuck).
  9389 | D:7      | 9389 ||| Stepping randomly (stuck).
  9390 | D:7      | 9390 ||| Stepping randomly (stuck).
  9391 | D:7      | 9391 ||| Stepping randomly (stuck).
  9392 | D:7      | 9392 ||| Stepping randomly (stuck).
  9393 | D:7      | 9393 ||| Stepping randomly (stuck).
  9394 | D:7      | 9394 ||| Stepping randomly (stuck).
  9395 | D:7      | 9395 ||| Stepping randomly (stuck).
  9396 | D:7      | 9396 ||| Stepping randomly (stuck).
  9397 | D:7      | 9397 ||| Stepping randomly (stuck).
  9398 | D:7      | 9398 ||| Stepping randomly (stuck).
  9399 | D:7      | 9399 ||| Stepping randomly (stuck).
  9400 | D:7      | 9400 ||| Stepping randomly (stuck).
  9401 | D:7      | 9401 ||| Stepping randomly (stuck).
  9402 | D:7      | 9402 ||| Stepping randomly (stuck).
  9403 | D:7      | 9403 ||| Stepping randomly (stuck).
  9404 | D:7      | 9404 ||| Stepping randomly (stuck).
  9405 | D:7      | 9405 ||| Stepping randomly (stuck).
  9406 | D:7      | 9406 ||| Stepping randomly (stuck).
  9407 | D:7      | 9407 ||| Stepping randomly (stuck).
  9408 | D:7      | 9408 ||| Stepping randomly (stuck).
  9409 | D:7      | 9409 ||| Stepping randomly (stuck).
  9410 | D:7      | 9410 ||| Stepping randomly (stuck).
  9411 | D:7      | 9411 ||| Stepping randomly (stuck).
  9412 | D:7      | 9412 ||| Stepping randomly (stuck).
  9413 | D:7      | 9413 ||| Stepping randomly (stuck).
  9414 | D:7      | 9414 ||| Stepping randomly (stuck).
  9415 | D:7      | 9415 ||| Stepping randomly (stuck).
  9416 | D:7      | 9416 ||| Stepping randomly (stuck).
  9417 | D:7      | 9417 ||| Stepping randomly (stuck).
  9418 | D:7      | 9418 ||| Stepping randomly (stuck).
  9419 | D:7      | 9419 ||| Stepping randomly (stuck).
  9420 | D:7      | 9420 ||| Stepping randomly (stuck).
  9421 | D:7      | 9421 ||| Stepping randomly (stuck).
  9422 | D:7      | 9422 ||| Stepping randomly (stuck).
  9423 | D:7      | 9423 ||| Stepping randomly (stuck).
  9424 | D:7      | 9424 ||| Stepping randomly (stuck).
  9425 | D:7      | 9425 ||| Stepping randomly (stuck).
  9426 | D:7      | 9426 ||| Stepping randomly (stuck).
  9427 | D:7      | 9427 ||| Stepping randomly (stuck).
  9428 | D:7      | 9428 ||| Stepping randomly (stuck).
  9429 | D:7      | 9429 ||| Stepping randomly (stuck).
  9430 | D:7      | 9430 ||| Stepping randomly (stuck).
  9431 | D:7      | 9431 ||| Stepping randomly (stuck).
  9432 | D:7      | 9432 ||| Stepping randomly (stuck).
  9433 | D:7      | 9433 ||| Stepping randomly (stuck).
  9434 | D:7      | 9434 ||| Stepping randomly (stuck).
  9435 | D:7      | 9435 ||| Stepping randomly (stuck).
  9436 | D:7      | 9436 ||| Stepping randomly (stuck).
  9437 | D:7      | 9437 ||| Stepping randomly (stuck).
  9438 | D:7      | 9438 ||| Stepping randomly (stuck).
  9439 | D:7      | 9439 ||| Stepping randomly (stuck).
  9440 | D:7      | 9440 ||| Stepping randomly (stuck).
  9441 | D:7      | 9441 ||| Stepping randomly (stuck).
  9442 | D:7      | 9442 ||| Stepping randomly (stuck).
  9443 | D:7      | 9443 ||| Stepping randomly (stuck).
  9444 | D:7      | 9444 ||| Stepping randomly (stuck).
  9445 | D:7      | 9445 ||| Stepping randomly (stuck).
  9446 | D:7      | 9446 ||| Stepping randomly (stuck).
  9447 | D:7      | 9447 ||| Stepping randomly (stuck).
  9448 | D:7      | 9448 ||| Stepping randomly (stuck).
  9449 | D:7      | 9449 ||| Stepping randomly (stuck).
  9450 | D:7      | 9450 ||| Stepping randomly (stuck).
  9451 | D:7      | 9451 ||| Stepping randomly (stuck).
  9452 | D:7      | 9452 ||| Stepping randomly (stuck).
  9453 | D:7      | 9453 ||| Stepping randomly (stuck).
  9454 | D:7      | 9454 ||| Stepping randomly (stuck).
  9455 | D:7      | 9455 ||| Stepping randomly (stuck).
  9456 | D:7      | 9456 ||| Stepping randomly (stuck).
  9457 | D:7      | 9457 ||| Stepping randomly (stuck).
  9458 | D:7      | 9458 ||| Stepping randomly (stuck).
  9459 | D:7      | 9459 ||| Stepping randomly (stuck).
  9460 | D:7      | 9460 ||| Stepping randomly (stuck).
  9461 | D:7      | 9461 ||| Stepping randomly (stuck).
  9462 | D:7      | 9462 ||| Stepping randomly (stuck).
  9463 | D:7      | 9463 ||| Stepping randomly (stuck).
  9464 | D:7      | 9464 ||| Stepping randomly (stuck).
  9465 | D:7      | 9465 ||| Stepping randomly (stuck).
  9466 | D:7      | 9466 ||| Stepping randomly (stuck).
  9467 | D:7      | 9467 ||| Stepping randomly (stuck).
  9468 | D:7      | 9468 ||| Stepping randomly (stuck).
  9469 | D:7      | 9469 ||| Stepping randomly (stuck).
  9470 | D:7      | 9470 ||| Stepping randomly (stuck).
  9471 | D:7      | 9471 ||| Stepping randomly (stuck).
  9472 | D:7      | 9472 ||| Stepping randomly (stuck).
  9473 | D:7      | 9473 ||| Stepping randomly (stuck).
  9474 | D:7      | 9474 ||| Stepping randomly (stuck).
  9475 | D:7      | 9475 ||| Stepping randomly (stuck).
  9476 | D:7      | 9476 ||| Stepping randomly (stuck).
  9477 | D:7      | 9477 ||| Stepping randomly (stuck).
  9478 | D:7      | 9478 ||| Stepping randomly (stuck).
  9479 | D:7      | 9479 ||| Stepping randomly (stuck).
  9480 | D:7      | 9480 ||| Stepping randomly (stuck).
  9481 | D:7      | 9481 ||| Stepping randomly (stuck).
  9482 | D:7      | 9482 ||| Stepping randomly (stuck).
  9483 | D:7      | 9483 ||| Stepping randomly (stuck).
  9484 | D:7      | 9484 ||| Stepping randomly (stuck).
  9485 | D:7      | 9485 ||| Stepping randomly (stuck).
  9486 | D:7      | 9486 ||| Stepping randomly (stuck).
  9487 | D:7      | 9487 ||| Stepping randomly (stuck).
  9488 | D:7      | 9488 ||| Stepping randomly (stuck).
  9489 | D:7      | 9489 ||| Stepping randomly (stuck).
  9490 | D:7      | 9490 ||| Stepping randomly (stuck).
  9491 | D:7      | 9491 ||| Stepping randomly (stuck).
  9492 | D:7      | 9492 ||| Stepping randomly (stuck).
  9493 | D:7      | 9493 ||| Stepping randomly (stuck).
  9494 | D:7      | 9494 ||| Stepping randomly (stuck).
  9495 | D:7      | 9495 ||| Stepping randomly (stuck).
  9496 | D:7      | 9496 ||| Stepping randomly (stuck).
  9497 | D:7      | 9497 ||| Stepping randomly (stuck).
  9498 | D:7      | 9498 ||| Stepping randomly (stuck).
  9499 | D:7      | 9499 ||| Stepping randomly (stuck).
  9500 | D:7      | 9500 ||| Stepping randomly (stuck).
  9501 | D:7      | 9501 ||| Stepping randomly (stuck).
  9502 | D:7      | 9502 ||| Stepping randomly (stuck).
  9503 | D:7      | 9503 ||| Stepping randomly (stuck).
  9504 | D:7      | 9504 ||| Stepping randomly (stuck).
  9505 | D:7      | 9505 ||| Stepping randomly (stuck).
  9506 | D:7      | 9506 ||| Stepping randomly (stuck).
  9507 | D:7      | 9507 ||| Stepping randomly (stuck).
  9508 | D:7      | 9508 ||| Stepping randomly (stuck).
  9509 | D:7      | 9509 ||| Stepping randomly (stuck).
  9510 | D:7      | 9510 ||| Stepping randomly (stuck).
  9511 | D:7      | 9511 ||| Stepping randomly (stuck).
  9512 | D:7      | 9512 ||| Stepping randomly (stuck).
  9513 | D:7      | 9513 ||| Stepping randomly (stuck).
  9514 | D:7      | 9514 ||| Stepping randomly (stuck).
  9515 | D:7      | 9515 ||| Stepping randomly (stuck).
  9516 | D:7      | 9516 ||| Stepping randomly (stuck).
  9517 | D:7      | 9517 ||| Stepping randomly (stuck).
  9518 | D:7      | 9518 ||| Stepping randomly (stuck).
  9519 | D:7      | 9519 ||| Stepping randomly (stuck).
  9520 | D:7      | 9520 ||| Stepping randomly (stuck).
  9521 | D:7      | 9521 ||| Stepping randomly (stuck).
  9522 | D:7      | 9522 ||| Stepping randomly (stuck).
  9523 | D:7      | 9523 ||| Stepping randomly (stuck).
  9524 | D:7      | 9524 ||| Stepping randomly (stuck).
  9525 | D:7      | 9525 ||| Stepping randomly (stuck).
  9526 | D:7      | 9526 ||| Stepping randomly (stuck).
  9527 | D:7      | 9527 ||| Stepping randomly (stuck).
  9528 | D:7      | 9528 ||| Stepping randomly (stuck).
  9529 | D:7      | 9529 ||| Stepping randomly (stuck).
  9530 | D:7      | 9530 ||| Stepping randomly (stuck).
  9531 | D:7      | 9531 ||| Stepping randomly (stuck).
  9532 | D:7      | 9532 ||| Stepping randomly (stuck).
  9533 | D:7      | 9533 ||| Stepping randomly (stuck).
  9534 | D:7      | 9534 ||| Stepping randomly (stuck).
  9535 | D:7      | 9535 ||| Stepping randomly (stuck).
  9536 | D:7      | 9536 ||| Stepping randomly (stuck).
  9537 | D:7      | 9537 ||| Stepping randomly (stuck).
  9538 | D:7      | 9538 ||| Stepping randomly (stuck).
  9539 | D:7      | 9539 ||| Stepping randomly (stuck).
  9540 | D:7      | 9540 ||| Stepping randomly (stuck).
  9541 | D:7      | 9541 ||| Stepping randomly (stuck).
  9542 | D:7      | 9542 ||| Stepping randomly (stuck).
  9543 | D:7      | 9543 ||| Stepping randomly (stuck).
  9544 | D:7      | 9544 ||| Stepping randomly (stuck).
  9545 | D:7      | 9545 ||| Stepping randomly (stuck).
  9546 | D:7      | 9546 ||| Stepping randomly (stuck).
  9547 | D:7      | 9547 ||| Stepping randomly (stuck).
  9548 | D:7      | 9548 ||| Stepping randomly (stuck).
  9549 | D:7      | 9549 ||| Stepping randomly (stuck).
  9550 | D:7      | 9550 ||| Stepping randomly (stuck).
  9551 | D:7      | 9551 ||| Stepping randomly (stuck).
  9552 | D:7      | 9552 ||| Stepping randomly (stuck).
  9553 | D:7      | 9553 ||| Stepping randomly (stuck).
  9554 | D:7      | 9554 ||| Stepping randomly (stuck).
  9555 | D:7      | 9555 ||| Stepping randomly (stuck).
  9556 | D:7      | 9556 ||| Stepping randomly (stuck).
  9557 | D:7      | 9557 ||| Stepping randomly (stuck).
  9558 | D:7      | 9558 ||| Stepping randomly (stuck).
  9559 | D:7      | 9559 ||| Stepping randomly (stuck).
  9560 | D:7      | 9560 ||| Stepping randomly (stuck).
  9561 | D:7      | 9561 ||| Stepping randomly (stuck).
  9562 | D:7      | 9562 ||| Stepping randomly (stuck).
  9563 | D:7      | 9563 ||| Stepping randomly (stuck).
  9564 | D:7      | 9564 ||| Stepping randomly (stuck).
  9565 | D:7      | 9565 ||| Stepping randomly (stuck).
  9566 | D:7      | 9566 ||| Stepping randomly (stuck).
  9567 | D:7      | 9567 ||| Stepping randomly (stuck).
  9568 | D:7      | 9568 ||| Stepping randomly (stuck).
  9569 | D:7      | 9569 ||| Stepping randomly (stuck).
  9570 | D:7      | 9570 ||| Stepping randomly (stuck).
  9571 | D:7      | 9571 ||| Stepping randomly (stuck).
  9572 | D:7      | 9572 ||| Stepping randomly (stuck).
  9573 | D:7      | 9573 ||| Stepping randomly (stuck).
  9574 | D:7      | 9574 ||| Stepping randomly (stuck).
  9575 | D:7      | 9575 ||| Stepping randomly (stuck).
  9576 | D:7      | 9576 ||| Stepping randomly (stuck).
  9577 | D:7      | 9577 ||| Stepping randomly (stuck).
  9578 | D:7      | 9578 ||| Stepping randomly (stuck).
  9579 | D:7      | 9579 ||| Stepping randomly (stuck).
  9580 | D:7      | 9580 ||| Stepping randomly (stuck).
  9581 | D:7      | 9581 ||| Stepping randomly (stuck).
  9582 | D:7      | 9582 ||| Stepping randomly (stuck).
  9583 | D:7      | 9583 ||| Stepping randomly (stuck).
  9584 | D:7      | 9584 ||| Stepping randomly (stuck).
  9585 | D:7      | 9585 ||| Stepping randomly (stuck).
  9586 | D:7      | 9586 ||| Stepping randomly (stuck).
  9587 | D:7      | 9587 ||| Stepping randomly (stuck).
  9588 | D:7      | 9588 ||| Stepping randomly (stuck).
  9589 | D:7      | 9589 ||| Stepping randomly (stuck).
  9590 | D:7      | 9590 ||| Stepping randomly (stuck).
  9591 | D:7      | 9591 ||| Stepping randomly (stuck).
  9592 | D:7      | 9592 ||| Stepping randomly (stuck).
  9593 | D:7      | 9593 ||| Stepping randomly (stuck).
  9594 | D:7      | 9594 ||| Stepping randomly (stuck).
  9595 | D:7      | 9595 ||| Stepping randomly (stuck).
  9596 | D:7      | 9596 ||| Stepping randomly (stuck).
  9597 | D:7      | 9597 ||| Stepping randomly (stuck).
  9598 | D:7      | 9598 ||| Stepping randomly (stuck).
  9599 | D:7      | 9599 ||| Stepping randomly (stuck).
  9600 | D:7      | 9600 ||| Stepping randomly (stuck).
  9601 | D:7      | 9601 ||| Stepping randomly (stuck).
  9602 | D:7      | 9602 ||| Stepping randomly (stuck).
  9603 | D:7      | 9603 ||| Stepping randomly (stuck).
  9604 | D:7      | 9604 ||| Stepping randomly (stuck).
  9605 | D:7      | 9605 ||| Stepping randomly (stuck).
  9606 | D:7      | 9606 ||| Stepping randomly (stuck).
  9607 | D:7      | 9607 ||| Stepping randomly (stuck).
  9608 | D:7      | 9608 ||| Stepping randomly (stuck).
  9609 | D:7      | 9609 ||| Stepping randomly (stuck).
  9610 | D:7      | 9610 ||| Stepping randomly (stuck).
  9611 | D:7      | 9611 ||| Stepping randomly (stuck).
  9612 | D:7      | 9612 ||| Stepping randomly (stuck).
  9613 | D:7      | 9613 ||| Stepping randomly (stuck).
  9614 | D:7      | 9614 ||| Stepping randomly (stuck).
  9615 | D:7      | 9615 ||| Stepping randomly (stuck).
  9616 | D:7      | 9616 ||| Stepping randomly (stuck).
  9617 | D:7      | 9617 ||| Stepping randomly (stuck).
  9618 | D:7      | 9618 ||| Stepping randomly (stuck).
  9619 | D:7      | 9619 ||| Stepping randomly (stuck).
  9620 | D:7      | 9620 ||| Stepping randomly (stuck).
  9621 | D:7      | 9621 ||| Stepping randomly (stuck).
  9622 | D:7      | 9622 ||| Stepping randomly (stuck).
  9623 | D:7      | 9623 ||| Stepping randomly (stuck).
  9624 | D:7      | 9624 ||| Stepping randomly (stuck).
  9625 | D:7      | 9625 ||| Stepping randomly (stuck).
  9626 | D:7      | 9626 ||| Stepping randomly (stuck).
  9627 | D:7      | 9627 ||| Stepping randomly (stuck).
  9628 | D:7      | 9628 ||| Stepping randomly (stuck).
  9629 | D:7      | 9629 ||| Stepping randomly (stuck).
  9630 | D:7      | 9630 ||| Stepping randomly (stuck).
  9631 | D:7      | 9631 ||| Stepping randomly (stuck).
  9632 | D:7      | 9632 ||| Stepping randomly (stuck).
  9633 | D:7      | 9633 ||| Stepping randomly (stuck).
  9634 | D:7      | 9634 ||| Stepping randomly (stuck).
  9635 | D:7      | 9635 ||| Stepping randomly (stuck).
  9636 | D:7      | 9636 ||| Stepping randomly (stuck).
  9637 | D:7      | 9637 ||| Stepping randomly (stuck).
  9638 | D:7      | 9638 ||| Stepping randomly (stuck).
  9639 | D:7      | 9639 ||| Stepping randomly (stuck).
  9640 | D:7      | 9640 ||| Stepping randomly (stuck).
  9641 | D:7      | 9641 ||| Stepping randomly (stuck).
  9642 | D:7      | 9642 ||| Stepping randomly (stuck).
  9643 | D:7      | 9643 ||| Stepping randomly (stuck).
  9644 | D:7      | 9644 ||| Stepping randomly (stuck).
  9645 | D:7      | 9645 ||| Stepping randomly (stuck).
  9646 | D:7      | 9646 ||| Stepping randomly (stuck).
  9647 | D:7      | 9647 ||| Stepping randomly (stuck).
  9648 | D:7      | 9648 ||| Stepping randomly (stuck).
  9649 | D:7      | 9649 ||| Stepping randomly (stuck).
  9650 | D:7      | 9650 ||| Stepping randomly (stuck).
  9651 | D:7      | 9651 ||| Stepping randomly (stuck).
  9652 | D:7      | 9652 ||| Stepping randomly (stuck).
  9653 | D:7      | 9653 ||| Stepping randomly (stuck).
  9654 | D:7      | 9654 ||| Stepping randomly (stuck).
  9655 | D:7      | 9655 ||| Stepping randomly (stuck).
  9656 | D:7      | 9656 ||| Stepping randomly (stuck).
  9657 | D:7      | 9657 ||| Stepping randomly (stuck).
  9658 | D:7      | 9658 ||| Stepping randomly (stuck).
  9659 | D:7      | 9659 ||| Stepping randomly (stuck).
  9660 | D:7      | 9660 ||| Stepping randomly (stuck).
  9661 | D:7      | 9661 ||| Stepping randomly (stuck).
  9662 | D:7      | 9662 ||| Stepping randomly (stuck).
  9663 | D:7      | 9663 ||| Stepping randomly (stuck).
  9664 | D:7      | 9664 ||| Stepping randomly (stuck).
  9665 | D:7      | 9665 ||| Stepping randomly (stuck).
  9666 | D:7      | 9666 ||| Stepping randomly (stuck).
  9667 | D:7      | 9667 ||| Stepping randomly (stuck).
  9668 | D:7      | 9668 ||| Stepping randomly (stuck).
  9669 | D:7      | 9669 ||| Stepping randomly (stuck).
  9670 | D:7      | 9670 ||| Stepping randomly (stuck).
  9671 | D:7      | 9671 ||| Stepping randomly (stuck).
  9672 | D:7      | 9672 ||| Stepping randomly (stuck).
  9673 | D:7      | 9673 ||| Stepping randomly (stuck).
  9674 | D:7      | 9674 ||| Stepping randomly (stuck).
  9675 | D:7      | 9675 ||| Stepping randomly (stuck).
  9676 | D:7      | 9676 ||| Stepping randomly (stuck).
  9677 | D:7      | 9677 ||| Stepping randomly (stuck).
  9678 | D:7      | 9678 ||| Stepping randomly (stuck).
  9679 | D:7      | 9679 ||| Stepping randomly (stuck).
  9680 | D:7      | 9680 ||| Stepping randomly (stuck).
  9681 | D:7      | 9681 ||| Stepping randomly (stuck).
  9682 | D:7      | 9682 ||| Stepping randomly (stuck).
  9683 | D:7      | 9683 ||| Stepping randomly (stuck).
  9684 | D:7      | 9684 ||| Stepping randomly (stuck).
  9685 | D:7      | 9685 ||| Stepping randomly (stuck).
  9686 | D:7      | 9686 ||| Stepping randomly (stuck).
  9687 | D:7      | 9687 ||| Stepping randomly (stuck).
  9688 | D:7      | 9688 ||| Stepping randomly (stuck).
  9689 | D:7      | 9689 ||| Stepping randomly (stuck).
  9690 | D:7      | 9690 ||| Stepping randomly (stuck).
  9691 | D:7      | 9691 ||| Stepping randomly (stuck).
  9692 | D:7      | 9692 ||| Stepping randomly (stuck).
  9693 | D:7      | 9693 ||| Stepping randomly (stuck).
  9694 | D:7      | 9694 ||| Stepping randomly (stuck).
  9695 | D:7      | 9695 ||| Stepping randomly (stuck).
  9696 | D:7      | 9696 ||| Stepping randomly (stuck).
  9697 | D:7      | 9697 ||| Stepping randomly (stuck).
  9698 | D:7      | 9698 ||| Stepping randomly (stuck).
  9699 | D:7      | 9699 ||| Stepping randomly (stuck).
  9700 | D:7      | 9700 ||| Stepping randomly (stuck).
  9701 | D:7      | 9701 ||| Stepping randomly (stuck).
  9702 | D:7      | 9702 ||| Stepping randomly (stuck).
  9703 | D:7      | 9703 ||| Stepping randomly (stuck).
  9704 | D:7      | 9704 ||| Stepping randomly (stuck).
  9705 | D:7      | 9705 ||| Stepping randomly (stuck).
  9706 | D:7      | 9706 ||| Stepping randomly (stuck).
  9707 | D:7      | 9707 ||| Stepping randomly (stuck).
  9708 | D:7      | 9708 ||| Stepping randomly (stuck).
  9709 | D:7      | 9709 ||| Stepping randomly (stuck).
  9710 | D:7      | 9710 ||| Stepping randomly (stuck).
  9711 | D:7      | 9711 ||| Stepping randomly (stuck).
  9712 | D:7      | 9712 ||| Stepping randomly (stuck).
  9713 | D:7      | 9713 ||| Stepping randomly (stuck).
  9714 | D:7      | 9714 ||| Stepping randomly (stuck).
  9715 | D:7      | 9715 ||| Stepping randomly (stuck).
  9716 | D:7      | 9716 ||| Stepping randomly (stuck).
  9717 | D:7      | 9717 ||| Stepping randomly (stuck).
  9718 | D:7      | 9718 ||| Stepping randomly (stuck).
  9719 | D:7      | 9719 ||| Stepping randomly (stuck).
  9720 | D:7      | 9720 ||| Stepping randomly (stuck).
  9721 | D:7      | 9721 ||| Stepping randomly (stuck).
  9722 | D:7      | 9722 ||| Stepping randomly (stuck).
  9723 | D:7      | 9723 ||| Stepping randomly (stuck).
  9724 | D:7      | 9724 ||| Stepping randomly (stuck).
  9725 | D:7      | 9725 ||| Stepping randomly (stuck).
  9726 | D:7      | 9726 ||| Stepping randomly (stuck).
  9727 | D:7      | 9727 ||| Stepping randomly (stuck).
  9728 | D:7      | 9728 ||| Stepping randomly (stuck).
  9729 | D:7      | 9729 ||| Stepping randomly (stuck).
  9730 | D:7      | 9730 ||| Stepping randomly (stuck).
  9731 | D:7      | 9731 ||| Stepping randomly (stuck).
  9732 | D:7      | 9732 ||| Stepping randomly (stuck).
  9733 | D:7      | 9733 ||| Stepping randomly (stuck).
  9734 | D:7      | 9734 ||| Stepping randomly (stuck).
  9735 | D:7      | 9735 ||| Stepping randomly (stuck).
  9736 | D:7      | 9736 ||| Stepping randomly (stuck).
  9737 | D:7      | 9737 ||| Stepping randomly (stuck).
  9738 | D:7      | 9738 ||| Stepping randomly (stuck).
  9739 | D:7      | 9739 ||| Stepping randomly (stuck).
  9740 | D:7      | 9740 ||| Stepping randomly (stuck).
  9741 | D:7      | 9741 ||| Stepping randomly (stuck).
  9742 | D:7      | 9742 ||| Stepping randomly (stuck).
  9743 | D:7      | 9743 ||| Stepping randomly (stuck).
  9744 | D:7      | 9744 ||| Stepping randomly (stuck).
  9745 | D:7      | 9745 ||| Stepping randomly (stuck).
  9746 | D:7      | 9746 ||| Stepping randomly (stuck).
  9747 | D:7      | 9747 ||| Stepping randomly (stuck).
  9748 | D:7      | 9748 ||| Stepping randomly (stuck).
  9749 | D:7      | 9749 ||| Stepping randomly (stuck).
  9750 | D:7      | 9750 ||| Stepping randomly (stuck).
  9751 | D:7      | 9751 ||| Stepping randomly (stuck).
  9752 | D:7      | 9752 ||| Stepping randomly (stuck).
  9753 | D:7      | 9753 ||| Stepping randomly (stuck).
  9754 | D:7      | 9754 ||| Stepping randomly (stuck).
  9755 | D:7      | 9755 ||| Stepping randomly (stuck).
  9756 | D:7      | 9756 ||| Stepping randomly (stuck).
  9757 | D:7      | 9757 ||| Stepping randomly (stuck).
  9758 | D:7      | 9758 ||| Stepping randomly (stuck).
  9759 | D:7      | 9759 ||| Stepping randomly (stuck).
  9760 | D:7      | 9760 ||| Stepping randomly (stuck).
  9761 | D:7      | 9761 ||| Stepping randomly (stuck).
  9762 | D:7      | 9762 ||| Stepping randomly (stuck).
  9763 | D:7      | 9763 ||| Stepping randomly (stuck).
  9764 | D:7      | 9764 ||| Stepping randomly (stuck).
  9765 | D:7      | 9765 ||| Stepping randomly (stuck).
  9766 | D:7      | 9766 ||| Stepping randomly (stuck).
  9767 | D:7      | 9767 ||| Stepping randomly (stuck).
  9768 | D:7      | 9768 ||| Stepping randomly (stuck).
  9769 | D:7      | 9769 ||| Stepping randomly (stuck).
  9770 | D:7      | 9770 ||| Stepping randomly (stuck).
  9771 | D:7      | 9771 ||| Stepping randomly (stuck).
  9772 | D:7      | 9772 ||| Stepping randomly (stuck).
  9773 | D:7      | 9773 ||| Stepping randomly (stuck).
  9774 | D:7      | 9774 ||| Stepping randomly (stuck).
  9775 | D:7      | 9775 ||| Stepping randomly (stuck).
  9776 | D:7      | 9776 ||| Stepping randomly (stuck).
  9777 | D:7      | 9777 ||| Stepping randomly (stuck).
  9778 | D:7      | 9778 ||| Stepping randomly (stuck).
  9779 | D:7      | 9779 ||| Stepping randomly (stuck).
  9780 | D:7      | 9780 ||| Stepping randomly (stuck).
  9781 | D:7      | 9781 ||| Stepping randomly (stuck).
  9782 | D:7      | 9782 ||| Stepping randomly (stuck).
  9783 | D:7      | 9783 ||| Stepping randomly (stuck).
  9784 | D:7      | 9784 ||| Stepping randomly (stuck).
  9785 | D:7      | 9785 ||| Stepping randomly (stuck).
  9786 | D:7      | 9786 ||| Stepping randomly (stuck).
  9787 | D:7      | 9787 ||| Stepping randomly (stuck).
  9788 | D:7      | 9788 ||| Stepping randomly (stuck).
  9789 | D:7      | 9789 ||| Stepping randomly (stuck).
  9790 | D:7      | 9790 ||| Stepping randomly (stuck).
  9791 | D:7      | 9791 ||| Stepping randomly (stuck).
  9792 | D:7      | 9792 ||| Stepping randomly (stuck).
  9793 | D:7      | 9793 ||| Stepping randomly (stuck).
  9794 | D:7      | 9794 ||| Stepping randomly (stuck).
  9795 | D:7      | 9795 ||| Stepping randomly (stuck).
  9796 | D:7      | 9796 ||| Stepping randomly (stuck).
  9797 | D:7      | 9797 ||| Stepping randomly (stuck).
  9798 | D:7      | 9798 ||| Stepping randomly (stuck).
  9799 | D:7      | 9799 ||| Stepping randomly (stuck).
  9800 | D:7      | 9800 ||| Stepping randomly (stuck).
  9801 | D:7      | 9801 ||| Stepping randomly (stuck).
  9802 | D:7      | 9802 ||| Stepping randomly (stuck).
  9803 | D:7      | 9803 ||| Stepping randomly (stuck).
  9804 | D:7      | 9804 ||| Stepping randomly (stuck).
  9805 | D:7      | 9805 ||| Stepping randomly (stuck).
  9806 | D:7      | 9806 ||| Stepping randomly (stuck).
  9807 | D:7      | 9807 ||| Stepping randomly (stuck).
  9808 | D:7      | 9808 ||| Stepping randomly (stuck).
  9809 | D:7      | 9809 ||| Stepping randomly (stuck).
  9810 | D:7      | 9810 ||| Stepping randomly (stuck).
  9811 | D:7      | 9811 ||| Stepping randomly (stuck).
  9812 | D:7      | 9812 ||| Stepping randomly (stuck).
  9813 | D:7      | 9813 ||| Stepping randomly (stuck).
  9814 | D:7      | 9814 ||| Stepping randomly (stuck).
  9815 | D:7      | 9815 ||| Stepping randomly (stuck).
  9816 | D:7      | 9816 ||| Stepping randomly (stuck).
  9817 | D:7      | 9817 ||| Stepping randomly (stuck).
  9818 | D:7      | 9818 ||| Stepping randomly (stuck).
  9819 | D:7      | 9819 ||| Stepping randomly (stuck).
  9820 | D:7      | 9820 ||| Stepping randomly (stuck).
  9821 | D:7      | 9821 ||| Stepping randomly (stuck).
  9822 | D:7      | 9822 ||| Stepping randomly (stuck).
  9823 | D:7      | 9823 ||| Stepping randomly (stuck).
  9824 | D:7      | 9824 ||| Stepping randomly (stuck).
  9825 | D:7      | 9825 ||| Stepping randomly (stuck).
  9826 | D:7      | 9826 ||| Stepping randomly (stuck).
  9827 | D:7      | 9827 ||| Stepping randomly (stuck).
  9828 | D:7      | 9828 ||| Stepping randomly (stuck).
  9829 | D:7      | 9829 ||| Stepping randomly (stuck).
  9830 | D:7      | 9830 ||| Stepping randomly (stuck).
  9831 | D:7      | 9831 ||| Stepping randomly (stuck).
  9832 | D:7      | 9832 ||| Stepping randomly (stuck).
  9833 | D:7      | 9833 ||| Stepping randomly (stuck).
  9834 | D:7      | 9834 ||| Stepping randomly (stuck).
  9835 | D:7      | 9835 ||| Stepping randomly (stuck).
  9836 | D:7      | 9836 ||| Stepping randomly (stuck).
  9837 | D:7      | 9837 ||| Stepping randomly (stuck).
  9838 | D:7      | 9838 ||| Stepping randomly (stuck).
  9839 | D:7      | 9839 ||| Stepping randomly (stuck).
  9840 | D:7      | 9840 ||| Stepping randomly (stuck).
  9841 | D:7      | 9841 ||| Stepping randomly (stuck).
  9842 | D:7      | 9842 ||| Stepping randomly (stuck).
  9843 | D:7      | 9843 ||| Stepping randomly (stuck).
  9844 | D:7      | 9844 ||| Stepping randomly (stuck).
  9845 | D:7      | 9845 ||| Stepping randomly (stuck).
  9846 | D:7      | 9846 ||| Stepping randomly (stuck).
  9847 | D:7      | 9847 ||| Stepping randomly (stuck).
  9848 | D:7      | 9848 ||| Stepping randomly (stuck).
  9849 | D:7      | 9849 ||| Stepping randomly (stuck).
  9850 | D:7      | 9850 ||| Stepping randomly (stuck).
  9851 | D:7      | 9851 ||| Stepping randomly (stuck).
  9852 | D:7      | 9852 ||| Stepping randomly (stuck).
  9853 | D:7      | 9853 ||| Stepping randomly (stuck).
  9854 | D:7      | 9854 ||| Stepping randomly (stuck).
  9855 | D:7      | 9855 ||| Stepping randomly (stuck).
  9856 | D:7      | 9856 ||| Stepping randomly (stuck).
  9857 | D:7      | 9857 ||| Stepping randomly (stuck).
  9858 | D:7      | 9858 ||| Stepping randomly (stuck).
  9859 | D:7      | 9859 ||| Stepping randomly (stuck).
  9860 | D:7      | 9860 ||| Stepping randomly (stuck).
  9861 | D:7      | 9861 ||| Stepping randomly (stuck).
  9862 | D:7      | 9862 ||| Stepping randomly (stuck).
  9863 | D:7      | 9863 ||| Stepping randomly (stuck).
  9864 | D:7      | 9864 ||| Stepping randomly (stuck).
  9865 | D:7      | 9865 ||| Stepping randomly (stuck).
  9866 | D:7      | 9866 ||| Stepping randomly (stuck).
  9867 | D:7      | 9867 ||| Stepping randomly (stuck).
  9868 | D:7      | 9868 ||| Stepping randomly (stuck).
  9869 | D:7      | 9869 ||| Stepping randomly (stuck).
  9870 | D:7      | 9870 ||| Stepping randomly (stuck).
  9871 | D:7      | 9871 ||| Stepping randomly (stuck).
  9872 | D:7      | 9872 ||| Stepping randomly (stuck).
  9873 | D:7      | 9873 ||| Stepping randomly (stuck).
  9874 | D:7      | 9874 ||| Stepping randomly (stuck).
  9875 | D:7      | 9875 ||| Stepping randomly (stuck).
  9876 | D:7      | 9876 ||| Stepping randomly (stuck).
  9877 | D:7      | 9877 ||| Stepping randomly (stuck).
  9878 | D:7      | 9878 ||| Stepping randomly (stuck).
  9879 | D:7      | 9879 ||| Stepping randomly (stuck).
  9880 | D:7      | 9880 ||| Stepping randomly (stuck).
  9881 | D:7      | 9881 ||| Stepping randomly (stuck).
  9882 | D:7      | 9882 ||| Stepping randomly (stuck).
  9883 | D:7      | 9883 ||| Stepping randomly (stuck).
  9884 | D:7      | 9884 ||| Stepping randomly (stuck).
  9885 | D:7      | 9885 ||| Stepping randomly (stuck).
  9886 | D:7      | 9886 ||| Stepping randomly (stuck).
  9887 | D:7      | 9887 ||| Stepping randomly (stuck).
  9888 | D:7      | 9888 ||| Stepping randomly (stuck).
  9889 | D:7      | 9889 ||| Stepping randomly (stuck).
  9890 | D:7      | 9890 ||| Stepping randomly (stuck).
  9891 | D:7      | 9891 ||| Stepping randomly (stuck).
  9892 | D:7      | 9892 ||| Stepping randomly (stuck).
  9893 | D:7      | 9893 ||| Stepping randomly (stuck).
  9894 | D:7      | 9894 ||| Stepping randomly (stuck).
  9895 | D:7      | 9895 ||| Stepping randomly (stuck).
  9896 | D:7      | 9896 ||| Stepping randomly (stuck).
  9897 | D:7      | 9897 ||| Stepping randomly (stuck).
  9898 | D:7      | 9898 ||| Stepping randomly (stuck).
  9899 | D:7      | 9899 ||| Stepping randomly (stuck).
  9900 | D:7      | 9900 ||| Stepping randomly (stuck).
  9901 | D:7      | 9901 ||| Stepping randomly (stuck).
  9902 | D:7      | 9902 ||| Stepping randomly (stuck).
  9903 | D:7      | 9903 ||| Stepping randomly (stuck).
  9904 | D:7      | 9904 ||| Stepping randomly (stuck).
  9905 | D:7      | 9905 ||| Stepping randomly (stuck).
  9906 | D:7      | 9906 ||| Stepping randomly (stuck).
  9907 | D:7      | 9907 ||| Stepping randomly (stuck).
  9908 | D:7      | 9908 ||| Stepping randomly (stuck).
  9909 | D:7      | 9909 ||| Stepping randomly (stuck).
  9910 | D:7      | 9910 ||| Stepping randomly (stuck).
  9911 | D:7      | 9911 ||| Stepping randomly (stuck).
  9912 | D:7      | 9912 ||| Stepping randomly (stuck).
  9913 | D:7      | 9913 ||| Stepping randomly (stuck).
  9914 | D:7      | 9914 ||| Stepping randomly (stuck).
  9915 | D:7      | 9915 ||| Stepping randomly (stuck).
  9916 | D:7      | 9916 ||| Stepping randomly (stuck).
  9917 | D:7      | 9917 ||| Stepping randomly (stuck).
  9918 | D:7      | 9918 ||| Stepping randomly (stuck).
  9919 | D:7      | 9919 ||| Stepping randomly (stuck).
  9920 | D:7      | 9920 ||| Stepping randomly (stuck).
  9921 | D:7      | 9921 ||| Stepping randomly (stuck).
  9922 | D:7      | 9922 ||| Stepping randomly (stuck).
  9923 | D:7      | 9923 ||| Stepping randomly (stuck).
  9924 | D:7      | 9924 ||| Stepping randomly (stuck).
  9925 | D:7      | 9925 ||| Stepping randomly (stuck).
  9926 | D:7      | 9926 ||| Stepping randomly (stuck).
  9927 | D:7      | 9927 ||| Stepping randomly (stuck).
  9928 | D:7      | 9928 ||| Stepping randomly (stuck).
  9929 | D:7      | 9929 ||| Stepping randomly (stuck).
  9930 | D:7      | 9930 ||| Stepping randomly (stuck).
  9931 | D:7      | 9931 ||| Stepping randomly (stuck).
  9932 | D:7      | 9932 ||| Stepping randomly (stuck).
  9933 | D:7      | 9933 ||| Stepping randomly (stuck).
  9934 | D:7      | 9934 ||| Stepping randomly (stuck).
  9935 | D:7      | 9935 ||| Stepping randomly (stuck).
  9936 | D:7      | 9936 ||| Stepping randomly (stuck).
  9937 | D:7      | 9937 ||| Stepping randomly (stuck).
  9938 | D:7      | 9938 ||| Stepping randomly (stuck).
  9939 | D:7      | 9939 ||| Stepping randomly (stuck).
  9940 | D:7      | 9940 ||| Stepping randomly (stuck).
  9941 | D:7      | 9941 ||| Stepping randomly (stuck).
  9942 | D:7      | 9942 ||| Stepping randomly (stuck).
  9943 | D:7      | 9943 ||| Stepping randomly (stuck).
  9944 | D:7      | 9944 ||| Stepping randomly (stuck).
  9945 | D:7      | 9945 ||| Stepping randomly (stuck).
  9946 | D:7      | 9946 ||| Stepping randomly (stuck).
  9947 | D:7      | 9947 ||| Stepping randomly (stuck).
  9948 | D:7      | 9948 ||| Stepping randomly (stuck).
  9949 | D:7      | 9949 ||| Stepping randomly (stuck).
  9950 | D:7      | 9950 ||| Stepping randomly (stuck).
  9951 | D:7      | 9951 ||| Stepping randomly (stuck).
  9952 | D:7      | 9952 ||| Stepping randomly (stuck).
  9953 | D:7      | 9953 ||| Stepping randomly (stuck).
  9954 | D:7      | 9954 ||| Stepping randomly (stuck).
  9955 | D:7      | 9955 ||| Stepping randomly (stuck).
  9956 | D:7      | 9956 ||| Stepping randomly (stuck).
  9957 | D:7      | 9957 ||| Stepping randomly (stuck).
  9958 | D:7      | 9958 ||| Stepping randomly (stuck).
  9959 | D:7      | 9959 ||| Stepping randomly (stuck).
  9960 | D:7      | 9960 ||| Stepping randomly (stuck).
  9961 | D:7      | 9961 ||| Stepping randomly (stuck).
  9962 | D:7      | 9962 ||| Stepping randomly (stuck).
  9963 | D:7      | 9963 ||| Stepping randomly (stuck).
  9964 | D:7      | 9964 ||| Stepping randomly (stuck).
  9965 | D:7      | 9965 ||| Stepping randomly (stuck).
  9966 | D:7      | 9966 ||| Stepping randomly (stuck).
  9967 | D:7      | 9967 ||| Stepping randomly (stuck).
  9968 | D:7      | 9968 ||| Stepping randomly (stuck).
  9969 | D:7      | 9969 ||| Stepping randomly (stuck).
  9970 | D:7      | 9970 ||| Stepping randomly (stuck).
  9971 | D:7      | 9971 ||| Stepping randomly (stuck).
  9972 | D:7      | 9972 ||| Stepping randomly (stuck).
  9973 | D:7      | 9973 ||| Stepping randomly (stuck).
  9974 | D:7      | 9974 ||| Stepping randomly (stuck).
  9975 | D:7      | 9975 ||| Stepping randomly (stuck).
  9976 | D:7      | 9976 ||| Stepping randomly (stuck).
  9977 | D:7      | 9977 ||| Stepping randomly (stuck).
  9978 | D:7      | 9978 ||| Stepping randomly (stuck).
  9979 | D:7      | 9979 ||| Stepping randomly (stuck).
  9980 | D:7      | 9980 ||| Stepping randomly (stuck).
  9981 | D:7      | 9981 ||| Stepping randomly (stuck).
  9982 | D:7      | 9982 ||| Stepping randomly (stuck).
  9983 | D:7      | 9983 ||| Stepping randomly (stuck).
  9984 | D:7      | 9984 ||| Stepping randomly (stuck).
  9985 | D:7      | 9985 ||| Stepping randomly (stuck).
  9986 | D:7      | 9986 ||| Stepping randomly (stuck).
  9987 | D:7      | 9987 ||| Stepping randomly (stuck).
  9988 | D:7      | 9988 ||| Stepping randomly (stuck).
  9989 | D:7      | 9989 ||| Stepping randomly (stuck).
  9990 | D:7      | 9990 ||| Stepping randomly (stuck).
  9991 | D:7      | 9991 ||| Stepping randomly (stuck).
  9992 | D:7      | 9992 ||| Stepping randomly (stuck).
  9993 | D:7      | 9993 ||| Stepping randomly (stuck).
  9994 | D:7      | 9994 ||| Stepping randomly (stuck).
  9995 | D:7      | 9995 ||| Stepping randomly (stuck).
  9996 | D:7      | 9996 ||| Stepping randomly (stuck).
  9997 | D:7      | 9997 ||| Stepping randomly (stuck).
  9998 | D:7      | 9998 ||| Stepping randomly (stuck).
  9999 | D:7      | 9999 ||| Stepping randomly (stuck).
 10000 | D:7      | 10000 ||| Stepping randomly (stuck).
 10001 | D:7      | 10001 ||| Stepping randomly (stuck).
 10002 | D:7      | 10002 ||| Stepping randomly (stuck).
 10003 | D:7      | 10003 ||| Stepping randomly (stuck).
 10004 | D:7      | 10004 ||| Stepping randomly (stuck).
 10005 | D:7      | 10005 ||| Stepping randomly (stuck).
 10006 | D:7      | 10006 ||| Stepping randomly (stuck).
 10007 | D:7      | 10007 ||| Stepping randomly (stuck).
 10008 | D:7      | 10008 ||| Stepping randomly (stuck).
 10009 | D:7      | 10009 ||| Stepping randomly (stuck).
 10010 | D:7      | 10010 ||| Stepping randomly (stuck).
 10011 | D:7      | 10011 ||| Stepping randomly (stuck).
 10012 | D:7      | 10012 ||| Stepping randomly (stuck).
 10013 | D:7      | 10013 ||| Stepping randomly (stuck).
 10014 | D:7      | 10014 ||| Stepping randomly (stuck).
 10015 | D:7      | 10015 ||| Stepping randomly (stuck).
 10016 | D:7      | 10016 ||| Stepping randomly (stuck).
 10017 | D:7      | 10017 ||| Stepping randomly (stuck).
 10018 | D:7      | 10018 ||| Stepping randomly (stuck).
 10019 | D:7      | 10019 ||| Stepping randomly (stuck).
 10020 | D:7      | 10020 ||| Stepping randomly (stuck).
 10021 | D:7      | 10021 ||| Stepping randomly (stuck).
 10022 | D:7      | 10022 ||| Stepping randomly (stuck).
 10023 | D:7      | 10023 ||| Stepping randomly (stuck).
 10024 | D:7      | 10024 ||| Stepping randomly (stuck).
 10025 | D:7      | 10025 ||| Stepping randomly (stuck).
 10026 | D:7      | 10026 ||| Stepping randomly (stuck).
 10027 | D:7      | 10027 ||| Stepping randomly (stuck).
 10028 | D:7      | 10028 ||| Stepping randomly (stuck).
 10029 | D:7      | 10029 ||| Stepping randomly (stuck).
 10030 | D:7      | 10030 ||| Stepping randomly (stuck).
 10031 | D:7      | 10031 ||| Stepping randomly (stuck).
 10032 | D:7      | 10032 ||| Stepping randomly (stuck).
 10033 | D:7      | 10033 ||| Stepping randomly (stuck).
 10034 | D:7      | 10034 ||| Stepping randomly (stuck).
 10035 | D:7      | 10035 ||| Stepping randomly (stuck).
 10036 | D:7      | 10036 ||| Stepping randomly (stuck).
 10037 | D:7      | 10037 ||| Stepping randomly (stuck).
 10038 | D:7      | 10038 ||| Stepping randomly (stuck).
 10039 | D:7      | 10039 ||| Stepping randomly (stuck).
 10040 | D:7      | 10040 ||| Stepping randomly (stuck).
 10041 | D:7      | 10041 ||| Stepping randomly (stuck).
 10042 | D:7      | 10042 ||| Stepping randomly (stuck).
 10043 | D:7      | 10043 ||| Stepping randomly (stuck).
 10044 | D:7      | 10044 ||| Stepping randomly (stuck).
 10045 | D:7      | 10045 ||| Stepping randomly (stuck).
 10046 | D:7      | 10046 ||| Stepping randomly (stuck).
 10047 | D:7      | 10047 ||| Stepping randomly (stuck).
 10048 | D:7      | 10048 ||| Stepping randomly (stuck).
 10049 | D:7      | 10049 ||| Stepping randomly (stuck).
 10050 | D:7      | 10050 ||| Stepping randomly (stuck).
 10051 | D:7      | 10051 ||| Stepping randomly (stuck).
 10052 | D:7      | 10052 ||| Stepping randomly (stuck).
 10053 | D:7      | 10053 ||| Stepping randomly (stuck).
 10054 | D:7      | 10054 ||| Stepping randomly (stuck).
 10055 | D:7      | 10055 ||| Stepping randomly (stuck).
 10056 | D:7      | 10056 ||| Stepping randomly (stuck).
 10057 | D:7      | 10057 ||| Stepping randomly (stuck).
 10058 | D:7      | 10058 ||| Stepping randomly (stuck).
 10059 | D:7      | 10059 ||| Stepping randomly (stuck).
 10060 | D:7      | 10060 ||| Stepping randomly (stuck).
 10061 | D:7      | 10061 ||| Stepping randomly (stuck).
 10062 | D:7      | 10062 ||| Stepping randomly (stuck).
 10063 | D:7      | 10063 ||| Stepping randomly (stuck).
 10064 | D:7      | 10064 ||| Stepping randomly (stuck).
 10065 | D:7      | 10065 ||| Stepping randomly (stuck).
 10066 | D:7      | 10066 ||| Stepping randomly (stuck).
 10067 | D:7      | 10067 ||| Stepping randomly (stuck).
 10068 | D:7      | 10068 ||| Stepping randomly (stuck).
 10069 | D:7      | 10069 ||| Stepping randomly (stuck).
 10070 | D:7      | 10070 ||| Stepping randomly (stuck).
 10071 | D:7      | 10071 ||| Stepping randomly (stuck).
 10072 | D:7      | 10072 ||| Stepping randomly (stuck).
 10073 | D:7      | 10073 ||| Stepping randomly (stuck).
 10074 | D:7      | 10074 ||| Stepping randomly (stuck).
 10075 | D:7      | 10075 ||| Stepping randomly (stuck).
 10076 | D:7      | 10076 ||| Stepping randomly (stuck).
 10077 | D:7      | 10077 ||| Stepping randomly (stuck).
 10078 | D:7      | 10078 ||| Stepping randomly (stuck).
 10079 | D:7      | 10079 ||| Stepping randomly (stuck).
 10080 | D:7      | 10080 ||| Stepping randomly (stuck).
 10081 | D:7      | 10081 ||| Stepping randomly (stuck).
 10082 | D:7      | 10082 ||| Stepping randomly (stuck).
 10083 | D:7      | 10083 ||| Stepping randomly (stuck).
 10084 | D:7      | 10084 ||| Stepping randomly (stuck).
 10085 | D:7      | 10085 ||| Stepping randomly (stuck).
 10086 | D:7      | 10086 ||| Stepping randomly (stuck).
 10087 | D:7      | 10087 ||| Stepping randomly (stuck).
 10088 | D:7      | 10088 ||| Stepping randomly (stuck).
 10089 | D:7      | 10089 ||| Stepping randomly (stuck).
 10090 | D:7      | 10090 ||| Stepping randomly (stuck).
 10091 | D:7      | 10091 ||| Stepping randomly (stuck).
 10092 | D:7      | 10092 ||| Stepping randomly (stuck).
 10093 | D:7      | 10093 ||| Stepping randomly (stuck).
 10094 | D:7      | 10094 ||| Stepping randomly (stuck).
 10095 | D:7      | 10095 ||| Stepping randomly (stuck).
 10096 | D:7      | 10096 ||| Stepping randomly (stuck).
 10097 | D:7      | 10097 ||| Stepping randomly (stuck).
 10098 | D:7      | 10098 ||| Stepping randomly (stuck).
 10099 | D:7      | 10099 ||| Stepping randomly (stuck).
 10100 | D:7      | 10100 ||| Stepping randomly (stuck).
 10101 | D:7      | 10101 ||| Stepping randomly (stuck).
 10102 | D:7      | 10102 ||| Stepping randomly (stuck).
 10103 | D:7      | 10103 ||| Stepping randomly (stuck).
 10104 | D:7      | 10104 ||| Stepping randomly (stuck).
 10105 | D:7      | 10105 ||| Stepping randomly (stuck).
 10106 | D:7      | 10106 ||| Stepping randomly (stuck).
 10107 | D:7      | 10107 ||| Stepping randomly (stuck).
 10108 | D:7      | 10108 ||| Stepping randomly (stuck).
 10109 | D:7      | 10109 ||| Stepping randomly (stuck).
 10110 | D:7      | 10110 ||| Stepping randomly (stuck).
 10111 | D:7      | 10111 ||| Stepping randomly (stuck).
 10112 | D:7      | 10112 ||| Stepping randomly (stuck).
 10113 | D:7      | 10113 ||| Stepping randomly (stuck).
 10114 | D:7      | 10114 ||| Stepping randomly (stuck).
 10115 | D:7      | 10115 ||| Stepping randomly (stuck).
 10116 | D:7      | 10116 ||| Stepping randomly (stuck).
 10117 | D:7      | 10117 ||| Stepping randomly (stuck).
 10118 | D:7      | 10118 ||| Stepping randomly (stuck).
 10119 | D:7      | 10119 ||| Stepping randomly (stuck).
 10120 | D:7      | 10120 ||| Stepping randomly (stuck).
 10121 | D:7      | 10121 ||| Stepping randomly (stuck).
 10122 | D:7      | 10122 ||| Stepping randomly (stuck).
 10123 | D:7      | 10123 ||| Stepping randomly (stuck).
 10124 | D:7      | 10124 ||| Stepping randomly (stuck).
 10125 | D:7      | 10125 ||| Stepping randomly (stuck).
 10126 | D:7      | 10126 ||| Stepping randomly (stuck).
 10127 | D:7      | 10127 ||| Stepping randomly (stuck).
 10128 | D:7      | 10128 ||| Stepping randomly (stuck).
 10129 | D:7      | 10129 ||| Stepping randomly (stuck).
 10130 | D:7      | 10130 ||| Stepping randomly (stuck).
 10131 | D:7      | 10131 ||| Stepping randomly (stuck).
 10132 | D:7      | 10132 ||| Stepping randomly (stuck).
 10133 | D:7      | 10133 ||| Stepping randomly (stuck).
 10134 | D:7      | 10134 ||| Stepping randomly (stuck).
 10135 | D:7      | 10135 ||| Stepping randomly (stuck).
 10136 | D:7      | 10136 ||| Stepping randomly (stuck).
 10137 | D:7      | 10137 ||| Stepping randomly (stuck).
 10138 | D:7      | 10138 ||| Stepping randomly (stuck).
 10139 | D:7      | 10139 ||| Stepping randomly (stuck).
 10140 | D:7      | 10140 ||| Stepping randomly (stuck).
 10141 | D:7      | 10141 ||| Stepping randomly (stuck).
 10142 | D:7      | 10142 ||| Stepping randomly (stuck).
 10143 | D:7      | 10143 ||| Stepping randomly (stuck).
 10144 | D:7      | 10144 ||| Stepping randomly (stuck).
 10145 | D:7      | 10145 ||| Stepping randomly (stuck).
 10146 | D:7      | 10146 ||| Stepping randomly (stuck).
 10147 | D:7      | 10147 ||| Stepping randomly (stuck).
 10148 | D:7      | 10148 ||| Stepping randomly (stuck).
 10149 | D:7      | 10149 ||| Stepping randomly (stuck).
 10150 | D:7      | 10150 ||| Stepping randomly (stuck).
 10151 | D:7      | 10151 ||| Stepping randomly (stuck).
 10152 | D:7      | 10152 ||| Stepping randomly (stuck).
 10153 | D:7      | 10153 ||| Stepping randomly (stuck).
 10154 | D:7      | 10154 ||| Stepping randomly (stuck).
 10155 | D:7      | 10155 ||| Stepping randomly (stuck).
 10156 | D:7      | 10156 ||| Stepping randomly (stuck).
 10157 | D:7      | 10157 ||| Stepping randomly (stuck).
 10158 | D:7      | 10158 ||| Stepping randomly (stuck).
 10159 | D:7      | 10159 ||| Stepping randomly (stuck).
 10160 | D:7      | 10160 ||| Stepping randomly (stuck).
 10161 | D:7      | 10161 ||| Stepping randomly (stuck).
 10162 | D:7      | 10162 ||| Stepping randomly (stuck).
 10163 | D:7      | 10163 ||| Stepping randomly (stuck).
 10164 | D:7      | 10164 ||| Stepping randomly (stuck).
 10165 | D:7      | 10165 ||| Stepping randomly (stuck).
 10166 | D:7      | 10166 ||| Stepping randomly (stuck).
 10167 | D:7      | 10167 ||| Stepping randomly (stuck).
 10168 | D:7      | 10168 ||| Stepping randomly (stuck).
 10169 | D:7      | 10169 ||| Stepping randomly (stuck).
 10170 | D:7      | 10170 ||| Stepping randomly (stuck).
 10171 | D:7      | 10171 ||| Stepping randomly (stuck).
 10172 | D:7      | 10172 ||| Stepping randomly (stuck).
 10173 | D:7      | 10173 ||| Stepping randomly (stuck).
 10174 | D:7      | 10174 ||| Stepping randomly (stuck).
 10175 | D:7      | 10175 ||| Stepping randomly (stuck).
 10176 | D:7      | 10176 ||| Stepping randomly (stuck).
 10177 | D:7      | 10177 ||| Stepping randomly (stuck).
 10178 | D:7      | 10178 ||| Stepping randomly (stuck).
 10179 | D:7      | 10179 ||| Stepping randomly (stuck).
 10180 | D:7      | 10180 ||| Stepping randomly (stuck).
 10181 | D:7      | 10181 ||| Stepping randomly (stuck).
 10182 | D:7      | 10182 ||| Stepping randomly (stuck).
 10183 | D:7      | 10183 ||| Stepping randomly (stuck).
 10184 | D:7      | 10184 ||| Stepping randomly (stuck).
 10185 | D:7      | 10185 ||| Stepping randomly (stuck).
 10186 | D:7      | 10186 ||| Stepping randomly (stuck).
 10187 | D:7      | 10187 ||| Stepping randomly (stuck).
 10188 | D:7      | 10188 ||| Stepping randomly (stuck).
 10189 | D:7      | 10189 ||| Stepping randomly (stuck).
 10190 | D:7      | 10190 ||| Stepping randomly (stuck).
 10191 | D:7      | 10191 ||| Stepping randomly (stuck).
 10192 | D:7      | 10192 ||| Stepping randomly (stuck).
 10193 | D:7      | 10193 ||| Stepping randomly (stuck).
 10194 | D:7      | 10194 ||| Stepping randomly (stuck).
 10195 | D:7      | 10195 ||| Stepping randomly (stuck).
 10196 | D:7      | 10196 ||| Stepping randomly (stuck).
 10197 | D:7      | 10197 ||| Stepping randomly (stuck).
 10198 | D:7      | 10198 ||| Stepping randomly (stuck).
 10199 | D:7      | 10199 ||| Stepping randomly (stuck).
 10200 | D:7      | 10200 ||| Stepping randomly (stuck).
 10201 | D:7      | 10201 ||| Stepping randomly (stuck).
 10202 | D:7      | 10202 ||| Stepping randomly (stuck).
 10203 | D:7      | 10203 ||| Stepping randomly (stuck).
 10204 | D:7      | 10204 ||| Stepping randomly (stuck).
 10205 | D:7      | 10205 ||| Stepping randomly (stuck).
 10206 | D:7      | 10206 ||| Stepping randomly (stuck).
 10207 | D:7      | 10207 ||| Stepping randomly (stuck).
 10208 | D:7      | 10208 ||| Stepping randomly (stuck).
 10209 | D:7      | 10209 ||| Stepping randomly (stuck).
 10210 | D:7      | 10210 ||| Stepping randomly (stuck).
 10211 | D:7      | 10211 ||| Stepping randomly (stuck).
 10212 | D:7      | 10212 ||| Stepping randomly (stuck).
 10213 | D:7      | 10213 ||| Stepping randomly (stuck).
 10214 | D:7      | 10214 ||| Stepping randomly (stuck).
 10215 | D:7      | 10215 ||| Stepping randomly (stuck).
 10216 | D:7      | 10216 ||| Stepping randomly (stuck).
 10217 | D:7      | 10217 ||| Stepping randomly (stuck).
 10218 | D:7      | 10218 ||| Stepping randomly (stuck).
 10219 | D:7      | 10219 ||| Stepping randomly (stuck).
 10220 | D:7      | 10220 ||| Stepping randomly (stuck).
 10221 | D:7      | 10221 ||| Stepping randomly (stuck).
 10222 | D:7      | 10222 ||| Stepping randomly (stuck).
 10223 | D:7      | 10223 ||| Stepping randomly (stuck).
 10224 | D:7      | 10224 ||| Stepping randomly (stuck).
 10225 | D:7      | 10225 ||| Stepping randomly (stuck).
 10226 | D:7      | 10226 ||| Stepping randomly (stuck).
 10227 | D:7      | 10227 ||| Stepping randomly (stuck).
 10228 | D:7      | 10228 ||| Stepping randomly (stuck).
 10229 | D:7      | 10229 ||| Stepping randomly (stuck).
 10230 | D:7      | 10230 ||| Stepping randomly (stuck).
 10231 | D:7      | 10231 ||| Stepping randomly (stuck).
 10232 | D:7      | 10232 ||| Stepping randomly (stuck).
 10233 | D:7      | 10233 ||| Stepping randomly (stuck).
 10234 | D:7      | 10234 ||| Stepping randomly (stuck).
 10235 | D:7      | 10235 ||| Stepping randomly (stuck).
 10236 | D:7      | 10236 ||| Stepping randomly (stuck).
 10237 | D:7      | 10237 ||| Stepping randomly (stuck).
 10238 | D:7      | 10238 ||| Stepping randomly (stuck).
 10239 | D:7      | 10239 ||| Stepping randomly (stuck).
 10240 | D:7      | 10240 ||| Stepping randomly (stuck).
 10241 | D:7      | 10241 ||| Stepping randomly (stuck).
 10242 | D:7      | 10242 ||| Stepping randomly (stuck).
 10243 | D:7      | 10243 ||| Stepping randomly (stuck).
 10244 | D:7      | 10244 ||| Stepping randomly (stuck).
 10245 | D:7      | 10245 ||| Stepping randomly (stuck).
 10246 | D:7      | 10246 ||| Stepping randomly (stuck).
 10247 | D:7      | 10247 ||| Stepping randomly (stuck).
 10248 | D:7      | 10248 ||| Stepping randomly (stuck).
 10249 | D:7      | 10249 ||| Stepping randomly (stuck).
 10250 | D:7      | 10250 ||| Stepping randomly (stuck).
 10251 | D:7      | 10251 ||| Stepping randomly (stuck).
 10252 | D:7      | 10252 ||| Stepping randomly (stuck).
 10253 | D:7      | 10253 ||| Stepping randomly (stuck).
 10254 | D:7      | 10254 ||| Stepping randomly (stuck).
 10255 | D:7      | 10255 ||| Stepping randomly (stuck).
 10256 | D:7      | 10256 ||| Stepping randomly (stuck).
 10257 | D:7      | 10257 ||| Stepping randomly (stuck).
 10258 | D:7      | 10258 ||| Stepping randomly (stuck).
 10259 | D:7      | 10259 ||| Stepping randomly (stuck).
 10260 | D:7      | 10260 ||| Stepping randomly (stuck).
 10261 | D:7      | 10261 ||| Stepping randomly (stuck).
 10262 | D:7      | 10262 ||| Stepping randomly (stuck).
 10263 | D:7      | 10263 ||| Stepping randomly (stuck).
 10264 | D:7      | 10264 ||| Stepping randomly (stuck).
 10265 | D:7      | 10265 ||| Stepping randomly (stuck).
 10266 | D:7      | 10266 ||| Stepping randomly (stuck).
 10267 | D:7      | 10267 ||| Stepping randomly (stuck).
 10268 | D:7      | 10268 ||| Stepping randomly (stuck).
 10269 | D:7      | 10269 ||| Stepping randomly (stuck).
 10270 | D:7      | 10270 ||| Stepping randomly (stuck).
 10271 | D:7      | 10271 ||| Stepping randomly (stuck).
 10272 | D:7      | 10272 ||| Stepping randomly (stuck).
 10273 | D:7      | 10273 ||| Stepping randomly (stuck).
 10274 | D:7      | 10274 ||| Stepping randomly (stuck).
 10275 | D:7      | 10275 ||| Stepping randomly (stuck).
 10291 | Temple   | Entered the Ecumenical Temple
 10359 | Temple   | 10359 ||| PLANNING OKAWARU WORSHIP
 10588 | Temple   | Became a worshipper of Warmaster Okawaru
 10589 | Temple   | 10589 ||| PLANNING D:1-11
 10825 | D:8      | Reached skill level 10 in Axes
 10834 | D:8      | 10834 ||| Stepping ~*~*~tactically~*~*~ (stealth).
 10926 | D:8      | 10926 ||| FLEEEEING.
 10931 | D:8      | 10931 ||| FLEEEEING.
 10932 | D:8      | 10932 ||| FLEEEEING.
 10933 | D:8      | 10933 ||| FLEEEEING.
 10934 | D:8      | 10934 ||| FLEEEEING.
 10935 | D:8      | 10935 ||| FLEEEEING.
 10936 | D:8      | 10936 ||| Stepping ~*~*~tactically~*~*~ (hiding).
 11034 | D:8      | Found Edischubu's Armour Emporium.
 11038 | D:8      | 11038 ||| BUYING +1 cloak (138 gold).
 11038 | D:8      | Bought a +1 cloak for 138 gold pieces
 11038 | D:8      | 11038 ||| BUYING +2 buckler (198 gold).
 11038 | D:8      | Bought a +2 buckler for 198 gold pieces
 11078 | D:8      | Found a shadowy altar of Dithmenos.
 11083 | D:8      | 11083 ||| Stepping ~*~*~tactically~*~*~ (hiding).
 11085 | D:8      | 11085 ||| Stepping ~*~*~tactically~*~*~ (hiding).
 11090 | D:8      | Reached XP level 10. HP: 64/64 MP: 10/10
 11090 | D:8      | 11090 ||| Stepping ~*~*~tactically~*~*~ (cloud).
 11291 | D:8      | Noticed Erica
 11292 | D:8      | 11292 ||| Stepping ~*~*~tactically~*~*~ (stealth).
 11293 | D:8      | 11293 ||| Stepping ~*~*~tactically~*~*~ (stealth).
 11294 | D:8      | 11294 ||| Stepping ~*~*~tactically~*~*~ (stealth).
 11300 | D:8      | 11300 ||| Stepping ~*~*~tactically~*~*~ (stealth).
 11302 | D:8      | 11302 ||| Stepping ~*~*~tactically~*~*~ (hiding).
 11308 | D:8      | HP: 14/64 [rock wall collision (3)]
 11309 | D:8      | 11309 ||| DRINKING potion of heal wounds.
 11310 | D:8      | Killed Erica
 11310 | D:8      | Reached * piety under Okawaru
 11311 | D:8      | Reached skill level 9 in Fighting
 11415 | D:8      | Identified the +0 robe "Leschiz" {rF- Str+5 Int-2}
 11585 | D:8      | 11585 ||| Stepping ~*~*~tactically~*~*~ (stealth).
 11588 | D:8      | Noticed Pikel
 11598 | D:8      | Killed Pikel
 11766 | D:8      | 11766 ||| UPGRADING to +1 cloak.
 11771 | D:8      | 11771 ||| UPGRADING to +2 buckler.
 11781 | D:8      | 11781 ||| DROPPING +0 buckler.
 11782 | D:8      | 11782 ||| DRINKING 2 fuming pink potions.
 11783 | D:8      | 11783 ||| DRINKING 2 brown potions.
 11842 | D:9      | Noticed Harold
 11843 | D:9      | 11843 ||| Stepping ~*~*~tactically~*~*~ (hiding).
 11844 | D:9      | 11844 ||| Stepping ~*~*~tactically~*~*~ (hiding).
 11848 | D:9      | 11848 ||| INVOKING Heroism.
 11858 | D:9      | Killed Harold
 11859 | D:9      | Reached skill level 3 in Invocations
 11877 | D:9      | 11877 ||| INVOKING Heroism.
 11977 | D:9      | 11977 ||| DROPPING +0 flail.
 12051 | D:9      | 12051 ||| Stepping ~*~*~tactically~*~*~ (stealth).
 12060 | D:9      | Reached ** piety under Okawaru
 12197 | D:9      | Reached skill level 11 in Axes
 12204 | D:9      | Noticed Erolcha
 12205 | D:9      | 12205 ||| INVOKING Heroism.
 12214 | Abyss:1  | Cast into level 1 of the Abyss (Erolcha)
 12276 | Abyss:1  | 12276 ||| INVOKING Heroism.
 12278 | Abyss:1  | Reached XP level 11. HP: 39/71 MP: 11/14
 12298 | Abyss:1  | 12298 ||| INVOKING Heroism.
 12323 | Abyss:1  | 12323 ||| INVOKING Heroism.
 12432 | Abyss:1  | 12432 ||| Stepping ~*~*~tactically~*~*~ (stealth).
 12468 | Abyss:1  | Noticed a death drake
 12469 | Abyss:1  | 12469 ||| Stepping ~*~*~tactically~*~*~ (stealth).
 12470 | Abyss:1  | 12470 ||| Stepping ~*~*~tactically~*~*~ (stealth).
 12488 | Abyss:1  | 12488 ||| Stepping ~*~*~tactically~*~*~ (stealth).
 12492 | Abyss:1  | Noticed a large abomination
 12492 | Abyss:1  | 12492 ||| Stepping ~*~*~tactically~*~*~ (stealth).
 12495 | Abyss:1  | 12495 ||| INVOKING Heroism.
 12495 | Abyss:1  | Noticed a green death
 12495 | Abyss:1  | HP: 12/71 [freezing wraith (7)]
 12495 | Abyss:1  | HP: 1/71 [freezing wraith (11)]
 12495 | Abyss:1  | Slain by a freezing wraith

Levels and vault maps discovered:
D:1:      reono_arrival_forest_river, layout_rooms, serial_shops, shop,
          nicolae_shop_hallway_plus
D:2:      layout_loops_cross, nicolae_ecumenical_pavilion
D:3:      layout_loops_cross, minmay_quantized, uniq_grinder, uniq_jessica
D:4:      layout_layer_cave, nicolae_uskayaw_dance_hall
D:5:      layout_basic, nzn_wu_jian_council_hall
D:6:      nicolae_cairo_tiling_large, layout_gridville
D:7:      layout_rooms, lemuel_tele_altar, minmay_temple_entry_gardened_gates,
          minmay_misc_feat_rows
D:8:      layout_loops_corners, nicolae_overflow_crystal_walls, serial_shops,
          shop, uniq_pikel, uniq_erica
D:9:      layout_loops_ring, mainiacjoe_overflow_concentric_impassable,
          kennysheep_little_box, serial_shops, nicolae_take_the_stairs,
          enter_bailey_3, hangedman_abyss_or_decor_clamps,
          hangedman_minor_magic, uniq_harold, uniq_erolcha
Temple:   minmay_temple_bridge_d
Abyss:1:  base:
D:4

Skill      XL: |  1  2  3  4  5  6  7  8  9 10 11 |
---------------+----------------------------------+-----
Axes           | 2 3 6 7 8 10 11 | 11.2
Fighting       | 4 5 6 7 9 |  9.0
Dodging        | 1 |  1.1
Throwing       | 1 |  1.3
Armour         | 4 6 7 8 |  8.1
Shields        | 4 5 |  5.0
Invocations    | 4 |  4.0

Action                     |  1- 3 |  4- 6 |  7- 9 | 10-12 || total
---------------------------+-------+-------+-------+-------++-------
  Melee: War axe           |   110 |   101 |   259 |    87 ||   557
  Throw: Boomerang         |    18 |    22 |   100 |    25 ||   165
 Invoke: Heroism           |       |       |       |     7 ||     7
    Use: Scroll            |     6 |     3 |     9 |       ||    18
         Potion            |       |       |     2 |     3 ||     5
 Armour: Scale mail        |    68 |    34 |       |       ||   102
         Chain mail        |       |    29 |    70 |       ||    99
         Plate armour      |       |       |   112 |    41 ||   153
  Dodge: Dodged            |    53 |    61 |    97 |    20 ||   231
  Block: Buckler           |    21 |    25 |    63 |    14 ||   123

Table legend:
 A = Non-vault XP
 B = Vault XP
 C = Vault XP percentage of total XP
 D = Non-vault monster count
 E = Vault monster count
 F = Vault count percentage of total count
                 A         B        C        D         E       F
            +---------+---------+-------+---------+---------+-------
      Total |    7504 |    2699 |  26.5 |     182 |       9 |   4.7
            +---------+---------+-------+---------+---------+-------
        D:1 |      34 |       0 |   0.0 |      20 |       0 |   0.0
        D:2 |      67 |       0 |   0.0 |      22 |       0 |   0.0
        D:3 |      83 |     338 |  80.3 |      11 |       6 |  35.3
        D:4 |     241 |       0 |   0.0 |      16 |       0 |   0.0
        D:5 |     834 |       0 |   0.0 |      27 |       0 |   0.0
        D:6 |    1451 |       0 |   0.0 |      24 |       0 |   0.0
        D:7 |    1295 |       0 |   0.0 |      33 |       0 |   0.0
        D:8 |     398 |    1509 |  79.1 |       9 |       2 |  18.2
        D:9 |    2020 |     852 |  29.7 |      16 |       1 |   5.9
    Abyss:1 |    1081 |       0 |   0.0 |       4 |       0 |   0.0
            +---------+---------+-------+---------+---------+-------
